Workbook

Sheet MD-info
A1: Nr. | B1: Company | C1: Activity | D1: NACE | F1: State owned part | H1: Address | I1: Web site/Email | J1: Number of employees | K1: Link Financial reports
A2: 1 | B2: S.A. Tutun-CTC | C2: Tabaco processor and cigarettes producer | D2: C | E2: 12 | F2: 90.81 | H2: str.Ismail 116, MD-2023 mun.Chişinău | I2: http://tutun-ctc.md/ | J2: 500-999 | K2: http://tutun-ctc.md/wp-content/uploads/2017/06/raport-financiar-2016.pdf
A3: 2 | B3: S.A. Combinatul de Panificatie din Chisinau Franzeluta | C3: The biggest producer of bakery products | D3: C | E3: 10 | F3: 52.51 | H3: str. Sarmizegetusa, 30, mun. Chisinau | I3: http://www.franzeluta.info/ | J3: 1000-4999 | K3: http://www.franzeluta.info/files/raport-anual-al-societatii-2016.pdf
A4: 3 | B4: S.A.Termoelectrica | C4: Provides heating and hot water in Chisinau | D4: E | E4: 36 | F4: 100 | H4: mun.Chişinău,str.Meşterul Manole,3 | I4: termoelectrica.md | J4: 500-999 | K4: https://www.termoelectrica.md/wp-content/uploads/2016/04/Raportul-anual-2016-TERMOELECTRICA-SA.pdf
A5: 4 | B5: S.A. Tracom | C5: Manufacturing of tractors | D5: C | E5: 29 | F5: 93.18 | H5: str. Columna 170, mun. Chisinau | I5: tracom.md | J5: 50-99 | K5: http://tracom.md/wp-content/uploads/2017/05/raport_financiar_2016.pdf
A6: 5 | B6: S.A. Moldetelecom | C6: Telecommunication and phone services | D6: J | E6: 61 | F6: 100 | H6: bd. Ştefan cel Mare şi Sfânt, 10, MD 2001, Chişinău, | I6: moldtelecom.md | J6: 1000-4999 | K6: http://www.moldtelecom.md/common/documents/Anexa%201.1_2016.pdf
A7: 6 | B7: I.S. Moldsuinhibrid | C7: Research center of selection and swine hybridization | D7: A | E7: 01 | F7: 100 | H7: str. Nistreana 50, or. Orhei | I7: moldsuinhibrid@yandex.ru | J7: 50-99 | K7: http://maia.gov.md/sites/default/files/article/rapoarte_note_informative/Fisiere/sf_2016.pdf
A8: 7 | B8: I.S. Mecagro | C8: Development of policies for agricultural sector, trade of agricultural equipment | D8: A | E8: 01 | F8: 100 | H8: str. Miron Costin 7, mun. Chisinau | I8: mecagro.md | J8: 190 | K8: http://maia.gov.md/sites/default/files/article/rapoarte_note_informative/Fisiere/raport-compressed.pdf
A9: 8 | B9: I.S. Centrul National de Verificare a Calitatii Productiei Alcoolice | C9: Center for Quality Control of Alcoholic Production | D9: M | E9: 71 | F9: 100 | H9: str. Grenoble 128, or. Codru, mun. Chisinau | I9: cnvcpa.md | J9: 50-99 | K9: http://cnvcpa.md/wp-content/uploads/2017/05/raport-financiar.pdf
A10: 9 | B10: I.S. Centrul Informational Agricol | C10: Training courses for farmers | D10: P | E10: 85 | F10: 100 | H10: bd. Cuza-Voda 5/1, mun. Chisinau | I10: cia.md | J10: 20-49 | K10: http://maia.gov.md/sites/default/files/article/rapoarte_note_informative/Fisiere/raport_cia.pdf
A11: 10 | B11: I.S. Calea Ferata | C11: Rail road company | D11: H | E11: 49 | F11: 100 | H11: str. Vlaicu Pircalab 48, mun. Chisinau | I11: railway.md | J11: 1000-4999 | K11: http://www.railway.md/content/ro/2-Company/31-Finance/2016/fin_2016.pdf?rand=170404020
A12: 11 | B12: I.S. Administratia de stat a drumurilor | C12: Maintenance of national roads | D12: F | E12: 42 | F12: 100 | H12: str. Bucuriei 12a, mun. Chisinau | I12: asd.md | J12: 50-99 | K12: http://www.asd.md/storage/topic/thumbs/files/Situatiile%20Financiare%20%20ANUL%20%20%202016.pdf
A13: 12 | B13: I.S. Moldatsa | C13: Provides services in maintenance of air traffic | D13: H | E13: 52 | F13: 100 | H13: bd. Dacia 80/4, mun. Chisinau | I13: moldatsa.md | J13: 250-499 | K13: http://moldatsa.md/upload/SITUA%C5%A2IILE%20FINANCIARE%20pentru%20anul%202016.pdf
A14: 13 | B14: I.S. Centrul Tehnic pentru Securitate Industriala si Certificare | C14: Certification and and testing of industrial materials | D14: M | E14: 71 | F14: 100 | H14: str. S. Lazo 48, mun. Chisinau | I14: http://www.ctsic.md/ | J14: 100-249 | K14: downloaded
A15: 14 | B15: I.S. Moldelectrica | C15: Maintenance of the electric national networks | D15: D | E15: 35 | F15: 100 | H15: str. V. Alecsandri 78, mun. Chisinau | I15: moldelectrica.md | J15: 1000-4999 | K15: http://www.moldelectrica.md/files/docs/situatia_financiara_2016.pdf
A16: 15 | B16: I.S. Fiscservinform | C16: The calculation and informative center that provides services for National tax inspectorate | D16: M | E16: 74 | F16: 100 | H16: str. Constantin Tanase 6, mun. Chisinau | I16: fiscservinform.md | J16: 100-249 | K16: downloaded
A17: 16 | B17: I.S. Vamservinform | C17: The calculation and informative center that provides services for Customs | D17: M | E17: 74 | F17: 100 | H17: str. Petricani 21/3, mun. Chisinau | I17: vsi.md | J17: 100-249 | K17: http://www.vsi.md/wp-content/uploads/2017/11/raport-audit-2016.pdf
A18: 17 | B18: I.S. Servicii Paza | C18: Security services | D18: N | E18: 80 | F18: 100 | H18: str. Motropolit Varlaam 79, mun. Chisinau | I18: serviciipaza.md | J18: 1000-4999 | K18: http://www.serviciipaza.md/sites/default/files/advance_page/situatia_financiara_2016.pdf
A19: 18 | B19: I.S. MoldData | C19: Domain Name Registrar .MD and provider of generic domain extensions | D19: J | E19: 63 | F19: 100 | H19: str. Armeneasca 37/1, mun. Chisinau | I19: molddata.md | J19: 50-99 | K19: https://molddata.md/files/files/Situatiile%20financiare%202016.pdf
A20: 19 | B20: I.S. Centrul de Telecomunicatii Speciale | C20: Electronic signature and data services | D20: J | E20: 63 | F20: 100 | H20: str. Piata Marii Adunari Nationale 1, mun. Chisinau | I20: cts.md | J20: 50-99 | K20: http://cts.md/sites/default/files/situatiile_financiare_cts_2016.pdf
A21: 20 | B21: I.S. Camera Inregistrarii de Stat | C21: Keeps the register and register companies | D21: N | E21: 82 | F21: 100 | H21: str. Stefan cel Mare 73, mun. Chisinau | I21: cis.gov.md | J21: 400-799 | K21: http://www.cis.gov.md/sites/default/files/Situatii%20Financiare%202016.pdf
A22: 21 | B22: S.A. Drumuri Cahul | C22: Construction and roads service | D22: F | E22: 42 | F22: 98.85 | H22: str. M. Viteazul 25, or. Cahul | I22: N/A | J22: 100-249 | K22: http://www.old.mtid.gov.md/sites/default/files/document/attachments/Situatiile%20Financiare%202016%20SA%20Drumuri%20Cahul.PDF
A23: 22 | B23: S.A. Metalferos | C23: The monopolist in collecting and exporting scrap metal | D23: E | E23: 38 | F23: 78.28 | H23: str. Feroviarilor 1/3, Vatra | I23: N/A | J23: 100-249 | K23: downloaded
A24: 23 | B24: S.A. Retelele Electrice de Distributie Nord Vest | C24: Electrical distribution in the north west part of the country | D24: D | E24: 35 | F24: 100 | H24: or. Donduseni | I24: N/A | J24: 500-999 | K24: downloaded
A25: 24 | B25: I.S. Posta Moldovei | C25: Post services | D25: H | E25: 53 | F25: 100 | H25: bd. Stefan cel Mare 134, mun. Chisinau | I25: posta.md | J25: 1000-4999 | K25: downloaded
A26: 25 | B26: S.A. Moldovagaz | C26: Import and distribution of natural gas (monopolist) | D26: D | E26: 35 | F26: 35.33 | H26: str. Albisoara 38, mun. Chisinau | I26: moldovagaz.md | J26: 100-249 | K26: downloaded
A27: 26 | B27: S.A. Energocom | C27: Procurement and deliveries of electrical energy | D27: D | E27: 35 | F27: 100 | H27: str. V. Alecsandri 78, mun. Chisinau | I27: vganea@mail.ru | J27: 10-19 | K27: downloaded
A28: 27 | B28: I.S. Garile si statiile auto | C28: Maintenance of national bus stations | D28: H | E28: 49 | F28: 100 | H28: str. M. Varlaam 58, mun. Chisinau | I28: N/A | J28: 100-249 | K28: http://www.old.mtid.gov.md/sites/default/files/document/attachments/Situatiile%20Financiare%202016%20Garile%20si%20Statiile%20Auto.pdf
A29: 28 | B29: I.S. Moldaeroservice | C29: Provider of aviation services | D29: H | E29: 51 | F29: 100 | H29: bd. Dacia 80/7, mun. Chisinau | I29: moldaero@gmail.com | J29: N/A | K29: http://www.old.mtid.gov.md/sites/default/files/document/attachments/Situatiile%20Financiare%202016%20Moldaeroservice.PDF
A30: 29 | B30: S.A. Gara de nord | C30: Management of bus stations for the north region of the country | D30: H | E30: 49 | F30: 85 | H30: str. M. Varlaam 58, mun. Chisinau | I30: garadenord@mail.ru | J30: 100-249 | K30: http://www.old.mtid.gov.md/sites/default/files/document/attachments/Situatiile%20Financiare%202016%20Gara%20Nord.pdf
A31: 30 | B31: I.S. Cadastru | C31: Keeps the register and register the property such as buildings, land, etc. | D31: M | E31: 71 | F31: 100 | H31: str. Puskin 47, mun. Chisinau | I31: cadastru.md | J31: 1000-3999 | K31: downloaded
A32: 31 | B32: I.S. Centrul de Stat pentru Atestarea si Omologarea Produselor de uz Fitosanitar si a Fertilizantilor | C32: Certification and Approval of Phytosanitary and Fertilizer Products | D32: M | E32: 71 | F32: 100 | H32: str. Sarmizegetusa, 16A, mun. Chisinau | I32: pesticide.md | J32: 20-49 | K32: downloaded
A33: 32 | B33: I.S. Air Moldova | C33: Airline company | D33: H | E33: 51 | F33: 100 | H33: bd. Dacia 80/2, mun. Chisinau | I33: airmoldova.md | J33: 500-999 | K33: downloaded
A34: 33 | B34: I.S. Directia Servicii pentru Corpul Diplomatic | C34: Provides services for Diplomacy corps of Ministry of External affairs | D34: N | E34: 82 | F34: 100 | H34: str. A. cel Bun 42, mun. Chisinau | I34: http://www.mfa.gov.md/diplomatic-corps-services-division-ro/ | J34: N/A | K34: downloaded
A35: 34 | B35: I.S. Fintehinform | C35: The calculation and informative center that provides services for Finance Ministry | D35: M | E35: 74 | F35: 100 | H35: str. Cosmonautilor 7, mun. Chisinau | I35: fintehinform.md | J35: 50-99 | K35: downloaded
A36: 35 | B36: I.S. Centrul de pregatire a specialistilor pentru Armata Nationala | C36: Training services for the workers in the National army | D36: O | E36: 84 | F36: 100 | H36: str. M. Dosoftei 124, mun. Chisinau | I36: cps.md | J36: 100-249 | K36: downloaded
A37: 36 | B37: I.S. Combinatul Polligrafic | C37: Polygraphy and printing services | D37: C | E37: 18 | F37: 100 | H37: str. P. Movila 35, mun. Chisinau | I37: poligrafic.md | J37: 100-249 | K37: downloaded
A38: 37 | B38: I.S. Centrul National pentru Frecvente Radio | C38: Provides radio frequencies for Radio companies | D38: J | E38: 61 | F38: 100 | H38: str. Drumul Viilor 28/2, mun. Chisinau | I38: cnfr.md | J38: N/A | K38: downloaded
A39: 38 | B39: I.S. Palatul Republicii | C39: Provides rent services for concerts and other events | D39: L | E39: 68 | F39: 100 | H39: str. Maria Cibotari 16, mun. Chisinau | I39: palatulrepublicii.md | J39: 50-99 | K39: downloaded
A40: 39 | B40: I.S. Complexul Casa Presei | C40: Rent services | D40: L | E40: 68 | F40: 100 | H40: str. Puskin 22, mun. Chisinau | I40: casapresei.md | J40: 20-49 | K40: downloaded
A41: 40 | B41: I.S. Centrul Republican pentru Ameliorarea si Reproductia Animalelor | C41: Animal breeding and reproduction | D41: A | E41: 01 | F41: N/A | H41: s. Maximovca, raionul Anenii Noi | I41: crara@bk.ru | J41: 50-99 | K41: http://maia.gov.md/sites/default/files/article/rapoarte_note_informative/Fisiere/file-compressed.pdf
A42: 41 | B42: I.S. Centrul pentru Standardizarea si Experimentarea Calitatii Productiei de Conserve | C42: Certification and inspection of food quality | D42: M | E42: 71 | F42: N/A | H42: str. Uzinelor 19, mun. Chisinau | I42: cons-cert@mail.ru | J42: 20-49 | K42: http://maia.gov.md/sites/default/files/article/rapoarte_note_informative/Fisiere/download_file_1-compressed.pdf
A43: 42 | B43: I.S. Statia de Stat pentru Incercarea Masinilor | C43: Translation and interpretation activities | D43: M | E43: 74 | F43: N/A | H43: str. V.Voda 100, mun. Chisinau | I43: eduardtap@gmail.com | J43: 10-19 | K43: http://maia.gov.md/sites/default/files/article/rapoarte_note_informative/Fisiere/rap.fin_2016_isssim.pdf
A44: 43 | B44: I.S. Indal Proiect | C44: Construction design and certification | D44: M | E44: 71 | F44: N/A | H44: bd. Cuza-Voda 5/1, mun. Chisinau | I44: - | J44: 20-49 | K44: http://maia.gov.md/sites/default/files/article/rapoarte_note_informative/indalproiect/indalproiect.pdf
A45: 44 | B45: I.S. SDE Criuleni | C45: Horticulture | D45: A | E45: 01 | F45: N/A | H45: sat. Slobozia Dusca, raionul Criuleni | I45: sdecriuleni@gmail.com | J45: N/A | K45: http://maia.gov.md/sites/default/files/article/rapoarte_note_informative/indalproiect/sdecriuleni.pdf
A46: 45 | B46: I.S. Centrul de elaborari economice si productie | C46: Testing and technical analysis, production certification services | D46: M | E46: 74 | F46: N/A | H46: str. Independentei 1, or. Biruinta | I46: iulia.dusca@gmail.com | J46: N/A | K46: http://maia.gov.md/sites/default/files/article/rapoarte_note_informative/Fisiere/download_file.pdf
A47: 46 | B47: I.S. Dumbrava Vest | C47: Agriculture | D47: A | E47: 01 | F47: N/A | H47: str. Uzinelor 209/1, mun. Chisinau | I47: dumbrava-vest@mail.ru | J47: 10-19 | K47: http://maia.gov.md/sites/default/files/article/rapoarte_note_informative/indalproiect/skanirovat10043.pdf
A48: 47 | B48: I.S. Viva Flora | C48: Agriculture | D48: A | E48: 01 | F48: N/A | H48: str. T. Vladimirescu 3, mun. Chisinau | I48: - | J48: 9 | K48: http://maia.gov.md/sites/default/files/article/rapoarte_note_informative/Fisiere/raport_vivaflora.pdf
A49: 48 | B49: I.S. Centrul de Metrologie Aplicata si Certificare | C49: Testing and technical analysis activities | D49: M | E49: 71 | F49: N/A | H49: str. Muncesti 162 a, mun. Chisinau | I49: cmac.md | J49: 100-249 | K49: http://cmac.md/wp-content/uploads/2018/02/Situatii-Financiare-2016.pdf
A50: 49 | B50: I.S. CRIA | C50: Education in the field of transport | D50: P | E50: 85 | F50: N/A | H50: str. Sf. Vineri 16, mun. Chisinau | I50: - | J50: 20-49 | K50: http://www.old.mtid.gov.md/sites/default/files/document/attachments/Situatiile%20Financiare%202016%20Combinatul%20Republican%20de%20Instruire%20Auto.PDF
A51: 50 | B51: S.A. Drumuri Ialoveni | C51: Road and motorway construction works | D51: F | E51: 43 | F51: N/A | H51: str. Chilia 2A or. Ialoveni | I51: drumuri.ialoveni@gmail.com | J51: 100-249 | K51: http://www.old.mtid.gov.md/sites/default/files/document/attachments/Situatiile%20Financiare%202016%20S.A.%20Drumuri%20Ialoveni.pdf

Sheet MD-data
E3: S.A. Tutun-CTC | G3: S.A Franzeluta | I3: S.A.Termoelectrica | K3: S.A. Tracom | M3: S.A. Moldetelecom | O3: I.S. Moldsuinhibrid | Q3: I.S. Mecagro | S3: I.S. CNVCPA | U3: I.S.Centrul Informational Agricol | W3: I.S. Calea Ferata | Y3: I.S. Administratia de stat a drumurilor | AA3: I.S. Moldatsa | AC3: I.S. CTSIC | AE3: I.S. Moldelectrica | AG3: I.S. Fiscservinform | AI3: I.S. Vamservinform | AK3: I.S. Servicii Paza | AM3: I.S. MoldData | AO3: I.S. C.Telecomunicatii Speciale | AQ3: I.S CIS | AS3: S.A. Drumuri Cahul | AU3: S.A Metalferos | AW3: S.A. Red Nord Vest | AY3: I.S. Posta Moldovei | BA3: S.A. Moldovagaz | BC3: S.A Energocom | BE3: I.S. Garile si statiile auto | BG3: I.S. Moldaeroservice | BI3: S.A. Gara de nord | BK3: I.S. Cadastru | BM3: CS Omologarea FITO | BO3: I.S. Air Moldova | BQ3: Dir. Corp Diplomatic | BS3: I.S Fintehinform | BU3: I.S. CP Armata Nationala | BW3: I.S. Combinatul Polligrafic | BY3: I.S. Frencvente Radio | CA3: I.S. Palatul Republicii | CC3: I.S Casa Presei | CE3: I.S. CRARA | CG3: I.S. CSECPC | CI3: I.S. SSPIM | CK3: I.S. Indal Proiect | CM3: I.S. SDE Criuleni | CO3: I.S. Centrul de elaborari economice si productie | CQ3: I.S. Dumbrava Vest | CS3: I.S. Viva Flora | CU3: I.S CMAC | CW3: I.S. CRIA | CY3: S.A. Drumuri Ialoveni
B4: Balance sheet | C4: Bilantul Contabil | E4: 2015 | F4: 2016 | G4: 2015 | H4: 2016 | I4: 2015 | J4: 2016 | K4: 2015 | L4: 2016 | M4: 2015 | N4: 2016 | O4: 2015 | P4: 2016 | Q4: 2015 | R4: 2016 | S4: 2015 | T4: 2016 | U4: 2015 | V4: 2016 | W4: 2015 | X4: 2016 | Y4: 2015 | Z4: 2016 | AA4: 2015 | AB4: 2016 | AC4: 2015 | AD4: 2016 | AE4: 2015 | AF4: 2016 | AG4: 2015 | AH4: 2016 | AI4: 2015 | AJ4: 2016 | AK4: 2015 | AL4: 2016 | AM4: 2015 | AN4: 2016 | AO4: 2015 | AP4: 2016 | AQ4: 2015 | AR4: 2016 | AS4: 2015 | AT4: 2016 | AU4: 2015 | AV4: 2016 | AW4: 2015 | AX4: 2016 | AY4: 2015 | AZ4: 2016 | BA4: 2015 | BB4: 2016 | BC4: 2015 | BD4: 2016 | BE4: 2015 | BF4: 2016 | BG4: 2015 | BH4: 2016 | BI4: 2015 | BJ4: 2016 | BK4: 2015 | BL4: 2016 | BM4: 2015 | BN4: 2016 | BO4: 2015 | BP4: 2016 | BQ4: 2015 | BR4: 2016 | BS4: 2015 | BT4: 2016 | BU4: 2015 | BV4: 2016 | BW4: 2015 | BX4: 2016 | BY4: 2015 | BZ4: 2016 | CA4: 2015 | CB4: 2016 | CC4: 2015 | CD4: 2016 | CE4: 2015 | CF4: 2016 | CG4: 2015 | CH4: 2016 | CI4: 2015 | CJ4: 2016 | CK4: 2015 | CL4: 2016 | CM4: 2015 | CN4: 2016 | CO4: 2015 | CP4: 2016 | CQ4: 2015 | CR4: 2016 | CS4: 2015 | CT4: 2016 | CU4: 2015 | CV4: 2016 | CW4: 2015 | CX4: 2016 | CY4: 2015 | CZ4: 2016
B6: Fixed Assets | C6: Active imobilizate
B7: Intangible assets | C7: Imobilizări necorporale | E7: 259368 | F7: 197140 | G7: 1968550 | H7: 1488647 | I7: 3294189 | J7: 2460648 | L7: 59390 | M7: 15554361 | N7: 24091828 | O7: 105684 | P7: 75605 | Q7: 14963 | R7: 41061 | S7: 62752 | T7: 1118522 | U7: 2314263 | V7: 2265769 | W7: 18635803 | X7: 18313790 | Y7: 165506 | Z7: 84130 | AA7: 436728 | AB7: 357922 | AC7: 213779 | AD7: 243456 | AE7: 32957316 | AF7: 28314515 | AG7: 791481 | AH7: 996108 | AI7: 2696707 | AJ7: 2680276 | AK7: 1168730 | AL7: 1951415 | AM7: 55488 | AN7: 47943 | AO7: 2100092 | AP7: 782231 | AQ7: 36399 | AR7: 60137 | AS7: 19958 | AT7: 15876 | AU7: 43877 | AV7: 34121 | AW7: 7025535 | AX7: 7320377 | AY7: 3366160 | AZ7: 6808595 | BA7: 12156502 | BB7: 17267755 | BC7: 12407 | BD7: 8246 | BE7: 437 | BF7: 10161 | BH7: 9611 | BI7: 98824 | BJ7: 71392 | BK7: 4220420 | BL7: 2422290 | BM7: 50750 | BN7: 36160 | BO7: 720950 | BP7: 1551140 | BQ7: 2000 | BR7: 4820 | BS7: 19790 | BT7: 50530 | BU7: 148600 | BV7: 131200 | BW7: 154240 | BX7: 121970 | BY7: 810710 | BZ7: 37770 | CC7: 3910 | CD7: 2030 | CF7: 5213 | CG7: 19078 | CH7: 49800 | CK7: 13958 | CL7: 19042 | CO7: 7482 | CP7: 7166 | CU7: 540657 | CV7: 576977 | CW7: 4830 | CX7: 3394 | CY7: 216585 | CZ7: 183646
B8: Tangible fixed assets under construction | C8: Imobilizări corporale în curs de execuție | E8: 1965432 | F8: 2726553 | I8: 137094060 | J8: 396878519 | K8: 15247380 | L8: 16922652 | M8: 1441953084 | N8: 1413899489 | Q8: 320025 | R8: 320025 | S8: 22250 | U8: 310326 | V8: 310326 | W8: 518733515 | X8: 525957133 | Y8: 2595175255 | Z8: 1549110887 | AA8: 13841089 | AC8: 11332616 | AD8: 11355570 | AE8: 27693903 | AF8: 19975587 | AG8: 1245849 | AH8: 780353 | AI8: 24708 | AJ8: 32708 | AK8: 540700 | AL8: 486564 | AO8: 7878156 | AP8: 2431351 | AQ8: 190567 | AR8: 1248822 | AS8: 9979 | AT8: 105569 | AU8: 1769046 | AV8: 10828195 | AW8: 27860336 | AX8: 7196402 | AY8: 1302108 | AZ8: 5256853 | BA8: 258075042 | BB8: 268009558 | BE8: 3443982 | BF8: 2860803 | BH8: 46159 | BI8: 35314176 | BJ8: 19306677 | BK8: 2672340 | BL8: 1458300 | BO8: 449930 | BP8: 449930 | BU8: 60540 | BV8: 46860 | BY8: 1614540 | BZ8: 10148160 | CG8: 78452 | CH8: 78452 | CU8: 1147470 | CV8: 1149645 | CY8: 59577 | CZ8: 30500
B9: Long term financial assets | C9: Active financiare pe termen lung | G9: 1626005 | H9: 1416569
B10: Land | C10: Terenuri | E10: 4343 | F10: 4343 | I10: 97250573 | J10: 97250570 | S10: 124019 | T10: 31404 | W10: 1902668 | X10: 795364877 | Y10: 4911379 | Z10: 9694073 | AC10: 58613 | AD10: 58613 | AE10: 250518 | AF10: 250518 | AI10: 11633891 | AJ10: 11633891 | AK10: 1070179 | AL10: 1070179 | AO10: 262989 | AP10: 262989 | AU10: 91665 | AV10: 7680509 | AY10: 13928246 | AZ10: 13937310 | BA10: 1727704 | BB10: 1727704 | BH10: 7972193 | BK10: 13274170 | BL10: 13278890 | BM10: 12500 | BN10: 12500 | BQ10: 39883520 | BR10: 4344780 | BU10: 5954560 | BV10: 5954560 | BY10: 9851600 | BZ10: 9851600 | CA10: 32500000 | CB10: 32500000 | CW10: 25479100 | CX10: 25479100
B11: Fixed Assets | C11: Mijloace fixe | E11: 126636193 | F11: 123018292 | G11: 296591768 | H11: 279138785 | I11: 2980019284 | J11: 2835668623 | K11: 15283834 | L11: 14861922 | O11: 9745864 | P11: 8335830 | Q11: 16652479 | R11: 15608405 | S11: 12579579 | T11: 19761167 | U11: 12661623 | V11: 11123228 | W11: 1549157903 | X11: 1449779975 | Y11: 5347748137 | Z11: 6593644462 | AA11: 130432355 | AB11: 123718008 | AC11: 3018885 | AD11: 5030544 | AE11: 1275233669 | AF11: 1194956801 | AG11: 8006608 | AH11: 8440006 | AI11: 34170410 | AJ11: 32809055 | AK11: 29836885 | AL11: 34516670 | AM11: 8696816 | AN11: 8134626 | AO11: 28821126 | AP11: 34608577 | AQ11: 7425195 | AR11: 7281912 | AS11: 25004174 | AT11: 26449161 | AU11: 34750826 | AV11: 36754762 | AW11: 331519207 | AX11: 339009798 | AY11: 73135221 | AZ11: 75164873 | BA11: 6801185 | BB11: 6209506 | BC11: 532671 | BD11: 446775 | BE11: 18197631 | BF11: 22000252 | BG11: 28614840 | BH11: 26234273 | BI11: 837491 | BJ11: 16351369 | BK11: 59980080 | BL11: 60281510 | BM11: 3215640 | BN11: 2935660 | BO11: 694856430 | BP11: 639217500 | BQ11: 5186370 | BR11: 253760 | BS11: 500660 | BT11: 460560 | BU11: 25709560 | BV11: 25456650 | BW11: 26106150 | BX11: 23450160 | BY11: 13510810 | BZ11: 9221750 | CA11: 121870100 | CB11: 120871170 | CC11: 725120 | CD11: 770050 | CE11: 4418866 | CF11: 4112936 | CG11: 798193 | CH11: 370027 | CI11: 796299 | CJ11: 759769 | CK11: 104772 | CL11: 106251 | CM11: 2004592 | CN11: 1291017 | CO11: 570828 | CP11: 541077 | CQ11: 331028 | CR11: 314241 | CS11: 257214 | CT11: 43629 | CU11: 28179735 | CV11: 32649144 | CW11: 3204263 | CX11: 3185140 | CY11: 32710295 | CZ11: 30505078
B12: Fixed biological assets | C12: Active biologice imobilizate | W12: 903375 | X12: 1599532 | CM12: 179662 | CN12: 162194 | CY12: 59249 | CZ12: 59249
B13: Long term financial investments in non-affiliates | C13: Investiții financiare pe termen lung în părți neafiliate | E13: 1272100 | F13: 1272100 | I13: 520000 | J13: 520000 | K13: 2485013 | L13: 2485013 | O13: 874470 | P13: 1188749 | Q13: 31390 | R13: 31390 | W13: 15411618 | X13: 15411617 | Y13: 188400 | Z13: 188400 | AW13: 217575 | AX13: 217575 | AY13: 23000 | AZ13: 23000 | BA13: 6073523 | BB13: 6073523 | BO13: 973540 | BP13: 1057150 | BU13: 12460 | BW13: 326400 | BX13: 326400 | BY13: 540 | BZ13: 540 | CU13: 15000 | CV13: 15000
B14: Long term financial investments in associates | C14: Investiții financiare pe termen lung în părți afiliate | E14: 79602 | F14: 79602 | O14: 4350 | P14: 4350 | Q14: 2700 | R14: 2700 | Y14: 197000 | Z14: 197000 | AM14: 540 | AN14: 540 | AY14: 2882700 | AZ14: 2882700 | BA14: 4720927146 | BB14: 4720927146 | BU14: 36480 | BV14: 39770 | CX14: 53600
B15: Investments in real estate | C15: Investiții imobiliare | K15: 26386315 | L15: 21356725 | T15: 92615 | W15: 73023119 | X15: 72151904 | BK15: 127580 | BR15: 40302410 | CC15: 21982900 | CD15: 21658070
B16: Long term receivables | C16: Creanțe pe termen lung | I16: 571298031 | J16: 564806034 | Q16: 44700799 | R16: 28926978 | AO16: 19919128 | AP16: 4365836 | AS16: 239604 | AT16: 365653 | BE16: 271674 | BF16: 271671 | BO16: 21962930 | BP16: 34098050 | BU16: 100450 | BV16: 293890
B17: Advances granted for long term | C17: Avansuri acordate pe termen lung | Y17: 500524525 | Z17: 606251938 | AA17: 372670 | AB17: 215224 | AE17: 4857113 | AF17: 49387256 | AS17: 81500 | AT17: 578764 | BO17: 27297060 | BP17: 34362450 | BU17: 301110 | BV17: 258400 | CW17: 156165 | CX17: 156165
B18: Other fixed assets | C18: Alte active imobilizate | E18: 11478 | F18: 11399 | K18: 337688 | L18: 337688 | M18: 390392 | N18: 137748 | O18: 441755 | P18: 441755 | U18: 721 | X18: 129972755 | Z18: 160561 | AA18: 540 | AB18: 540 | AE18: 1218278 | AF18: 1210695 | AW18: 66699112 | AX18: 58988021 | BA18: 3503595 | BB18: 3444649 | BI18: 12370 | BJ18: 7106 | BK18: 549000 | BO18: 40281680 | BP18: 108318120 | BW18: 20370 | BX18: 18190 | BY18: 995300 | BZ18: 1225540 | CK18: 6809 | CL18: 6320 | CM18: 51720 | CN18: 49504 | CU18: 82525 | CV18: 103389
B19: Total Fixed assets | C19: Total active imobilizate | E19: =SUM(E7:E18) -> 130228516 | F19: =SUM(F7:F18) -> 127309429 | G19: =SUM(G7:G18) -> 300186323 | H19: =SUM(H7:H18) -> 282044001 | I19: =SUM(I7:I18) -> 3789476137 | J19: =SUM(J7:J18) -> 3897584394 | K19: =SUM(K7:K18) -> 59740230 | L19: =SUM(L7:L18) -> 56023390 | ... CZ19: =SUM(CZ7:CZ18) -> 30778473
B21: Current Assets | C21: Active Circulante
B22: Inventories | C22: Materiale | E22: 150647011 | F22: 137568196 | G22: 115436090 | H22: 76148871 | I22: 75609117 | J22: 140881708 | K22: 122813 | L22: 151885 | O22: 1257932 | P22: 703814 | Q22: 11907957 | R22: 14523128 | S22: 156809 | T22: 109618 | U22: 2103630 | V22: 1815818 | W22: 275576060 | X22: 255603304 | Y22: 252887 | Z22: 117529 | AA22: 642707 | AB22: 735803 | AC22: 158844 | AD22: 290130 | AE22: 38558490 | AF22: 32198244 | AG22: 346635 | AH22: 1634481 | AI22: 125026 | AJ22: 151139 | AK22: 11802718 | AL22: 11669110 | AM22: 77105 | AN22: 106105 | AO22: 1016618 | AP22: 750034 | AQ22: 103415 | AR22: 139300 | AS22: 1764166 | AT22: 2006826 | AU22: 21672630 | AV22: 16242735 | AW22: 44700052 | AX22: 35980300 | AY22: 4149935 | AZ22: 5376049 | BA22: 240615 | BB22: 131109 | BC22: 6130 | BD22: 6973 | BE22: 850884 | BF22: 316019 | BG22: 479933 | BH22: 470349 | BI22: 27038 | BJ22: 27372 | BK22: 1139390 | BL22: 1191670 | BM22: 109970 | BN22: 45210 | BO22: 35151560 | BP22: 38444480 | BQ22: 58080 | BR22: 62820 | BS22: 35530 | BT22: 30360 | BU22: =12042490+4530 -> 12047020 | BV22: =519200 -> 519200 | BW22: 11222250 | BX22: 8804000 | BY22: 14590 | BZ22: 15210 | CA22: 121420 | CB22: 114270 | CC22: 10630 | CD22: 8170 | CE22: 6371159 | CF22: 6201498 | CG22: 60239 | CH22: 101075 | CI22: 21520 | CJ22: 12967 | CK22: 31933 | CL22: 33563 | CM22: 174119 | CN22: 197813 | CO22: 3628 | CP22: 11034 | CQ22: 18441 | CS22: 40900 | CT22: 70435 | CU22: 835918 | CV22: 949636 | CW22: 38992 | CX22: 36579 | CY22: 6049842 | CZ22: 7356597
B23: Items of small value and short duration | C23: Obiecte de mică valoare și scurtă durată | E23: 1733055 | F23: 1623231 | I23: 1414387 | J23: 30330 | K23: 12054 | L23: 12054 | O23: 237246 | P23: 234493 | Q23: 338046 | R23: 529450 | S23: 94491 | T23: 148465 | U23: 20752 | V23: 93895 | W23: =8098588+19700 -> 8118288 | X23: =11065717+19700 -> 11085417 | Y23: 382937 | Z23: 440848 | AA23: 17594 | AB23: 29361 | AC23: 82922 | AD23: 80678 | AE23: 2782239 | AF23: 3477854 | AG23: 597572 | AH23: 616265 | AI23: =45133+53446 -> 98579 | AJ23: 242434 | AK23: 3662904 | AL23: 3847897 | AM23: 212043 | AN23: 181677 | AO23: 722700 | AP23: 988880 | AQ23: 71996 | AR23: 137640 | AS23: 48401 | AT23: 109860 | AU23: =3724+52913 -> 56637 | AV23: =3724+159247 -> 162971 | AW23: 3812121 | AX23: 3050425 | AY23: 8045027 | AZ23: 9566417 | BA23: 339534 | BB23: 295893 | BC23: 6588 | BD23: 15486 | BE23: 349336 | BF23: 463997 | BG23: 319869 | BH23: 334259 | BI23: 49763 | BJ23: 93039 | BK23: 498110 | BL23: 177740 | BN23: 29410 | BO23: 1073080 | BP23: 1541290 | BQ23: 7150 | BR23: 19090 | BS23: 370 | BU23: 42380 | BV23: 63230 | BW23: 18030 | BX23: 75180 | BZ23: 79300 | CA23: 241720 | CB23: 189290 | CC23: 1700 | CD23: 14890 | CE23: 826087 | CF23: 671776 | CG23: 9943 | CH23: 21250 | CI23: 535 | CJ23: 650 | CK23: 11 | CL23: 4437 | CM23: 2082 | CN23: 8332 | CO23: 6062 | CP23: 8807 | CU23: 161033 | CV23: 303103 | CW23: 7407 | CX23: 7407 | CY23: 74228 | CZ23: 93102
B24: Items under production | C24: Producția în curs de execuție și produse | E24: 29093334 | F24: 17514763 | K24: 74706 | O24: 4211190 | P24: 3161441 | Q24: 19348440 | R24: 21272644 | U24: 988181 | V24: 1086654 | W24: 992900 | X24: 875893 | AG24: 975084 | AH24: 137929 | AK24: 3553 | AL24: 1158 | AS24: 5509 | AT24: 1161000 | AU24: 105447 | AV24: 163115 | AW24: 153772 | AX24: 2569 | AY24: 1434730 | AZ24: 1522160 | BK24: 560620 | BL24: 123030 | BS24: 355640 | BU24: 72940 | BV24: 72900 | BW24: 4020120 | BX24: 3993140 | CF24: 30921 | CI24: 53772 | CJ24: 4348 | CK24: 274009 | CL24: 132183 | CM24: 1379905 | CN24: 1347693 | CQ24: 136240 | CR24: 296240 | CS24: 332625 | CT24: 419682 | CY24: 2434840 | CZ24: 15150128
B25: Stocks | C25: Mărfuri | E25: 6441460 | F25: 9424276 | I25: 1128703 | J25: 1109971 | K25: 690 | L25: 690 | M25: 17654654 | N25: 20327005 | Q25: 115808718 | R25: 158930308 | U25: 2635323 | V25: 1713112 | W25: 2268658 | X25: 18866931 | AC25: 53930 | AD25: 49900 | AG25: 273720 | AH25: 109382 | AI25: 296346 | AJ25: 212439 | AK25: 1732 | AU25: 269616 | AV25: 269616 | AW25: 8692 | AY25: 18561971 | AZ25: 17545137 | BA25: 55654140 | BB25: 58542407 | BH25: 506460 | BT25: 31420 | BU25: 93570 | BV25: 85640 | BW25: 27160 | BX25: 3263160 | CA25: 58360 | CB25: 64610 | CM25: 175 | CN25: 175 | CO25: 498 | CP25: 314
B26: Trade receivables | C26: Creanțe comerciale | E26: 51075993 | F26: 95089711 | G26: 14046143 | H26: 14353910 | I26: 1013151383 | J26: 1026938681 | K26: 1308992 | L26: 1460882 | M26: 7473306 | N26: 7427730 | O26: 227172 | P26: 234002 | Q26: 2958610 | R26: 4814065 | S26: 887777 | T26: 686182 | U26: 22553 | V26: 104735 | W26: 39013665 | X26: 38582286 | Y26: 4512 | Z26: 277257 | AA26: 123138546 | AB26: 46674791 | AC26: 834616 | AD26: 1136435 | AE26: 75517573 | AF26: 74056005 | AG26: 1358422 | AH26: 2165061 | AI26: 3435937 | AJ26: 2498750 | AK26: 22133716 | AL26: 19859906 | AM26: 168523 | AN26: 430661 | AO26: 5510345 | AP26: 18979463 | AQ26: 2012 | AR26: 31126 | AS26: 297701 | AT26: 85877 | AU26: 104879328 | AV26: 66242599 | AW26: 46211904 | AX26: 25343950 | AY26: 72919828 | AZ26: 24806455 | BA26: 3325446313 | BB26: 3613488878 | BC26: 401101146 | BD26: 211679365 | BE26: 27393 | BF26: 12049 | BG26: 1631596 | BH26: 3456831 | BK26: 927660 | BL26: 1157450 | BM26: 16950 | BN26: 23610 | BO26: 1755790 | BP26: 2140420 | BS26: 137430 | BT26: 197790 | BU26: 2917390 | BV26: 340520 | BW26: 11033550 | BX26: 13297900 | BY26: 1458780 | BZ26: 1424180 | CA26: 222540 | CB26: 249530 | CD26: 306290 | CE26: 131459 | CF26: 147231 | CG26: 67449 | CH26: 16120 | CI26: 95854 | CJ26: 87837 | CK26: 450600 | CL26: 450591 | CM26: 189268 | CN26: 281958 | CQ26: 237070 | CR26: 110141 | CT26: 10891 | CU26: 603520 | CV26: 837649 | CY26: 9450958 | CZ26: 2891459
B27: Trade receivables of associates | C27: Creanțe ale părților afiliate | Y27: 16934157 | Z27: 9681168 | AC27: 9999 | AD27: 9999 | AS27: 3453045 | AT27: 5868425 | BA27: 2257533400 | BB27: 2124093259 | BH27: 8924 | BO27: 70237750 | BP27: 70096510 | BU27: 817100 | BV27: 861690 | CA27: 88580 | CO27: 228508 | CP27: 332674
B28: Financial investments for short term | C28: Avansuri acordate curente | E28: 177341 | F28: 187315 | I28: 11277910 | J28: 4560669 | K28: 244277 | L28: 111146 | O28: 14922 | P28: 18696 | Q28: 1040361 | R28: 107607 | S28: 13527 | T28: 6749 | U28: 293126 | V28: 142482 | W28: 26130447 | X28: 29092857 | Y28: 48851 | Z28: 65576 | AA28: 798587 | AB28: 2452472 | AC28: 1127148 | AD28: 1138090 | AE28: 1153280 | AF28: 3622308 | AG28: 38371 | AH28: 180173 | AI28: 213325 | AJ28: 193650 | AK28: 1071387 | AL28: 462861 | AM28: 224358 | AN28: 188445 | AO28: 576482 | AP28: 155466 | AQ28: 14667 | AR28: 32341 | AS28: 549327 | AT28: 348905 | AU28: 9346087 | AV28: 22432578 | AW28: 2464896 | AX28: 200261 | AY28: 1672727 | AZ28: 2063254 | BA28: 169240147 | BB28: 102218619 | BC28: 18096 | BD28: 8392 | BE28: 1705638 | BF28: 1413090 | BH28: 401638 | BI28: 9735 | BJ28: 4413 | BK28: 198780 | BL28: 83810 | BO28: 43887140 | BP28: 7586730 | BS28: 143460 | BT28: 8270 | BU28: 9020 | BV28: 2560 | BW28: 64230 | BX28: 106460 | BY28: 29310 | BZ28: 5613920 | CC28: 13000 | CE28: 71670 | CF28: 89235 | CG28: 41040 | CH28: 24028 | CK28: 2594 | CL28: 22624 | CM28: 112050 | CN28: 1126 | CO28: 1948 | CP28: 51190 | CS28: 5450 | CT28: 829 | CU28: 404692 | CV28: 1009742 | CY28: 362616 | CZ28: 323774
B29: Deferred taxes | C29: Creanțe ale bugetului | E29: 141317 | F29: 123492 | I29: 52118688 | J29: 14835771 | K29: 490055 | L29: 32648 | O29: 1460 | P29: 11942 | Q29: 139710 | R29: 49697 | S29: 51009 | T29: 112760 | U29: 1896827 | V29: 1512720 | W29: 13679595 | X29: 24439848 | Y29: 14017 | Z29: 462945 | AA29: 3898732 | AB29: 3614835 | AC29: 168466 | AD29: 187280 | AE29: 1612764 | AF29: 681234 | AG29: 9860 | AH29: 1290681 | AI29: 61459 | AJ29: 493008 | AK29: 1383273 | AL29: 1867967 | AM29: 799724 | AN29: 739806 | AO29: 395707 | AP29: 75783 | AQ29: 147381 | AR29: 69866 | AS29: 40263 | AT29: 309462 | AU29: 138376230 | AV29: 141524765 | AW29: 2492854 | AX29: 319371 | AY29: 950498 | AZ29: 160196 | BA29: 307815419 | BB29: 339632944 | BC29: 3763350 | BD29: 4105114 | BE29: 405015 | BF29: 20029 | BG29: 145357 | BH29: 177338 | BI29: 226597 | BJ29: 198012 | BK29: 2704090 | BL29: 2217220 | BM29: 52050 | BN29: 27430 | BO29: 8900130 | BP29: 7884790 | BQ29: 131260 | BR29: 389140 | BS29: 156970 | BT29: 2840 | BU29: 8670 | BV29: 8900 | BW29: 62710 | BX29: 60290 | BY29: 750 | BZ29: 698380 | CC29: 574830 | CD29: 43200 | CE29: 1656799 | CF29: 1915456 | CG29: 39679 | CH29: 45232 | CI29: 14224 | CJ29: 15066 | CK29: 499 | CL29: 145 | CM29: 64822 | CN29: 3034 | CO29: 12235 | CQ29: 572 | CR29: 2955 | CU29: 710397 | CV29: 762746 | CW29: 2879 | CX29: 1230 | CY29: 90791 | CZ29: 61299
B30: Deferred employee taxes | C30: Creanțe ale personalului | E30: 151338 | F30: 8351 | I30: 471800 | J30: 1321813 | K30: 24868 | L30: 13284 | O30: 6038 | P30: 22362 | Q30: 110229 | R30: 99761 | U30: 18268 | V30: 15685 | W30: 9206253 | X30: 10819427 | Y30: 117838 | Z30: 1335 | AA30: 215870 | AB30: 198949 | AC30: 26817 | AD30: 21659 | AE30: 692501 | AF30: 774318 | AG30: 20600 | AH30: 13328 | AI30: 202021 | AJ30: 285084 | AK30: 1806886 | AL30: 1557111 | AM30: 68802 | AN30: 50066 | AO30: 49972 | AP30: 42534 | AQ30: 206543 | AR30: 240390 | AS30: 64667 | AT30: 57203 | AU30: 163 | AV30: 163 | AW30: 157965 | AX30: 125011 | AY30: 908239 | AZ30: 1124746 | BA30: 152556 | BB30: 220807 | BE30: 62045 | BF30: 1206920 | BG30: 179517 | BH30: 141315 | BI30: 4864 | BJ30: 882 | BK30: 359250 | BL30: 430890 | BM30: 108860 | BN30: 42360 | BO30: 838510 | BP30: 2911810 | BU30: 379360 | BV30: 378010 | BW30: 40 | CC30: 244560 | CD30: 21320 | CE30: 16548 | CF30: 13205 | CI30: 17386 | CJ30: 25362 | CM30: 4846 | CN30: 4715 | CO30: 14131 | CP30: 16574 | CS30: 10266 | CT30: 10258 | CU30: 89303 | CV30: 92429 | CW30: 2656 | CX30: 8262 | CY30: 165435 | CZ30: 298864
B31: Other current receivables | C31: Alte creanțe curente | E31: 11220074 | F31: 9974967 | I31: 14952561 | J31: 92087279 | K31: 954408 | L31: 659507 | O31: 4657 | P31: 8264 | Q31: 33773444 | R31: 35356229 | S31: 1257 | T31: 1415 | U31: 7432 | W31: 51949212 | X31: 49426684 | Y31: 847496 | Z31: 2275308 | AA31: 3465217 | AB31: 9332349 | AC31: 6205 | AD31: 304316 | AE31: 73669 | AF31: 132789 | AG31: 115799 | AH31: 116609 | AI31: 649242 | AJ31: 1084712 | AK31: 1000017 | AL31: 1069558 | AM31: 62146 | AN31: 91737 | AO31: 13317 | AP31: 15747 | AQ31: 184063 | AR31: 197733 | AS31: 75918 | AT31: 100167 | AU31: 84912 | AV31: 341408 | AW31: 2866881 | AX31: 6712263 | AY31: 24495588 | AZ31: 22384857 | BA31: 523492692 | BB31: 545020343 | BE31: 3681998 | BF31: 5618221 | BG31: 589263 | BI31: 778645 | BJ31: 751529 | BK31: 525820 | BL31: 487810 | BM31: 1431450 | BN31: 1382010 | BO31: 35527520 | BP31: 82841470 | BQ31: 92460 | BR31: 61740 | BS31: 150 | BT31: 100 | BU31: 339730 | BV31: 2377380 | BW31: 4095260 | BX31: 704500 | BY31: 15280 | BZ31: 225490 | CD31: 21250 | CE31: 73367 | CF31: 73706 | CG31: 2606 | CH31: 4095 | CI31: 882158 | CJ31: 1093786 | CL31: 60700 | CM31: 546 | CN31: 12544 | CS31: 11094 | CU31: 495364 | CV31: 152804 | CW31: 130753 | CX31: 127200 | CY31: 91991 | CZ31: 1137017
B32: Cash and cash equivalents | C32: Numerar în casierie și la conturile curente | E32: 2376777 | F32: 4188257 | G32: 15358134 | H32: 23556373 | I32: =61957214+704914 -> 62662128 | J32: =39412129+3795479 -> 43207608 | K32: 600842 | L32: 3153097 | M32: 28980 | N32: 20522 | O32: 20251 | P32: 18143 | Q32: =9284961+6224358 -> 15509319 | R32: =8854311+2307517 -> 11161828 | S32: 113515 | T32: 873445 | U32: 2844431 | V32: 2812026 | W32: =25197518+822035 -> 26019553 | X32: =14819113+913784 -> 15732897 | Y32: 245029008 | Z32: 246979019 | AA32: 2528223 | AB32: 37166090 | AC32: 4675469 | AD32: 4479151 | AE32: =21326445+1646 -> 21328091 | AF32: =60194855+3514 -> 60198369 | AG32: 6193096 | AH32: 4224562 | AI32: 1286909 | AJ32: 4224282 | AK32: 15308369 | AL32: 14316413 | AM32: 1509828 | AN32: 2329269 | AO32: 3133155 | AP32: 5928312 | AQ32: =21903+2055755 -> 2077658 | AR32: =23221+5725333 -> 5748554 | AS32: 2987165 | AT32: 2332399 | AU32: 14725821 | AV32: 28868445 | AW32: =2858962+1396 -> 2860358 | AX32: =565469+316 -> 565785 | AY32: =133933598+170397 -> 134103995 | AZ32: =119639092+904944 -> 120544036 | BA32: =171847513+5477 -> 171852990 | BB32: =219378190+41075 -> 219419265 | BC32: =53401982+90 -> 53402072 | BD32: =226703540+90 -> 226703630 | BE32: =8290083+894651 -> 9184734 | BF32: =7646635+1935479 -> 9582114 | BG32: =337227+18000 -> 355227 | BH32: 790146 | BI32: =97635+394314 -> 491949 | BJ32: =40287+881360 -> 921647 | BK32: =29122700+183980 -> 29306680 | BL32: =30986410+204410 -> 31190820 | BM32: 2325860 | BN32: 1904770 | BO32: =2936960+3611510 -> 6548470 | BP32: =2461240+6610 -> 2467850 | BQ32: 1803660 | BR32: 4221350 | BS32: 2360680 | BT32: 2479230 | BU32: =883520+85780 -> 969300 | BV32: =738400+44000 -> 782400 | BW32: =7516710+340 -> 7517050 | BX32: =12923380+270 -> 12923650 | BY32: 4051850 | BZ32: 29356730 | CA32: 2287590 | CB32: 2500340 | CC32: 64990 | CD32: 14080 | CE32: 1256181 | CF32: 1024868 | CG32: 1098677 | CH32: 758890 | CI32: 8176 | CJ32: 159 | CK32: 68564 | CL32: 4226 | CM32: 138532 | CN32: 164586 | CO32: 44135 | CP32: 1045 | CQ32: 6432 | CR32: 157 | CS32: 5105 | CT32: 82372 | CU32: 3839257 | CV32: 3374129 | CW32: 4655 | CX32: 105 | CY32: =2421595+246938 -> 2668533 | CZ32: =2771690+220765 -> 2992455
B33: Short term investment in associates | C33: Investitii financiare curente in parti afiliate | I33: 2097168 | J33: 1468258 | K33: 5000000 | M33: 28182 | N33: 286398 | R33: 800000 | S33: 9300000 | T33: 11250000 | AQ33: 2500000 | BA33: 3018899 | BB33: 3018899 | BG33: 60 | BK33: 17000000 | BL33: 17000000 | BN33: 11010 | BO33: 2625390 | BU33: =63680+19990 -> 83670 | BV33: =12000+16000 -> 28000 | BY33: 58274020 | BZ33: 39929450 | CG33: 300000 | CH33: 800000 | CW33: 53600
B34: Other current assets | C34: Alte active circulante | E34: 190967 | F34: 201418 | G34: 372370 | H34: 442532 | I34: 9892247 | J34: 21830565 | K34: 355034 | L34: 296130 | M34: 617371 | N34: 276995 | O34: 6132 | P34: 4856 | Q34: 1923251 | R34: 6940920 | S34: 29960 | T34: 30151 | U34: 17863 | V34: 24284 | W34: 136133042 | X34: 20231989 | Y34: 229373 | Z34: 187265 | AA34: 3860567 | AB34: 3490273 | AC34: 79069 | AD34: 74716 | AE34: 141255 | AF34: 191814 | AG34: 969386 | AH34: 1627236 | AI34: 115729 | AJ34: 96707 | AK34: 1037831 | AL34: 905588 | AM34: 36070 | AN34: 48773 | AO34: 818851 | AP34: 1513636 | AQ34: 59274 | AR34: 126931 | AS34: 568119 | AT34: 573052 | AU34: 379002 | AV34: 415806 | AW34: 633260 | AX34: 5120239 | AY34: 4642368 | AZ34: 5927375 | BA34: 301526 | BB34: 339082 | BC34: 94322 | BD34: 39018 | BE34: 112795 | BF34: 140298 | BG34: 49527 | BH34: 102807 | BI34: 21626 | BJ34: 20685 | BK34: 440950 | BL34: 633510 | BM34: 22610 | BO34: 75431040 | BP34: 66288710 | BQ34: 3610 | BR34: 88950 | BS34: 10270 | BT34: 13750 | BU34: 217140 | BV34: 462550 | BW34: 10230 | BX34: 7420 | BY34: 789150 | BZ34: 736350 | CC34: 621080 | CD34: 45860 | CE34: 9939 | CF34: 15267 | CG34: 23700 | CH34: 38395 | CI34: 4604 | CJ34: 3144 | CK34: 1883 | CL34: 1513 | CM34: 13349 | CN34: 7447 | CO34: 3220 | CP34: 11226 | CQ34: 2942 | CR34: 230 | CS34: 374 | CT34: 374 | CU34: 370639 | CV34: 183785 | CY34: 753961 | CZ34: 864658
B35: Total current assets | C35: Total active circulante | E35: =SUM(E22:E34) -> 253248667 | F35: =SUM(F22:F34) -> 275903977 | G35: =SUM(G22:G34) -> 145212737 | H35: =SUM(H22:H34) -> 114501686 | I35: =SUM(I22:I34) -> 1244776092 | J35: =SUM(J22:J34) -> 1348272653 | K35: =SUM(K22:K34) -> 9188739 | L35: =SUM(L22:L34) -> 5891323 | ... CZ35: =SUM(CZ22:CZ34) -> 31169353
B36: TOTAL ASSETS | C36: TOTAL ACTIVE | E36: =SUM(E19,E35) -> 383477183 | F36: =SUM(F19,F35) -> 403213406 | G36: =SUM(G19,G35) -> 445399060 | H36: =SUM(H19,H35) -> 396545687 | I36: =SUM(I19,I35) -> 5034252229 | J36: =SUM(J19,J35) -> 5245857047 | K36: =SUM(K19,K35) -> 68928969 | L36: =SUM(L19,L35) -> 61914713 | ... CZ36: =SUM(CZ19,CZ35) -> 61947826
B38: Long term debt | C38: Datorii pe termen lung | G38: 81753781 | H38: 37000797 | BO38: 240649430 | BP38: 283433010
B39: Long term bank loans | C39: Credite bancare pe termen lung | G39: 5696826 | H39: 5717602 | I39: 53826577 | W39: 128738361 | X39: 83432412 | AW39: 15992000 | AX39: 13328000 | CM39: 15000
B40: Long term loans | C40: Împrumuturi pe termen lung | I40: 37366480 | J40: 326097604 | AE40: 266177153 | AF40: 255177058
B41: Long term loans of financial leasing | C41: Datorii pe termen lung privind leasingul financiar | W41: 102714 | X41: 42350 | AS41: 300 | AT41: 300 | CM41: 81836
B42: Other long term debt | C42: Alte datorii pe termen lung | I42: 1771025334 | J42: 3034373289 | Q42: 220447738 | R42: 249307874 | S42: 103699 | U42: 19613 | W42: 21029099 | X42: 20965650 | Y42: 2512136330 | Z42: 1884570250 | AA42: 86630 | AE42: 440656 | AF42: 418029 | AK42: 21205 | AL42: 21205 | AM42: 116972 | AO42: 597418 | AP42: 597418 | AS42: 36900 | AT42: 22669 | AY42: 14005139 | AZ42: 14081204 | BE42: 6450 | BF42: 6450 | BH42: 7972193 | BM42: 12500 | BN42: 12500 | BP42: 43306430 | BQ42: 41099460 | BR42: 41099460 | CD42: 158210 | CE42: 339301 | CF42: 246507 | CK42: 735 | CL42: 735 | CM42: 33310 | CN42: 11058 | CO42: 11485 | CP42: 11485 | CQ42: 3685 | CU42: 13868523 | CV42: 17050785 | CW42: 160480 | CX42: 160480
B43: Total long term liabilities | C43: Total datorii pe termen lung | G43: =SUM(G37:G42) -> 87450607 | H43: =SUM(H37:H42) -> 42718399 | I43: =SUM(I37:I42) -> 1862218391 | J43: =SUM(J37:J42) -> 3360470893 | K43: =SUM(K37:K42) -> 0 | L43: =SUM(L37:L42) -> 0 | M43: =SUM(M37:M42) -> 0 | N43: =SUM(N37:N42) -> 0 | ... CZ43: =SUM(CZ37:CZ42) -> 0
B45: Current liabilities | C45: Datorii curente | M45: 153871673 | N45: 349758513 | BO45: 36538280 | BP45: 85387590
B46: Short term bank loans | C46: Credite bancare pe termen scurt | G46: 20284136 | H46: 26559598 | I46: 80889 | K46: 4500000 | O46: 650000 | P46: 302623 | W46: 107997778 | X46: 105165077 | AW46: 16008000 | AX46: 20004000 | BI46: 2610214 | BJ46: 2970435
B47: Short term loans | C47: Împrumuturi pe termen scurt | G47: 18091887 | H47: 24691042 | AA47: 20006301 | AE47: 35152679 | AF47: 37642532 | BK47: 1518770 | BL47: 2435110 | BS47: 170 | BT47: 30 | BU47: 120
B48: Trade payables | C48: Datorii comerciale | E48: 1758751 | F48: 9831508 | G48: 61557859 | H48: 28915115 | I48: 1339401478 | J48: 122856159 | K48: 1278347 | L48: 879891 | O48: 1166899 | P48: 1766509 | Q48: 715018 | R48: 3805709 | S48: 36604 | T48: 22736 | U48: 37455 | V48: 16 | W48: 234272648 | X48: 224083749 | Y48: 248896713 | Z48: 108168256 | AA48: 26647255 | AB48: 4514414 | AC48: 11726 | AD48: 18531 | AE48: 28202253 | AF48: 9509984 | AG48: 7482443 | AH48: 11141138 | AI48: 593635 | AJ48: 573740 | AK48: 1496689 | AL48: 757582 | AM48: 241064 | AN48: 198748 | AO48: 834145 | AP48: 2851444 | AQ48: 120778 | AR48: 148026 | AS48: 769659 | AT48: 6469843 | AU48: 548470 | AV48: 169403 | AW48: 179432791 | AX48: 193491414 | AY48: 90493999 | AZ48: 45437124 | BA48: 611765 | BB48: 404070 | BC48: 439940952 | BD48: 406931634 | BE48: 255587 | BF48: 453015 | BG48: 1516611 | BH48: 2436028 | BI48: 139789 | BJ48: 120100 | BO48: 174446190 | BP48: 297291610 | BQ48: 20740 | BR48: 21190 | BU48: 2998060 | BV48: 1973980 | BW48: 249880 | BX48: 1077890 | BY48: 54920 | BZ48: 40430 | CA48: 101150 | CB48: 34120 | CC48: 1041700 | CD48: 592490 | CE48: 80709 | CF48: 103281 | CG48: 40 | CH48: 2088 | CI48: 102350 | CJ48: 4380 | CK48: 25439 | CL48: 28847 | CM48: 428702 | CN48: 98093 | CO48: 15985 | CP48: 5480 | CQ48: 133038 | CR48: 226339 | CS48: 301100 | CT48: 271100 | CU48: 298429 | CV48: 291611 | CY48: 6825374 | CZ48: 14486744
B49: Payables to associates | C49: Datorii față de părți afiliate | Y49: 80837198 | Z49: 10007331 | AS49: 964203 | AT49: 964203 | BA49: 11980634932 | BB49: 11857839906 | BU49: 3809280 | BV49: 3960380 | CO49: 638 | CP49: 638
B50: Short term payable advances | C50: Avansuri primite curente | E50: 1993735 | F50: 7792376 | I50: 4374759 | J50: 2447421 | K50: 189354 | L50: 50024 | O50: 8224 | P50: 2890 | Q50: 676595 | R50: 1224764 | S50: 102652 | T50: 175320 | U50: 20382 | V50: 82528 | W50: 58705778 | X50: 65255699 | Y50: 17751 | Z50: 102241 | AB50: 1 | AC50: 1087704 | AD50: 1080140 | AE50: 8734 | AF50: 30071 | AG50: 741015 | AH50: 724155 | AI50: 222791 | AJ50: 289388 | AK50: 4372244 | AL50: 4720735 | AM50: 4540748 | AN50: 4770090 | AO50: 1871511 | AP50: 1769396 | AQ50: 1387832 | AR50: 1364351 | AS50: 12673 | AT50: 23237 | AW50: 2962672 | AX50: 410865 | AY50: 167214288 | AZ50: 153828074 | BA50: 6159324 | BB50: 10251175 | BC50: 1319850 | BE50: 54088 | BF50: 43356 | BG50: 81748 | BH50: 469573 | BI50: 20 | BJ50: 20 | BK50: 10737190 | BL50: 8362770 | BM50: 287860 | BN50: 142640 | BO50: 174754750 | BP50: 187272110 | BS50: 922000 | BT50: 17060 | BU50: 111720 | BV50: 43760 | BW50: 352170 | BX50: 242570 | BY50: 256450 | BZ50: 182750 | CC50: 1273110 | CD50: 191740 | CE50: 10721 | CF50: 6871 | CG50: 53423 | CH50: 66286 | CI50: 5283 | CJ50: 10332 | CK50: 524433 | CL50: 335606 | CT50: 1700 | CU50: 3628086 | CV50: 3914477 | CY50: 139952 | CZ50: 38015
B51: Payables to employees | C51: Datorii față de personal | E51: 2565174 | F51: 1921229 | I51: 15446826 | J51: 17167735 | K51: 416002 | L51: 245340 | O51: 176259 | P51: 381300 | Q51: 1171673 | R51: 1316801 | U51: 2103 | W51: 105582191 | X51: 132902036 | Y51: 1951337 | Z51: 29225 | AB51: 423 | AC51: 505591 | AD51: 424511 | AE51: 11670804 | AF51: 12652404 | AG51: 1554060 | AH51: 1601412 | AI51: 1512639 | AJ51: 1213872 | AK51: 7101740 | AL51: 6617640 | AM51: 633387 | AN51: 562553 | AO51: 737237 | AP51: 740840 | AQ51: 1322602 | AR51: 1967603 | AS51: 1087596 | AT51: 951895 | AU51: 28695 | AV51: 7183 | AW51: 4675306 | AX51: 4996440 | AY51: 10389364 | AZ51: 10440635 | BA51: 3709532 | BB51: 4613352 | BE51: 1531494 | BF51: 1197891 | BG51: 1409116 | BH51: 357719 | BI51: 634975 | BJ51: 584340 | BK51: 5972820 | BL51: 5759350 | BO51: 9057320 | BP51: 8994300 | BU51: 4274310 | BV51: 3727990 | BW51: 1404080 | BX51: 1471580 | BY51: 60 | BZ51: 40 | CA51: 92700 | CB51: 87590 | CC51: 220110 | CD51: 255910 | CE51: 163240 | CF51: 124991 | CI51: 292165 | CJ51: 382207 | CK51: 75670 | CL51: 122408 | CM51: 80767 | CN51: 127700 | CO51: 246495 | CP51: 283532 | CQ51: 67217 | CR51: 79831 | CS51: 175628 | CT51: 176042 | CU51: 1000529 | CV51: 974035 | CW51: 614643 | CX51: 1074282 | CY51: 1307300 | CZ51: 1674175
B52: Social security and medical insurance debts | C52: Datorii privind asigurările sociale și medicale | E52: 626525 | F52: 999908 | I52: 2599995 | J52: 3985366 | K52: 172274 | L52: 49734 | O52: 814960 | P52: 1188895 | Q52: 412588 | R52: 565813 | T52: 84913 | U52: 173207 | V52: 70838 | W52: 14965083 | X52: 17139516 | Y52: 314292 | AA52: 2020575 | AB52: 2629 | AC52: 119169 | AD52: 110684 | AE52: 4533280 | AF52: 6149476 | AG52: 359625 | AH52: 599190 | AI52: 292834 | AJ52: 69310 | AK52: 1821959 | AL52: 1610964 | AM52: 150018 | AN52: 138896 | AO52: 186252 | AP52: 228606 | AQ52: 357179 | AR52: 692932 | AS52: 456896 | AT52: 257788 | AU52: 67 | AW52: 1220114 | AX52: 1393470 | AY52: 4174184 | AZ52: 4555735 | BA52: 1128221 | BB52: 1518337 | BE52: 125735 | BF52: 427610 | BG52: 83688 | BH52: 15726 | BI52: 206029 | BJ52: 182414 | BK52: 1970650 | BL52: 1745750 | BO52: 2823670 | BP52: 2318000 | BU52: 1917940 | BV52: 1718030 | BW52: 623930 | BX52: 610740 | CA52: 44050 | CB52: 25360 | CC52: 225630 | CD52: 275350 | CE52: 49402 | CF52: 76814 | CI52: 18217 | CJ52: 89050 | CK52: 25428 | CL52: 34688 | CM52: 18957 | CN52: 20598 | CO52: 14820 | CP52: 12948 | CQ52: 43010 | CR52: 12714 | CS52: 5257 | CT52: 6337 | CU52: 85569 | CV52: 254007 | CW52: 292621 | CX52: 604360 | CY52: 974945 | CZ52: 389724
B53: Debt to national budget | C53: Datorii față de buget | E53: 7324178 | F53: 9202157 | I53: 161035 | K53: 80021 | L53: 135859 | O53: 416214 | P53: 762332 | Q53: 133650 | R53: 121795 | S53: 118014 | T53: 149587 | U53: 38906 | V53: 16068 | W53: 867327 | X53: 2136608 | Y53: 387442 | Z53: 4528 | AA53: 3573268 | AB53: 21407 | AC53: 144606 | AD53: 205831 | AE53: 9899078 | AF53: 13139945 | AG53: 1008925 | AH53: 15928 | AI53: 647903 | AJ53: 558610 | AK53: 1173886 | AL53: 1722206 | AM53: 104143 | AN53: 494358 | AO53: 1467 | AP53: 447269 | AQ53: 12400 | AR53: 81183 | AS53: 613932 | AT53: 11433 | AU53: 1125691 | AV53: 81366 | AW53: 1849536 | AX53: 4619395 | AY53: 424273 | AZ53: 1120663 | BA53: 688190 | BB53: 214037 | BC53: 412860 | BE53: 25738 | BF53: 209755 | BG53: 157341 | BH53: 2593353 | BI53: 10161 | BJ53: 42662 | BK53: 723360 | BL53: 572880 | BM53: 411230 | BN53: 162730 | BO53: 1288150 | BP53: 1211900 | BQ53: 46630 | BS53: 196180 | BT53: 458630 | BU53: 4291650 | BV53: 2784130 | BW53: 162950 | BX53: 1054320 | BY53: 3283490 | BZ53: 1825940 | CA53: 91330 | CB53: 55390 | CC53: 377220 | CD53: 409680 | CE53: 20480 | CF53: 41012 | CI53: 68260 | CJ53: 69416 | CK53: 13655 | CL53: 13241 | CM53: 19147 | CN53: 64977 | CP53: 9693 | CQ53: 92553 | CR53: 605 | CS53: 9462 | CT53: 4972 | CU53: 182454 | CV53: 322133 | CW53: 55262 | CX53: 107434 | CY53: 932115 | CZ53: 156661
B54: Deferred revenues | C54: Venituri anticipate curente | E54: 1808 | F54: 16972 | I54: 1033644 | J54: 4446383 | W54: 1814883 | X54: 1421414 | Y54: 1804749 | Z54: 2707839 | AE54: 36298 | AF54: 81077 | AG54: 3633918 | AK54: 1662 | AL54: 1662 | AM54: 4612248 | AN54: 4718866 | AW54: 194374 | AX54: 186543 | AY54: 6724487 | AZ54: 5446339 | BB54: 10340000 | BE54: 1059435 | BF54: 986490 | BK54: 254020 | BO54: 78590 | BP54: 182540 | BU54: 9973470 | BV54: 3288190 | CC54: 21200 | CD54: 6740
B55: Debt to owners | C55: Datorii față de proprietari | E55: 330020 | F55: 182342 | K55: 5665 | L55: 8705 | AM55: 10496 | AN55: 11810 | AS55: 21524 | AT55: 23314 | AU55: 872421 | AV55: 508297 | BU55: 140010 | BV55: 2550 | CY55: 7 | CZ55: 253
B56: Funding and receipts with special current destination | C56: Finanțări și încasări cu destinație specială curente | V56: 150051 | AY56: 2873774 | AZ56: 3730415
B57: Provisions | C57: Provizioane curente | AA57: 6715093 | AB57: 8088486 | AD57: 105325 | AE57: 5963990 | AF57: 6410768 | AH57: 253982 | AK57: 81 | AL57: 81 | AP57: 1161137 | BA57: 3695032 | BB57: 4976727 | BK57: 601500 | BL57: 176180 | BO57: 430710 | BW57: 476560 | BX57: 483000
B58: Other current debts | C58: Alte datorii curente | E58: 1650695 | F58: 80730 | I58: 2122439 | J58: 2127082 | K58: 188673 | L58: 161904 | M58: =179674166-M45 -> 25802493 | N58: =378097163-N45 -> 28338650 | O58: 73101 | P58: 119232 | Q58: 142135 | R58: 80381 | U58: 151063 | V58: 78520 | W58: 6318726 | X58: 7308907 | Y58: 5259521 | Z58: 4292536 | AA58: 7785496 | AB58: 19 | AC58: 85252 | AD58: 68300 | AE58: 1045119 | AF58: 1187132 | AG58: 68994 | AH58: 72071 | AI58: 153638 | AJ58: 129618 | AK58: 1010953 | AL58: 876948 | AM58: 27925 | AN58: 22437 | AO58: 32230 | AP58: 69292 | AQ58: 88055 | AR58: 29607 | AS58: 94211 | AT58: 96086 | AU58: 807198 | AV58: 374393 | AW58: 298516 | AX58: 99241 | AY58: 3831896 | AZ58: 1565404 | BA58: 3223500583 | BB58: 3272660382 | BC58: 14957 | BE58: 4960737 | BF58: 6048139 | BG58: 134940 | BH58: 122625 | BI58: 3888802 | BJ58: 3504890 | BK58: 348710 | BL58: 298520 | BM58: 19140 | BN58: 31860 | BO58: 93952240 | BP58: 84551960 | BQ58: 15280 | BR58: 619310 | BU58: 3470990 | BV58: 178790 | BW58: 29510 | BX58: 187900 | BY58: 7070 | BZ58: 1470 | CA58: 8970 | CB58: 6370 | CC58: 5170 | CD58: 43350 | CE58: 28447 | CF58: 54111 | CI58: 206608 | CJ58: 172640 | CK58: 8777 | CL58: 9175 | CO58: 11432 | CP58: 13134 | CQ58: 19649 | CR58: 23124 | CS58: 48932 | CT58: 37142 | CU58: 286124 | CV58: 68217 | CW58: 129143 | CX58: 66160 | CY58: 149741 | CZ58: 179134
B59: Total current liabilities | C59: Total datorii curente | E59: =SUM(E45:E58) -> 16250886 | F59: =SUM(F44:F58) -> 30027222 | G59: =SUM(G44:G58) -> 99933882 | H59: =SUM(H44:H58) -> 80165755 | I59: =SUM(I44:I58) -> 1365221065 | J59: =SUM(J44:J58) -> 153030146 | K59: =SUM(K44:K58) -> 6830336 | L59: =SUM(L44:L58) -> 1531457 | M59: =SUM(M44:M58) -> 179674166 | ... CZ59: =SUM(CZ44:CZ58) -> 16924706
B60: TOTAL Long & Short term LIABILITIES | C60: TOTAL PASIV curent si pe termen lung | E60: =SUM(E59,E43,) -> 16250886 | F60: =SUM(F59,F43) -> 30027222 | G60: =SUM(G59,G43) -> 187384489 | H60: =SUM(H59,H43) -> 122884154 | I60: =SUM(I59,I43) -> 3227439456 | J60: =SUM(J59,J43) -> 3513501039 | K60: =SUM(K59,K43) -> 6830336 | L60: =SUM(L59,L43) -> 1531457 | M60: =SUM(M59,M43) -> 179674166 | ... CZ60: =SUM(CZ59,CZ43) -> 16924706
B62: Equity | C62: Capital social | E62: 111820414 | F62: 111820414 | G62: 37450040 | H62: 37450040 | I62: 953612718 | J62: 953612718 | K62: 59839214 | L62: 59839214 | M62: 1304026164 | N62: 1088370552 | O62: 9707480 | P62: 9707480 | Q62: 30998657 | R62: 30998657 | S62: =20128719 -> 20128719 | T62: =20128719 -> 20128719 | U62: 14096655 | V62: 13282177 | W62: 2129814169 | X62: 2129814169 | Y62: 17082652 | Z62: 17082652 | AA62: 116790219 | AB62: 116790219 | AC62: 5701574 | AD62: 5701574 | AE62: 439088471 | AF62: 439088471 | AG62: 3339613 | AH62: 3339613 | AI62: 43534106 | AJ62: 43534106 | AK62: 73296270 | AL62: 75362969 | AM62: 643370 | AN62: 643370 | AO62: 64287885 | AP62: 64287885 | AQ62: 9538256 | AR62: 9538256 | AS62: 25719355 | AT62: 27169320 | AU62: 3590420 | AV62: 3590420 | AW62: 100173696 | AX62: 100173696 | AY62: 55882440 | AZ62: 55882440 | BA62: 1430416931 | BB62: 1430416931 | BC62: 100000 | BD62: 100000 | BE62: 22732633 | BF62: 22732633 | BG62: 30773626 | BH62: 30773626 | BI62: 20000 | BJ62: 20000 | BK62: 67350320 | BL62: 67350320 | BM62: 2444550 | BN62: 2444550 | BO62: 149836240 | BP62: 149836240 | BQ62: 3630190 | BR62: 3630190 | BS62: 1851660 | BT62: 1851650 | BU62: 18636440 | BV62: 21024310 | BW62: 42355380 | BX62: 42355380 | BY62: 54250220 | BZ62: 54250210 | CA62: 158088470 | CB62: 158088470 | CC62: 10255400 | CD62: 10255400 | CE62: 4433394 | CF62: 4433394 | CG62: 188736 | CH62: 188736 | CI62: 1220590 | CJ62: 1220590 | CK62: 107713 | CL62: 107713 | CM62: 2430153 | CN62: 2305207 | CO62: 672215 | CP62: 672215 | CQ62: 515785 | CR62: 515785 | CS62: 7385411 | CT62: 7385411 | CU62: 20837001 | CV62: 20837001 | CW62: 3038321 | CX62: 3093700 | CY62: 37794395 | CZ62: 37794395
B63: Additional equity | C63: Capital suplimentar | E63: 235242345 | F63: 246802042 | G63: 37450040 | H63: 37450040 | O63: 12914259 | P63: 12871826 | Q63: 498457 | R63: 425676 | T63: 9558892 | U63: 1842240 | V63: 280053 | W63: 192434881 | X63: 793408311 | Y63: 497366228 | Z63: 398786646 | AA63: 17886285 | AB63: 0 | AC63: 2091866 | AD63: 4633055 | AE63: 7905893 | AF63: 8371483 | AO63: 8406856 | AP63: 5482444 | AQ63: 22700 | AS63: 5065695 | AT63: 4792984 | AW63: 160009453 | AX63: 156972984 | AY63: 343266 | AZ63: 128173 | BA63: 423749 | BB63: 351735 | BG63: 8484741 | BY63: 4176400 | BZ63: 4176400 | CC63: 8364500 | CD63: 8364500 | CE63: 9905728 | CF63: 9368549 | CG63: 21387 | CH63: 21387 | CU63: 103066 | CV63: 103066 | CW63: 25479100 | CX63: 25479100 | CY63: 6109340 | CZ63: 6109340
B64: Reserves | C64: Rezerve | G64: 5617506 | H64: 5617506 | I64: 693564166 | J64: 693564166 | K64: 25199536 | L64: 25180373 | O64: 271514 | P64: 271514 | Q64: 1988 | R64: 581558 | S64: =2401852 -> 2401852 | T64: =2436949 -> 2436949 | U64: 7685095 | V64: 7839167 | Y64: 5344605698 | Z64: 6593138183 | AA64: 103878287 | AB64: 94799362 | AC64: 9449369 | AD64: 9715967 | AE64: 21589063 | AF64: 21589063 | AG64: 1931939 | AH64: 2165404 | AI64: 7311366 | AJ64: 7311366 | AK64: 358372 | AL64: 2399173 | AM64: 555583 | AN64: 658649 | AO64: 1278814 | AP64: 1281527 | AQ64: 142858 | AR64: 161915 | AS64: 335340 | AT64: 337651 | AU64: 256944061 | AV64: 285955365 | AW64: 64971235 | AX64: 64944015 | AY64: 4861085 | AZ64: 8116453 | BC64: 12495532 | BD64: 11255391 | BE64: 2947515 | BF64: 5434418 | BG64: 8947687 | BH64: 8947687 | BI64: 1137551 | BJ64: 1203249 | BK64: 44128340 | BL64: 44211200 | BM64: 2888380 | BN64: 2734700 | BO64: 13766200 | BP64: 13766200 | BQ64: 1451160 | BR64: 1846090 | BS64: 497080 | BT64: 509770 | BU64: 342030 | BV64: 342030 | BW64: 17854100 | BX64: 18438710 | BY64: 14606410 | BZ64: 21260670 | CC64: 446540 | CD64: 500390 | CE64: 663089 | CF64: 663089 | CG64: 2001145 | CH64: 2150363 | CI64: 18812 | CJ64: 20249 | CK64: 33757 | CL64: 36382 | CM64: 1181410 | CN64: 1201590 | CO64: 29033 | CP64: 29033 | CU64: 9846011 | CV64: 9944676 | CY64: 2978157 | CZ64: 2985395
B65: Reserves imposed by law | C65: Rezerve prevazute de statut | G65: 195466175 | H65: 195466175
B66: Other reserves | C66: Alte rezerve | G66: 15391585 | H66: 16895433
B67: Tax corrections | C67: Corecții ale rezultatelor anilor precedenți | G67: -162618 | H67: -371313 | J67: 2534 | L67: -96197 | R67: -20033 | V67: -889902 | X67: -3224793 | AB67: 939018 | AF67: 11176 | AH67: 1111734 | AJ67: 3000 | AL67: -519088 | AP67: -1803754 | AR67: -17073 | AT67: -7210 | AX67: -66526 | AZ67: -491233 | BB67: 743642 | BF67: 511543 | BG67: -280229 | BH67: 6102570 | BK67: -322390 | BP67: 316070 | CR67: 10975 | CV67: 13298 | CX67: -55379 | CZ67: 316807
B68: Unrealized gains (uncovered loss) of previous years | C68: Profit nerepartizat (pierdere neacoperită) al anilor precedenți | E68: 20163538 | G68: 2000587 | H68: -8904654 | I68: 159933618 | J68: 159933618 | K68: -22940117 | L68: -22998312 | O68: -9039787 | P68: -9039787 | Q68: 9381942 | R68: 8501545 | S68: 545405 | U68: 2068600 | V68: 1717872 | W68: -235787964 | X68: -43305119 | Y68: 2111367 | AA68: -21739984 | AC68: 2650521 | AD68: 4082 | AE68: 652357188 | AF68: 652357188 | AG68: 821951 | AH68: 67775 | AI68: -1405567 | AJ68: -1405567 | AK68: 1173819 | AL68: -1679889 | AM68: 275489 | AO68: -7015177 | AP68: -7045085 | AQ68: 26510 | AT68: -648786 | AU68: 62634264 | AW68: -8103173 | AX68: -8103173 | AY68: 5304146 | AZ68: 741074 | BA68: -4826615331 | BB68: -4826615331 | BC68: 4652631 | BD68: 4652631 | BE68: 4594150 | BF68: 49637 | BG68: -18266665 | BH68: -19224309 | BI68: 29225537 | BJ68: 28146382 | BK68: -290 | BL68: 1222860 | BM68: 1282980 | BO68: 170897130 | BP68: 170298220 | BQ68: 904650 | BS68: 253860 | BU68: 355030 | BV68: -1375610 | BW68: 1169230 | BY68: 14782210 | BZ68: -171830 | CA68: -1036360 | CB68: -1036360 | CC68: 2012140 | CD68: 1419720 | CE68: -862436 | CF68: -880045 | CG68: 274325 | CI68: -37757 | CJ68: -53567 | CK68: 140025 | CL68: 134776 | CM68: 26386 | CN68: 124946 | CO68: -109428 | CP68: -109428 | CQ68: -142212 | CR68: -142212 | CS68: -7262762 | CT68: -7262762 | CU68: -12660282 | CV68: -12758947 | CW68: -684270 | CX68: -684270 | CY68: -2022425 | CZ68: -2423142
B69: Non-distributed profit | C69: Profit nerepartizat | H69: 16603105 | AS69: 31212 | AT69: 3472 | AV69: 41275361
B70: Gain/(Loss) reevaluation of long term fixed assets | C70: Diferenţe la reevaluarea activelor pe termen lung | H70: 10905241
B71: Net profit (net loss) of the current period | C71: Profit net (pierdere netă) al perioadei de gestiune | F71: 14897365 | G71: 2251296 | L71: -1541822 | P71: -3870512 | R71: 2605656 | T71: 1665377 | V71: 393346 | X71: -53236870 | Z71: 930014 | AB71: 2830639 | AD71: 2392537 | AF71: 5612450 | AH71: 1239772 | AJ71: 2267194 | AL71: 1690209 | AN71: 129871 | AP71: 832420 | AR71: 1347952 | AX71: -62298017 | AZ71: 10511513 | BB71: 262366383 | BD71: 20073343 | BF71: 5814687 | BG71: -677415 | BH71: 85512 | BJ71: 979631 | BK71: =1201940 -> 1201940 | BN71: 921150 | BP71: -226907780 | BR71: 2532620 | BT71: 437710 | BV71: 495780 | BX71: 1230330 | BZ71: 26998290 | CB71: -771730 | CD71: 431730 | CF71: 62738 | CH71: -121496 | CJ71: 87791 | CL71: 18024 | CN71: -422031 | CP71: 52377 | CR71: -3197 | CT71: 18528 | CV71: 1145819 | CX71: -787685 | CZ71: 240325
B72: Recognized profit | C72: Profit utilizat al perioadei de gestiune | F72: -333637 | J72: -71979650
B73: Total Equity | C73: Total capital propriu | E73: =SUM(E62:E72) -> 367226297 | F73: =SUM(F62:F72) -> 373186184 | G73: =SUM(G63:G72) -> 258014571 | H73: =SUM(H63:H72) -> 273661533 | I73: =SUM(I62:I72) -> 1807110502 | J73: =SUM(J62:J72) -> 1735133386 | K73: =SUM(K62:K72) -> 62098633 | L73: =SUM(L62:L72) -> 60383256 | M73: =SUM(M62:M72) -> 1304026164 | N73: =SUM(N62:N72) -> 1088370552 | O73: =SUM(O62:O72) -> 13853466 | P73: =SUM(P62:P72) -> 9940521 | ... CZ73: =SUM(CZ62:CZ72) -> 45023120
B75: TOTAL LIABILITIES | C75: TOTAL PASIV | E75: =E73+E60 -> 383477183 | F75: =F73+F60 -> 403213406 | G75: =G73+G60 -> 445399060 | H75: =H73+H60 -> 396545687 | I75: =I73+I60 -> 5034549958 | J75: =J73+J60 -> 5248634425 | K75: =K73+K60 -> 68928969 | L75: =L73+L60 -> 61914713 | ... CZ75: =CZ73+CZ60 -> 61947826
B77: Income Statement | C77: Raportul de profit si pierderi
B78: Sales Revenue | C78: Venituri din vînzări | E78: 141918275 | F78: 140392284 | G78: 659855954 | H78: 654247641 | I78: 2344335905 | J78: 2424433073 | K78: 8716554 | L78: 10919772 | M78: 526655517 | N78: 498817021 | O78: 7311997 | P78: 3563831 | Q78: 32739609 | R78: 66635802 | S78: 9476611 | T78: 9894437 | U78: 2202116 | V78: 2248760 | W78: 1061405663 | X78: 909652773 | Y78: 45271011 | Z78: 41862953 | AA78: 138876965 | AB78: 150464322 | AC78: 13958926 | AD78: 14866361 | AE78: 387112787 | AF78: 578402755 | AG78: 75491172 | AH78: 72889514 | AI78: 33232340 | AJ78: 35455136 | AK78: 143937213 | AL78: 141080424 | AM78: 15754604 | AN78: 18383808 | AO78: 38181409 | AP78: 43003411 | AQ78: 20291368 | AR78: 28652345 | AS78: 43842744 | AT78: 46453776 | AU78: 1364486953 | AV78: 1072995503 | AW78: 537318278 | AX78: 418927868 | AY78: 387690757 | AZ78: 385220208 | BA78: 5162187845 | BB78: 5759541229 | BC78: 4284280854 | BD78: 3483047784 | BE78: 44383303 | BF78: 46661690 | BG78: 9173612 | BH78: 9790086 | BI78: 16162066 | BJ78: 16474752 | BK78: 128227480 | BL78: 134608260 | BM78: 13888990 | BN78: 14687880 | BO78: 2046844920 | BP78: 2513384050 | BQ78: 7680920 | BR78: 8066720 | BS78: 10081190 | BT78: 13534600 | BU78: 49495680 | BV78: 36358240 | BW78: 53625280 | BX78: 60705360 | BY78: 35692880 | BZ78: 50867440 | CA78: 7352620 | CB78: 7878320 | CC78: 9060610 | CD78: 7385300 | CE78: 1490536 | CF78: 1940376 | CG78: 2232239 | CH78: 2385476 | CI78: 1078848 | CJ78: 1216536 | CK78: 1577977 | CL78: 1749735 | CM78: 4840308 | CN78: 4897299 | CO78: 445103 | CP78: 769140 | CQ78: 187241 | CR78: 191116 | CS78: 161336 | CT78: 217614 | CU78: 25878734 | CV78: 27791985 | CW78: 1049000 | CX78: 805775 | CY78: 64914334 | CZ78: 48158161
B79: Cost of Sales | C79: Costul vînzărilor | E79: 94644904 | F79: 99765733 | G79: 559129926 | H79: 536330851 | I79: 2606019035 | J79: 2416117866 | K79: 4200663 | L79: 583240 | M79: 366347695 | N79: 395960396 | O79: 9405510 | P79: 5699839 | Q79: 26031996 | R79: 53082882 | S79: 6395099 | T79: 6609426 | U79: 1687202 | V79: 1404377 | W79: 1056643664 | X79: 897059765 | Y79: 163561 | Z79: 86197 | AA79: 107027141 | AB79: 122384523 | AC79: 6793375 | AD79: 7233899 | AE79: 465600878 | AF79: 500919076 | AG79: 53161764 | AH79: 50508695 | AI79: 22708089 | AJ79: 21320212 | AK79: 109798131 | AL79: 106796120 | AM79: 7082061 | AN79: 9227143 | AO79: 33919970 | AP79: 36166168 | AQ79: 14862335 | AR79: 19642529 | AS79: 41148210 | AT79: 40378656 | AU79: 1225130967 | AV79: 965013542 | AW79: 499856262 | AX79: 438285437 | AY79: 317781929 | AZ79: 295153298 | BA79: 4884934009 | BB79: 4030665159 | BC79: 4268860923 | BD79: 3464323718 | BE79: 28230634 | BF79: 33415060 | BG79: 3764888 | BH79: 6840120 | BI79: 7839916 | BJ79: 8905374 | BK79: 90489470 | BL79: 94428720 | BM79: 9734990 | BN79: 10630440 | BO79: 1863686380 | BP79: 2437315360 | BQ79: 4121790 | BR79: 2546400 | BS79: 7569680 | BT79: 10206720 | BU79: 33773970 | BV79: 22920000 | BW79: 43009100 | BX79: 48357980 | BY79: 16655840 | BZ79: 18074870 | CA79: 5157810 | CB79: 4872750 | CC79: 5070380 | CD79: 3409160 | CE79: 461882 | CF79: 424196 | CG79: 1191755 | CH79: 1437747 | CI79: 85776 | CJ79: 81464 | CK79: 1068215 | CL79: 1231071 | CM79: 3300920 | CN79: 4357145 | CO79: 462401 | CP79: 425811 | CQ79: 90883 | CR79: 86727 | CS79: 157376 | CT79: 212871 | CU79: 20323292 | CV79: 20458875 | CW79: 137860 | CX79: 113500 | CY79: 62245060 | CZ79: 43664455
B80: Gross Margin | C80: Profit brut (pierdere brută) | E80: 47273371 | F80: 40626551 | G80: 100726028 | H80: 117916790 | I80: =I78-I79 -> -261683130 | J80: =J78-J79 -> 8315207 | K80: =K78-K79 -> 4515891 | L80: =L78-L79 -> 10336532 | M80: =M78-M79 -> 160307822 | N80: =N78-N79 -> 102856625 | O80: =O78-O79 -> -2093513 | P80: =P78-P79 -> -2136008 | ... CZ80: =CZ78-CZ79 -> 4493706
B81: Other operating income | C81: Alte venituri din activitatea operațională | E81: 448366 | F81: 825006 | G81: 29075142 | H81: 45494347 | I81: 16533733 | J81: 40979903 | K81: 5424798 | L81: 1250517 | O81: 215634 | P81: 1065584 | Q81: 3540352 | R81: 100607 | S81: 223463 | T81: 917703 | U81: 10571957 | V81: 111717555 | W81: 40835755 | X81: 39463425 | Y81: 342822 | Z81: 1817550 | AA81: 2557088 | AB81: 4007360 | AC81: 356452 | AD81: 86136 | AE81: 3101349 | AF81: 10908967 | AG81: 78 | AH81: 479769 | AI81: 129318 | AJ81: 152016 | AK81: 1534053 | AL81: 1856089 | AM81: 74628 | AN81: 28950 | AO81: 2849017 | AP81: 2924884 | AQ81: 345344 | AR81: 338513 | AS81: 414313 | AT81: 240717 | AU81: 20999 | AV81: 51302 | AW81: 2588705 | AX81: 1981027 | AY81: 4665368 | AZ81: 3828252 | BA81: 19307963 | BB81: 14996683 | BC81: 2898484 | BD81: 8127341 | BE81: 7748108 | BF81: 7887513 | BG81: 68625 | BH81: 489027 | BI81: 379078 | BJ81: 360041 | BK81: 85800 | BL81: 816880 | BO81: 108370780 | BP81: 9826890 | BQ81: 56590 | BR81: 15670 | BU81: 985480 | BV81: 513930 | BW81: 442210 | BX81: 459860 | BY81: 1350 | BZ81: 9500 | CC81: 19550 | CD81: 13180 | CE81: 217528 | CF81: 293291 | CG81: 643 | CH81: 1 | CI81: 227205 | CJ81: 203098 | CM81: 142552 | CN81: 440110 | CO81: 11968 | CP81: 924 | CQ81: 378317 | CR81: 173706 | CS81: 69101 | CT81: 72226 | CU81: 763606 | CV81: 182983 | CW81: 146094 | CX81: 270541 | CY81: 3277983 | CZ81: 1917708
B82: Other operating expenses | C82: Cheltuieli de distribuire | E82: 7024073 | F82: 5519784 | G82: 70250721 | H82: 70350363 | I82: 14565601 | J82: 17636590 | O82: 28230 | P82: 225 | Q82: 1572646 | R82: 4102527 | T82: 7902 | V82: 36291 | Y82: 391407555 | Z82: 629075568 | AA82: 8390 | AB82: 813 | AC82: 760 | AE82: 6688 | AF82: 5033 | AG82: 3698010 | AH82: 3206729 | AI82: 9625 | AJ82: 54457 | AK82: 333816 | AL82: 836241 | AM82: 21479 | AN82: 138405 | AO82: 71569 | AP82: 767945 | AS82: 19838 | AU82: 48601426 | AV82: 42872770 | AW82: 27013491 | AX82: 24128726 | AY82: 7693424 | AZ82: 6853793 | BA82: 371137597 | BB82: 1174667490 | BE82: 10813 | BF82: 4584 | BG82: 17509 | BH82: 1624 | BK82: 61970 | BL82: 76080 | BO82: 138220720 | BP82: 188379340 | BU82: 99750 | BV82: 708900 | BW82: 793470 | BX82: 869300 | BY82: 47960 | BZ82: 110350 | CC82: 215170 | CG82: 1699 | CH82: 2000 | CI82: 5438 | CM82: 163151 | CN82: 115285 | CU82: 31131 | CV82: 56135 | CZ82: 5000
B83: SG&A | C83: Cheltuieli administrative | E83: 12751630 | F83: 12576264 | G83: 41017090 | H83: 44873000 | I83: 67302591 | J83: 49974458 | K83: 9659783 | L83: 8132778 | O83: 1716184 | P83: 1383782 | Q83: 5941440 | R83: 5880246 | S83: 3385819 | T83: 3643310 | U83: 10556250 | V83: 12022340 | W83: 46931103 | X83: 41533562 | AA83: 25797019 | AB83: 21967401 | AC83: 3657620 | AD83: 3733663 | AE83: 30923382 | AF83: 38452112 | AG83: 14968405 | AH83: 16092990 | AI83: 11519723 | AJ83: 10196154 | AK83: 29540563 | AL83: 31044397 | AM83: 7715067 | AN83: 7784207 | AO83: 7012508 | AP83: 7709374 | AQ83: 5802253 | AR83: 7737197 | AS83: 2812013 | AT83: 6845879 | AU83: 22412244 | AV83: 25328221 | AW83: 17484309 | AX83: 16830391 | AY83: 64876990 | AZ83: 72890550 | BA83: 75312271 | BB83: 81560222 | BC83: 3757289 | BD83: 3776354 | BE83: 18482716 | BF83: 14407217 | BG83: 6016472 | BH83: 2829117 | BI83: 7065331 | BJ83: 6742754 | BK83: 37735360 | BL83: 35988510 | BM83: 2701110 | BN83: 3086250 | BO83: 42171520 | BP83: 46839620 | BQ83: 2454070 | BR83: 2591990 | BS83: 2141300 | BT83: 2723860 | BU83: 14974570 | BV83: 12064640 | BW83: 8462290 | BX83: 9875700 | BY83: 5136560 | BZ83: 5792760 | CA83: 5951900 | CB83: 5484960 | CC83: 2375450 | CD83: 2577300 | CE83: 1967716 | CF83: 2798607 | CG83: 755022 | CH83: 606682 | CI83: 1114682 | CJ83: 1235564 | CK83: 496938 | CL83: 497557 | CM83: 1268472 | CN83: 1270032 | CO83: 306996 | CP83: 286704 | CQ83: 304123 | CR83: 279520 | CS83: 103755 | CT83: 115711 | CU83: 4588205 | CV83: 6017515 | CW83: 1689834 | CX83: 1750501 | CY83: 3414011 | CZ83: 4216633
B84: Other operational expenses | C84: Alte cheltuieli din activitatea operațională | E84: 8866336 | F84: 6427287 | G84: 14022958 | H84: 28169103 | I84: 32687105 | J84: 55809824 | K84: 4035656 | L84: 888732 | O84: 572193 | P84: 1704074 | Q84: 1400494 | R84: 248361 | S84: 1790 | T84: 1987 | U84: 84810 | V84: 29409 | W84: 109166765 | X84: 90564842 | Y84: 1496915 | Z84: 1024755 | AA84: 5469048 | AB84: 3870249 | AC84: 836438 | AD84: 981325 | AE84: 31890471 | AF84: 34817524 | AG84: 1653025 | AH84: 1596594 | AI84: 54798 | AJ84: 912288 | AK84: 1801909 | AL84: 1001244 | AM84: 715623 | AN84: 775143 | AO84: 46 | AQ84: 3553 | AR84: 5894 | AS84: 205789 | AT84: 143164 | AU84: 8898869 | AV84: 10333460 | AW84: 1245865 | AX84: 6674072 | AY84: 3252059 | AZ84: 3215551 | BA84: 1895893 | BB84: 2837259 | BC84: 3077357 | BD84: 343554 | BE84: 79109 | BF84: 93481 | BG84: 349030 | BH84: 659786 | BI84: 279569 | BJ84: 205640 | BK84: 545630 | BL84: 4059010 | BM84: 47710 | BN84: 71410 | BO84: 58229090 | BP84: 48204470 | BQ84: 55880 | BR84: 12750 | BU84: 136660 | BV84: 692240 | BW84: 283010 | BX84: 273800 | BY84: 878690 | BZ84: 985980 | CA84: 24000 | CB84: 11000 | CC84: 37570 | CD84: 757070 | CE84: 162417 | CF84: 99538 | CH84: 13500 | CI84: 57840 | CJ84: 9709 | CK84: 525 | CL84: 130 | CM84: 241903 | CN84: 275054 | CO84: 1746 | CP84: 5172 | CQ84: 172452 | CR84: 8701 | CS84: 254100 | CT84: 67684 | CU84: 766395 | CV84: 351277 | CY84: 2388482 | CZ84: 1901116
B85: Profit/(Loss) from operational activity | C85: Rezultatul din activitatea operațională (profit/pierdere) | E85: 19079698 | F85: 16928222 | G85: 4510851 | H85: 20018671 | I85: -359704694 | J85: -74125762 | K85: -3754750 | L85: -2704461 | O85: -4194486 | P85: -4158504 | Q85: 1333385 | R85: 3422393 | S85: -82634 | T85: 549515 | U85: 445811 | V85: 473898 | W85: -110500114 | X85: -80041971 | Y85: -347454198 | Z85: -586506017 | AA85: 3132455 | AB85: 6248696 | AC85: 3027185 | AD85: 2983610 | AE85: -357866790 | AF85: -5367365 | AG85: 2010046 | AH85: 1964275 | AI85: -930577 | AJ85: 3124041 | AK85: 3996847 | AL85: 3258511 | AM85: 295002 | AN85: 487860 | AO85: 26333 | AP85: 1284808 | AQ85: 31429 | AR85: 1605238 | AS85: 71207 | AT85: -675146 | AU85: 59464446 | AV85: 29498882 | AW85: -5692944 | AX85: -65009731 | AY85: -1248277 | AZ85: 10935268 | BA85: -151783962 | BB85: -484807782 | BC85: 11483469 | BD85: 22731499 | BE85: 5328139 | BF85: 6628861 | BG85: -905662 | BH85: -51534 | BI85: 1356328 | BJ85: 979572 | BK85: -519150 | BL85: 872820 | BM85: 1405170 | BN85: 899780 | BO85: 52907990 | BP85: -197527850 | BQ85: 1105760 | BR85: 2931250 | BS85: 370210 | BT85: 604030 | BU85: 1496200 | BV85: 486380 | BW85: 1519610 | BX85: 1788450 | BY85: 12975180 | BZ85: 25912970 | CA85: -3781100 | CB85: -2490390 | CC85: 1381590 | CD85: 654960 | CE85: -883951 | CF85: -1088674 | CG85: 284406 | CH85: 325548 | CI85: 42317 | CJ85: 92897 | CK85: 12299 | CL85: 20977 | CM85: 8414 | CN85: -680107 | CO85: -314072 | CP85: 52377 | CQ85: -1900 | CR85: -3126 | CS85: -284794 | CT85: -108226 | CU85: 933317 | CV85: 1091166 | CW85: -632600 | CX85: -787685 | CY85: 144764 | CZ85: 288665
B86: Income from investment activity | C86: Rezultatul din activitatea de investiţii: profit (pierdere) | G86: 4064149 | H86: 740617 | AU86: 11522614 | AW86: 1613559 | AX86: 2711714
B87: Income from financing activity | C87: Rezultatul din activitatea financiară: profit (pierdere) | G87: -6323704 | H87: -407132
B88: Profit/(Loss) from other activities | C88: Rezultatul din alte activități profit/(pierdere) | E88: -1055387 | F88: 506730 | I88: -1658194 | J88: 2146112 | K88: 4052808 | L88: 1378674 | O88: 303140 | P88: 287993 | Q88: 135940 | R88: -319846 | S88: 810647 | T88: 1211718 | U88: -60993 | V88: -21369 | W88: 5264259 | X88: 26805101 | Y88: 350390890 | Z88: 587954313 | AA88: 7349695 | AB88: -3038036 | AC88: 158871 | AD88: -60899 | AG88: 884132 | AH88: 371823 | AI88: 107177 | AJ88: 4955 | AK88: -335257 | AL88: -872361 | AM88: 69116 | AN88: -59170 | AO88: 27930 | AP88: -106459 | AQ88: 274045 | AR88: 121697 | AS88: 292 | AT88: 26360 | AV88: 173944228 | AY88: 7047687 | AZ88: 1545408 | BA88: -2959944788 | BB88: -222441399 | BC88: -8651732 | BD88: -107181 | BE88: 253983 | BF88: 326760 | BG88: 228247 | BH88: 185414 | BI88: 150754 | BJ88: 59 | BK88: 2142140 | BL88: 1389530 | BM88: 68390 | BN88: 165540 | BO88: -48146470 | BP88: -29379940 | BQ88: 320 | BT88: -80 | BU88: 410640 | BV88: 77000 | BW88: 35630 | BX88: 17600 | BY88: 4102460 | BZ88: 4894240 | CA88: 3237460 | CB88: 1718660 | CC88: -53290 | CD88: 3160 | CE88: 815758 | CF88: 1151412 | CG88: 28669 | CH88: -439699 | CI88: 201 | CJ88: -27 | CM88: 3999 | CN88: 258076 | CS88: 300000 | CT88: 136899 | CU88: 53336 | CV88: 54653 | CZ88: -48339
B89: Profit/(Loss) before tax | C89: Profit/(pierdere) pînă la impozitare | E89: 18024311 | F89: 17434952 | G89: 2251296 | H89: 20349898 | I89: -361362888 | J89: -71979650 | K89: 298058 | L89: -1325757 | O89: -3891346 | P89: -3870512 | Q89: 1469325 | R89: 3102547 | S89: 728013 | T89: 1761233 | U89: 384818 | V89: 452529 | W89: -105235855 | X89: -53236870 | Y89: 2936692 | Z89: 1448296 | AA89: 10482150 | AB89: 3210660 | AC89: 3186056 | AD89: 2922711 | AE89: -496074073 | AF89: 9750612 | AG89: 1125914 | AH89: 1592452 | AI89: -823400 | AJ89: 3128996 | AK89: 3661590 | AL89: 2386150 | AM89: 364118 | AN89: 428690 | AO89: 54263 | AP89: 1178349 | AQ89: 242616 | AR89: 1726935 | AS89: 71499 | AT89: -648786 | AU89: 70987060 | AV89: 46893040 | AW89: -4079385 | AX89: -62298017 | AY89: 5799410 | AZ89: 12480676 | BA89: -3111728750 | BB89: 262366383 | BC89: 2832037 | BD89: 22624318 | BE89: 5582122 | BF89: 6955621 | BG89: -677415 | BH89: 133880 | BI89: 1507082 | BJ89: 979631 | BK89: 1622990 | BL89: 2262350 | BM89: 1473560 | BN89: 1065320 | BO89: 4761520 | BP89: -226907780 | BQ89: 1106080 | BR89: 2931250 | BS89: 370210 | BT89: 603940 | BU89: 1906840 | BV89: 563390 | BW89: 1555240 | BX89: 1806050 | BY89: 17077630 | BZ89: 30807220 | CA89: -543630 | CB89: -771730 | CC89: 1328290 | CD89: 658120 | CE89: -68193 | CF89: 62738 | CG89: 313075 | CH89: -114151 | CI89: 42518 | CJ89: 92870 | CK89: 12299 | CL89: 20977 | CM89: 12413 | CN89: -422031 | CO89: -314072 | CP89: 52377 | CQ89: -1900 | CR89: -3126 | CS89: 15206 | CT89: 28673 | CU89: 986653 | CV89: 1145819 | CW89: -632600 | CX89: -787685 | CY89: 144764 | CZ89: 240326
B90: Tax income as reported | C90: Cheltuieli privind impozitul pe venit | E90: 2772917 | F90: 2537587 | H90: 3746793 | K90: 201112 | L90: 216035 | Q90: 266019 | R90: 496891 | S90: 173858 | T90: 95856 | U90: 38322 | V90: 59183 | Y90: 825325 | Z90: 518282 | AA90: 2665472 | AB90: 380021 | AC90: 532225 | AD90: 530174 | AF90: 4138162 | AG90: 371738 | AH90: 352680 | AI90: 439804 | AJ90: 861802 | AK90: 940523 | AL90: 695941 | AM90: 88629 | AN90: 298819 | AP90: 345929 | AQ90: 212804 | AR90: 378983 | AS90: 29326 | AU90: 8352796 | AV90: 5555633 | AY90: 1236338 | AZ90: 1969163 | BC90: 389120 | BD90: 2550975 | BE90: 1037609 | BF90: 1140934 | BH90: 48368 | BI90: 193112 | BK90: 421050 | BL90: 1036710 | BM90: 190580 | BN90: 144180 | BO90: 3563690 | BQ90: 201430 | BR90: 398630 | BS90: 116700 | BT90: 166220 | BU90: 127880 | BV90: 67610 | BW90: 386010 | BX90: 575720 | BY90: 2108650 | BZ90: 3808930 | CC90: 251170 | CD90: 226390 | CG90: 38428 | CH90: 7345 | CI90: 13773 | CJ90: 5079 | CK90: 1801 | CL90: 2953 | CR90: -71 | CS90: 6462 | CT90: 10145
B91: Net income/(Loss) | C91: Profit net (pierdere netă) al perioadei de gestiune | E91: =E89-E90 -> 15251394 | F91: =F89-F90 -> 14897365 | G91: =G89-G90 -> 2251296 | H91: =H89-H90 -> 16603105 | I91: =I89-I90 -> -361362888 | J91: =J89-J90 -> -71979650 | K91: =K89-K90 -> 96946 | L91: =L89-L90 -> -1541792 | M91: 160307822 | N91: 102856625 | O91: =O89-O90 -> -3891346 | P91: =P89-P90 -> -3870512 | Q91: =Q89-Q90 -> 1203306 | R91: =R89-R90 -> 2605656 | S91: =S89-S90 -> 554155 | T91: =T89-T90 -> 1665377 | U91: =U89-U90 -> 346496 | V91: =V89-V90 -> 393346 | ... CZ91: =CZ89-CZ90 -> 240326
B93: Check (TA-TL=E) | C93: Verificare (TA-TP=CP) | E93: =E36-E60=E73 -> TRUE | F93: =F36-F60=F73 -> TRUE | G93: =G36-G60=G73 -> TRUE | H93: =H36-H60=H73 -> TRUE | I93: =I36-I60=I73 -> FALSE | J93: =J36-J60=J73 -> FALSE | K93: =K36-K60=K73 -> TRUE | L93: =L36-L60=L73 -> TRUE | ... BG93: =BG36-BG60=BG73 -> TRUE | BH93: =BG36-BG60=BG73 -> TRUE | BI93: =BI36-BI60=BI73 -> TRUE | BJ93: =BJ36-BJ60=BJ73 -> TRUE | BK93: =BK36-BK60=BK73 -> TRUE | BL93: =BL36-BL60=BL73 -> TRUE | BM93: =BM36-BM60=BM73 -> TRUE | BN93: =BN36-BN60=BN73 -> TRUE | BO93: =BO36-BO60=BO73 -> TRUE | BP93: =BP36-BP60=BP73 -> TRUE | ... CZ93: =CZ36-CZ60=CZ73 -> TRUE
B94: Check TA=TL | C94: Verificare TA=TP | E94: =E75=E36 -> TRUE | F94: =F75=F36 -> TRUE | G94: =G75=G36 -> TRUE | H94: =H75=H36 -> TRUE | I94: =I75=I36 -> FALSE | J94: =J75=J36 -> FALSE | K94: =K75=K36 -> TRUE | L94: =L75=L36 -> TRUE | ... BG94: =BG75=BG36 -> TRUE | BH94: =BG75=BG36 -> TRUE | BI94: =BI75=BI36 -> TRUE | BJ94: =BJ75=BJ36 -> TRUE | BK94: =BK75=BK36 -> TRUE | BL94: =BL75=BL36 -> TRUE | BM94: =BM75=BM36 -> TRUE | BN94: =BN75=BN36 -> TRUE | BO94: =BO75=BO36 -> TRUE | BP94: =BP75=BP36 -> TRUE | ... CZ94: =CZ75=CZ36 -> TRUE
I95: Accounting problem :D with current assets | AI95: craziest reporting!!!!!

Sheet MD-ratios
G1: direction | H1: distribution | L1: quartiles | R1: rest | S1: lhs | T1: rhs | U1: k | V1: average | W1: 1.5 | X1: 2 | Y1: thresholds for points | AF1: S.A. Tutun-CTC | AG1: S.A Franzeluta | AH1: S.A.Termoelectrica | AI1: S.A. Tracom | AJ1: S.A. Moldetelecom | AK1: I.S. Moldsuinhibrid | AL1: I.S. Mecagro | AM1: I.S. CNVCPA | AN1: I.S.Centrul Informational Agricol | AO1: I.S. Calea Ferata | AP1: I.S. Administratia de stat a drumurilor | AQ1: I.S. Moldatsa | AR1: I.S. CTSIC | AS1: I.S. Moldelectrica | AT1: I.S. Fiscservinform | AU1: I.S. Vamservinform | AV1: I.S. Servicii Paza | AW1: I.S. MoldData | AX1: I.S. C.Telecomunicatii Speciale | AY1: I.S CIS | AZ1: S.A. Drumuri Cahul | BA1: S.A Metalferos | BB1: S.A. Red Nord Vest | BC1: I.S. Posta Moldovei | BD1: S.A. Moldovagaz | BE1: S.A Energocom | BF1: I.S. Garile si statiile auto | BG1: I.S. Moldaeroservice | BH1: S.A. Gara de nord | BI1: I.S. Cadastru | BJ1: CS Omologarea FITO | BK1: I.S. Air Moldova | BL1: Dir. Corp Diplomatic | BM1: I.S Fintehinform | BN1: I.S. CP Armata Nationala | BO1: I.S. Combinatul Polligrafic | BP1: I.S. Frencvente Radio | BQ1: I.S. Palatul Republicii | BR1: I.S Casa Presei | BS1: I.S. CRARA | BT1: I.S. CSECPC | BU1: I.S. SSPIM | BV1: I.S. Indal Proiect | BW1: I.S. SDE Criuleni | BX1: I.S. Centrul de elaborari economice si productie | BY1: I.S. Dumbrava Vest | BZ1: I.S. Viva Flora | CA1: I.S CMAC | CB1: I.S. CRIA | CC1: S.A. Drumuri Ialoveni | CF1: 1 | CG1: 2 | CH1: 3 | CI1: 4 | CJ1: 5 | CK1: 6 | CL1: 7 | CM1: 8 | CN1: 9 | CO1: 10 | CP1: 11 | CQ1: 12 | CR1: 13 | CS1: 14 | CT1: 15 | CU1: 16 | CV1: 17 | CW1: 18 | CX1: 19 | CY1: 20 | CZ1: 21 | DA1: 22 | DB1: 23 | DC1: 24 | DD1: 25 | DE1: 26 | DF1: 27 | DG1: 28 | DH1: 29 | DI1: 30 | DJ1: 31 | DK1: 32 | DL1: 33 | DM1: 34 | DN1: 35 | DO1: 36 | DP1: 37 | DQ1: 38 | DR1: 39 | DS1: 40 | DT1: 41 | DU1: 42 | DV1: 43 | DW1: 44 | DX1: 45 | DY1: 46 | DZ1: 47 | EA1: 48 | EB1: 49 | EC1: 50 | EF1: 1 | EG1: 2 | EH1: 3 | EI1: 4 | EJ1: 5 | EK1: 6 | EL1: 7 | EM1: 8 | EN1: 9 | EO1: 10 | EP1: 11 | EQ1: 12 | ER1: 13 | ES1: 14 | ET1: 15 | EU1: 16 | EV1: 17 | EW1: 18 | EX1: 19 | EY1: 20 | EZ1: 21 | FA1: 22 | FB1: 23 | FC1: 24 | FD1: 25 | FE1: 26 | FF1: 27 | FG1: 28 | FH1: 29 | FI1: 30 | FJ1: 31 | FK1: 32 | FL1: 33 | FM1: 34 | FN1: 35 | FO1: 36 | FP1: 37 | FQ1: 38 | FR1: 39 | FS1: 40 | FT1: 41 | FU1: 42 | FV1: 43 | FW1: 44 | FX1: 45 | FY1: 46 | FZ1: 47 | GA1: 48 | GB1: 49
L2: 0 | M2: 1 | N2: 2 | O2: 3 | P2: 4 | Y2: 0 | AA2: 5 | AC2: 10
A7: 0.3 | B7: Liquidity | C7: 0.1 | D7: Current Ratio | E7: Current Assets ÷ Current Liabilities | G7: + | H7: one-tailed | J7: 2015 | L7: =QUARTILE($AF7:$CC7,L$2) -> 0.14360714 | M7: =QUARTILE($AF7:$CC7,M$2) -> 0.92138891 | N7: =QUARTILE($AF7:$CC7,N$2) -> 1.6084479 | O7: =QUARTILE($AF7:$CC7,O$2) -> 3.7726854 | P7: =QUARTILE($AF7:$CC7,P$2) -> 85.703555 | R7: =(T7-S7)^2 -> 1.3083593e-09 | S7: =(U7-1)/LN(U7) -> 15.290227 | T7: {=((AVERAGE(IF(AF7:CC7<AC7,AF7:CC7))-MIN(IF(AF7:CC7<AC7,AF7:CC7)))/(MAX(IF(AF7:CC7<AC7,AF7:CC7))-MIN(IF(AF7:CC7<AC7,AF7:CC7))))^(-3/2)} -> 15.290191 | U7: 64.774095 | V7: =AVERAGE(AF7:CC7) -> 8.319599 | Y7: 0 | Z7: {=AA7/AVERAGE(IF($EF7:$GB7<=QUARTILE($EF7:$GB7,3),$EF7:$GB7,""))^(COUNT($AF7:$CC7)/4)} -> 0.73879198 | AA7: =N7 -> 1.6084479 | AB7: {=AA7*AVERAGE(IF($EF7:$GB7<=QUARTILE($EF7:$GB7,3),$EF7:$GB7,""))^(COUNT($AF7:$CC7)/4)} -> 3.5018038 | AC7: {=AB7*(AVERAGE(IF($EF7:$GB7<=QUARTILE($EF7:$GB7,3)+X$1*(QUARTILE($EF7:$GB7,3)-QUARTILE($EF7:$GB7,1)),$EF7:$GB7,"")))^(COUNT($AF7:$CC7)/4)} -> 12.785177 | AF7: ='MD-data'!E35/'MD-data'!E59 -> 15.583684 | AG7: ='MD-data'!G35/'MD-data'!G59 -> 1.4530881 | AH7: ='MD-data'!I35/'MD-data'!I59 -> 0.91177621 | AI7: ='MD-data'!K35/'MD-data'!K59 -> 1.3452836 | AJ7: ='MD-data'!M35/'MD-data'!M59 -> 0.14360714 | AK7: ='MD-data'!O35/'MD-data'!O59 -> 1.8111377 | AL7: ='MD-data'!Q35/'MD-data'!Q59 -> 62.386027 | AM7: ='MD-data'!S35/'MD-data'!S59 -> 41.389766 | AN7: ='MD-data'!U35/'MD-data'!U59 -> 25.639272 | AO7: ='MD-data'!W35/'MD-data'!W59 -> 1.1103875 | AP7: ='MD-data'!Y35/'MD-data'!Y59 -> 0.7772759 | AQ7: ='MD-data'!AA35/'MD-data'!AA59 -> 2.0759583 | AR7: ='MD-data'!AC35/'MD-data'!AC59 -> 3.6966774 | AS7: ='MD-data'!AE35/'MD-data'!AE59 -> 1.469864 | AT7: ='MD-data'!AG35/'MD-data'!AG59 -> 0.73395917 | AU7: ='MD-data'!AI35/'MD-data'!AI59 -> 1.8941687 | AV7: ='MD-data'!AK35/'MD-data'!AK59 -> 3.4873455 | AW7: ='MD-data'!AM35/'MD-data'!AM59 -> 0.30606493 | AX7: ='MD-data'!AO35/'MD-data'!AO59 -> 3.3408886 | AY7: ='MD-data'!AQ35/'MD-data'!AQ59 -> 1.6318821 | AZ7: ='MD-data'!AS35/'MD-data'!AS59 -> 2.4508906 | BA7: ='MD-data'!AU35/'MD-data'!AU59 -> 85.703555 | BB7: ='MD-data'!AW35/'MD-data'!AW59 -> 0.51472165 | BC7: ='MD-data'!AY35/'MD-data'!AY59 -> 0.95022701 | BD7: ='MD-data'!BA35/'MD-data'!BA59 -> 0.44776814 | BE7: ='MD-data'!BC35/'MD-data'!BC59 -> 1.0378164 | BF7: ='MD-data'!BE35/'MD-data'!BE59 -> 2.0442054 | BG7: ='MD-data'!BG35/'MD-data'!BG59 -> 1.1084413 | BH7: ='MD-data'!BI35/'MD-data'!BI59 -> 0.21498253 | BI7: ='MD-data'!BL35/'MD-data'!BL59 -> 2.8264789 | BJ7: ='MD-data'!BM35/'MD-data'!BM59 -> 5.6635757 | BK7: ='MD-data'!BO35/'MD-data'!BO59 -> 0.57153138 | BL7: ='MD-data'!BQ35/'MD-data'!BQ59 -> 25.362613 | BM7: ='MD-data'!BS35/'MD-data'!BS59 -> 2.8618053 | BN7: ='MD-data'!BU35/'MD-data'!BU59 -> 0.580791 | BO7: ='MD-data'!BW35/'MD-data'!BW59 -> 11.539772 | BP7: ='MD-data'!BY35/'MD-data'!BY59 -> 17.943895 | BQ7: ='MD-data'!CA35/'MD-data'!CA59 -> 8.9302484 | BR7: ='MD-data'!CC35/'MD-data'!CC59 -> 0.48379338 | BS7: ='MD-data'!CE35/'MD-data'!CE59 -> 29.499259 | BT7: ='MD-data'!CG35/'MD-data'!CG59 -> 30.737763 | BU7: ='MD-data'!CI35/'MD-data'!CI59 -> 1.5850136 | BV7: ='MD-data'!CK35/'MD-data'!CK59 -> 1.2326857 | BW7: ='MD-data'!CM35/'MD-data'!CM59 -> 3.7980215 | BX7: ='MD-data'!CO35/'MD-data'!CO59 -> 1.0863773 | BY7: ='MD-data'!CQ35/'MD-data'!CQ59 -> 1.1300543 | BZ7: ='MD-data'!CS35/'MD-data'!CS59 -> 0.75098033 | CA7: ='MD-data'!CU35/'MD-data'!CU59 -> 1.3701626 | CB7: ='MD-data'!CW35/'MD-data'!CW59 -> 0.22070976 | CC7: ='MD-data'!CY35/'MD-data'!CY59 -> 2.1436988 | CF7: =SMALL($AF7:$CC7,CF$1) -> 0.14360714 | CG7: =SMALL($AF7:$CC7,CG$1) -> 0.21498253 | CH7: =SMALL($AF7:$CC7,CH$1) -> 0.22070976 | CI7: =SMALL($AF7:$CC7,CI$1) -> 0.30606493 | CJ7: =SMALL($AF7:$CC7,CJ$1) -> 0.44776814 | CK7: =SMALL($AF7:$CC7,CK$1) -> 0.48379338 | CL7: =SMALL($AF7:$CC7,CL$1) -> 0.51472165 | CM7: =SMALL($AF7:$CC7,CM$1) -> 0.57153138 | ... EC7: =SMALL($AF7:$CC7,EC$1) -> 85.703555 | EF7: =IFERROR(CG7/CF7,"") -> 1.4970184 | EG7: =IFERROR(CH7/CG7,"") -> 1.0266404 | EH7: =IFERROR(CI7/CH7,"") -> 1.3867304 | EI7: =IFERROR(CJ7/CI7,"") -> 1.4629841 | EJ7: =IFERROR(CK7/CJ7,"") -> 1.0804551 | EK7: =IFERROR(CL7/CK7,"") -> 1.0639287 | EL7: =IFERROR(CM7/CL7,"") -> 1.1103698 | EM7: =IFERROR(CN7/CM7,"") -> 1.0162014 | ... GB7: =IFERROR(EC7/EB7,"") -> 1.373762
C8: 0.1 | D8: Quick Asset Ratio | E8: Cash + Marketable Securities + Accounts Receivable) ÷ Current Liabilities | G8: + | H8: one-tailed | L8: =QUARTILE($AF8:$CC8,L$2) -> 0.004264113 | M8: =QUARTILE($AF8:$CC8,M$2) -> 0.28326724 | N8: =QUARTILE($AF8:$CC8,N$2) -> 0.87637234 | O8: =QUARTILE($AF8:$CC8,O$2) -> 2.3282713 | P8: =QUARTILE($AF8:$CC8,P$2) -> 35.359546 | R8: =(T8-S8)^2 -> 1.2675995e-08 | S8: =(U8-1)/LN(U8) -> 11.21824 | T8: {=((AVERAGE(IF(AF8:CC8<AC8,AF8:CC8))-MIN(IF(AF8:CC8<AC8,AF8:CC8)))/(MAX(IF(AF8:CC8<AC8,AF8:CC8))-MIN(IF(AF8:CC8<AC8,AF8:CC8))))^(-3/2)} -> 11.218353 | U8: 43.262258 | V8: =AVERAGE(AF8:CC8) -> 3.0244098 | Y8: 0 | Z8: {=AA8/AVERAGE(IF($EF8:$GB8<=QUARTILE($EF8:$GB8,3),$EF8:$GB8,""))^(COUNT($AF8:$CC8)/4)} -> 0.33460061 | AA8: =N8 -> 0.87637234 | AB8: {=AA8*AVERAGE(IF($EF8:$GB8<=QUARTILE($EF8:$GB8,3),$EF8:$GB8,""))^(COUNT($AF8:$CC8)/4)} -> 2.2953589 | AC8: {=AB8*(AVERAGE(IF($EF8:$GB8<=QUARTILE($EF8:$GB8,3)+X$1*(QUARTILE($EF8:$GB8,3)-QUARTILE($EF8:$GB8,1)),$EF8:$GB8,"")))^(COUNT($AF8:$CC8)/4)} -> 8.6625372 | AF8: =('MD-data'!E32+'MD-data'!E26+'MD-data'!E27)/'MD-data'!E59 -> 3.2892219 | AG8: =('MD-data'!G32+'MD-data'!G26+'MD-data'!G27)/'MD-data'!G59 -> 0.29423731 | AH8: =('MD-data'!I32+'MD-data'!I26+'MD-data'!I27)/'MD-data'!I59 -> 0.78801415 | AI8: =('MD-data'!K32+'MD-data'!K26+'MD-data'!K27)/'MD-data'!K59 -> 0.27961055 | AJ8: =('MD-data'!M32+'MD-data'!M26+'MD-data'!M27)/'MD-data'!M59 -> 0.041754951 | AK8: =('MD-data'!O32+'MD-data'!O26+'MD-data'!O27)/'MD-data'!O59 -> 0.074848358 | AL8: =('MD-data'!Q32+'MD-data'!Q26+'MD-data'!Q27)/'MD-data'!Q59 -> 5.6795405 | AM8: =('MD-data'!S32+'MD-data'!S26+'MD-data'!S27)/'MD-data'!S59 -> 3.891989 | AN8: =('MD-data'!U32+'MD-data'!U26+'MD-data'!U27)/'MD-data'!U59 -> 6.7758818 | AO8: =('MD-data'!W32+'MD-data'!W26+'MD-data'!W27)/'MD-data'!W59 -> 0.12258289 | AP8: =('MD-data'!Y32+'MD-data'!Y26+'MD-data'!Y27)/'MD-data'!Y59 -> 0.77169837 | AQ8: =('MD-data'!AA32+'MD-data'!AA26+'MD-data'!AA27)/'MD-data'!AA59 -> 1.882705 | AR8: =('MD-data'!AC32+'MD-data'!AC26+'MD-data'!AC27)/'MD-data'!AC59 -> 2.824948 | AS8: =('MD-data'!AE32+'MD-data'!AE26+'MD-data'!AE27)/'MD-data'!AE59 -> 1.0034548 | AT8: =('MD-data'!AG32+'MD-data'!AG26+'MD-data'!AG27)/'MD-data'!AG59 -> 0.50855466 | AU8: =('MD-data'!AI32+'MD-data'!AI26+'MD-data'!AI27)/'MD-data'!AI59 -> 1.3795615 | AV8: =('MD-data'!AK32+'MD-data'!AK26+'MD-data'!AK27)/'MD-data'!AK59 -> 2.2051719 | AW8: =('MD-data'!AM32+'MD-data'!AM26+'MD-data'!AM27)/'MD-data'!AM59 -> 0.16263045 | AX8: =('MD-data'!AO32+'MD-data'!AO26+'MD-data'!AO27)/'MD-data'!AO59 -> 2.3597796 | AY8: =('MD-data'!AQ32+'MD-data'!AQ26+'MD-data'!AQ27)/'MD-data'!AQ59 -> 0.63234034 | AZ8: =('MD-data'!AS32+'MD-data'!AS26+'MD-data'!AS27)/'MD-data'!AS59 -> 1.675808 | BA8: =('MD-data'!AU32+'MD-data'!AU26+'MD-data'!AU27)/'MD-data'!AU59 -> 35.359546 | BB8: =('MD-data'!AW32+'MD-data'!AW26+'MD-data'!AW27)/'MD-data'!AW59 -> 0.23747557 | BC8: =('MD-data'!AY32+'MD-data'!AY26+'MD-data'!AY27)/'MD-data'!AY59 -> 0.72354009 | BD8: =('MD-data'!BA32+'MD-data'!BA26+'MD-data'!BA27)/'MD-data'!BA59 -> 0.37810673 | BE8: =('MD-data'!BC32+'MD-data'!BC26+'MD-data'!BC27)/'MD-data'!BC59 -> 1.0290127 | BF8: =('MD-data'!BE32+'MD-data'!BE26+'MD-data'!BE27)/'MD-data'!BE59 -> 1.1496744 | BG8: =('MD-data'!BG32+'MD-data'!BG26+'MD-data'!BG27)/'MD-data'!BG59 -> 0.58721912 | BH8: =('MD-data'!BI32+'MD-data'!BI26+'MD-data'!BI27)/'MD-data'!BI59 -> 0.065680862 | BI8: =('MD-data'!BL32+'MD-data'!BL26+'MD-data'!BL27)/'MD-data'!BL59 -> 1.6716968 | BJ8: =('MD-data'!BM32+'MD-data'!BM26+'MD-data'!BM27)/'MD-data'!BM59 -> 3.2619217 | BK8: =('MD-data'!BO32+'MD-data'!BO26+'MD-data'!BO27)/'MD-data'!BO59 -> 0.15919498 | BL8: =('MD-data'!BQ32+'MD-data'!BQ26+'MD-data'!BQ27)/'MD-data'!BQ59 -> 21.822868 | BM8: =('MD-data'!BS32+'MD-data'!BS26+'MD-data'!BS27)/'MD-data'!BS59 -> 2.2337461 | BN8: =('MD-data'!BU32+'MD-data'!BU26+'MD-data'!BU27)/'MD-data'!BU59 -> 0.15179612 | BO8: =('MD-data'!BW32+'MD-data'!BW26+'MD-data'!BW27)/'MD-data'!BW59 -> 5.6229616 | BP8: =('MD-data'!BY32+'MD-data'!BY26+'MD-data'!BY27)/'MD-data'!BY59 -> 1.5298849 | BQ8: =('MD-data'!CA32+'MD-data'!CA26+'MD-data'!CA27)/'MD-data'!CA59 -> 7.6839444 | BR8: =('MD-data'!CC32+'MD-data'!CC26+'MD-data'!CC27)/'MD-data'!CC59 -> 0.020539546 | BS8: =('MD-data'!CE32+'MD-data'!CE26+'MD-data'!CE27)/'MD-data'!CE59 -> 3.9310026 | BT8: =('MD-data'!CG32+'MD-data'!CG26+'MD-data'!CG27)/'MD-data'!CG59 -> 21.811832 | BU8: =('MD-data'!CI32+'MD-data'!CI26+'MD-data'!CI27)/'MD-data'!CI59 -> 0.15014079 | BV8: =('MD-data'!CK32+'MD-data'!CK26+'MD-data'!CK27)/'MD-data'!CK59 -> 0.77095702 | BW8: =('MD-data'!CM32+'MD-data'!CM26+'MD-data'!CM27)/'MD-data'!CM59 -> 0.59864164 | BX8: =('MD-data'!CO32+'MD-data'!CO26+'MD-data'!CO27)/'MD-data'!CO59 -> 0.94219511 | BY8: =('MD-data'!CQ32+'MD-data'!CQ26+'MD-data'!CQ27)/'MD-data'!CQ59 -> 0.68501999 | BZ8: =('MD-data'!CS32+'MD-data'!CS26+'MD-data'!CS27)/'MD-data'!CS59 -> 0.0094470733 | CA8: =('MD-data'!CU32+'MD-data'!CU26+'MD-data'!CU27)/'MD-data'!CU59 -> 0.81054957 | CB8: =('MD-data'!CW32+'MD-data'!CW26+'MD-data'!CW27)/'MD-data'!CW59 -> 0.004264113 | CC8: =('MD-data'!CY32+'MD-data'!CY26+'MD-data'!CY27)/'MD-data'!CY59 -> 1.1732967 | CF8: =SMALL($AF8:$CC8,CF$1) -> 0.004264113 | CG8: =SMALL($AF8:$CC8,CG$1) -> 0.0094470733 | CH8: =SMALL($AF8:$CC8,CH$1) -> 0.020539546 | CI8: =SMALL($AF8:$CC8,CI$1) -> 0.041754951 | CJ8: =SMALL($AF8:$CC8,CJ$1) -> 0.065680862 | CK8: =SMALL($AF8:$CC8,CK$1) -> 0.074848358 | CL8: =SMALL($AF8:$CC8,CL$1) -> 0.12258289 | CM8: =SMALL($AF8:$CC8,CM$1) -> 0.15014079 | ... EC8: =SMALL($AF8:$CC8,EC$1) -> 35.359546 | EF8: =IFERROR(CG8/CF8,"") -> 2.2154838 | EG8: =IFERROR(CH8/CG8,"") -> 2.1741703 | EH8: =IFERROR(CI8/CH8,"") -> 2.0329052 | EI8: =IFERROR(CJ8/CI8,"") -> 1.5730078 | EJ8: =IFERROR(CK8/CJ8,"") -> 1.1395764 | EK8: =IFERROR(CL8/CK8,"") -> 1.6377499 | EL8: =IFERROR(CM8/CL8,"") -> 1.2248103 | EM8: =IFERROR(CN8/CM8,"") -> 1.0110252 | ... GB8: =IFERROR(EC8/EB8,"") -> 1.6202979
C9: 0.1 | D9: Cash Position Ratio | E9: Cash ÷ Current Liabilities | G9: + | H9: one-tailed | L9: =QUARTILE($AF9:$CC9,L$2) -> 0.00016129197 | M9: =QUARTILE($AF9:$CC9,M$2) -> 0.046685408 | N9: =QUARTILE($AF9:$CC9,N$2) -> 0.25566768 | O9: =QUARTILE($AF9:$CC9,O$2) -> 1.1409148 | P9: =QUARTILE($AF9:$CC9,P$2) -> 21.822868 | R9: =(T9-S9)^2 -> 1.7422103e-10 | S9: =(U9-1)/LN(U9) -> 17.370048 | T9: {=((AVERAGE(IF(AF9:CC9<AC9,AF9:CC9))-MIN(IF(AF9:CC9<AC9,AF9:CC9)))/(MAX(IF(AF9:CC9<AC9,AF9:CC9))-MIN(IF(AF9:CC9<AC9,AF9:CC9))))^(-3/2)} -> 17.370061 | U9: 76.291555 | V9: =AVERAGE(AF9:CC9) -> 1.8157413 | Y9: 0 | Z9: {=AA9/AVERAGE(IF($EF9:$GB9<=QUARTILE($EF9:$GB9,3),$EF9:$GB9,""))^(COUNT($AF9:$CC9)/4)} -> 0.065827846 | AA9: =N9 -> 0.25566768 | AB9: {=AA9*AVERAGE(IF($EF9:$GB9<=QUARTILE($EF9:$GB9,3),$EF9:$GB9,""))^(COUNT($AF9:$CC9)/4)} -> 0.9929835 | AC9: {=AB9*(AVERAGE(IF($EF9:$GB9<=QUARTILE($EF9:$GB9,3)+X$1*(QUARTILE($EF9:$GB9,3)-QUARTILE($EF9:$GB9,1)),$EF9:$GB9,"")))^(COUNT($AF9:$CC9)/4)} -> 7.9199922 | AF9: ='MD-data'!E32/'MD-data'!E59 -> 0.14625523 | AG9: ='MD-data'!G32/'MD-data'!G59 -> 0.15368295 | AH9: ='MD-data'!I32/'MD-data'!I59 -> 0.045898887 | AI9: ='MD-data'!K32/'MD-data'!K59 -> 0.087966683 | AJ9: ='MD-data'!M32/'MD-data'!M59 -> 0.00016129197 | AK9: ='MD-data'!O32/'MD-data'!O59 -> 0.0061261649 | AL9: ='MD-data'!Q32/'MD-data'!Q59 -> 4.7696634 | AM9: ='MD-data'!S32/'MD-data'!S59 -> 0.44122906 | AN9: ='MD-data'!U32/'MD-data'!U59 -> 6.7225796 | AO9: ='MD-data'!W32/'MD-data'!W59 -> 0.049044968 | AP9: ='MD-data'!Y32/'MD-data'!Y59 -> 0.72180083 | AQ9: ='MD-data'!AA32/'MD-data'!AA59 -> 0.037877142 | AR9: ='MD-data'!AC32/'MD-data'!AC59 -> 2.3927094 | AS9: ='MD-data'!AE32/'MD-data'!AE59 -> 0.22098847 | AT9: ='MD-data'!AG32/'MD-data'!AG59 -> 0.41707215 | AU9: ='MD-data'!AI32/'MD-data'!AI59 -> 0.37591107 | AV9: ='MD-data'!AK32/'MD-data'!AK59 -> 0.90159468 | AW9: ='MD-data'!AM32/'MD-data'!AM59 -> 0.14630075 | AX9: ='MD-data'!AO32/'MD-data'!AO59 -> 0.85538907 | AY9: ='MD-data'!AQ32/'MD-data'!AQ59 -> 0.63172858 | AZ9: ='MD-data'!AS32/'MD-data'!AS59 -> 0.74294761 | BA9: ='MD-data'!AU32/'MD-data'!AU59 -> 4.3534777 | BB9: ='MD-data'!AW32/'MD-data'!AW59 -> 0.01384214 | BC9: ='MD-data'!AY32/'MD-data'!AY59 -> 0.46868817 | BD9: ='MD-data'!BA32/'MD-data'!BA59 -> 0.011291166 | BE9: ='MD-data'!BC32/'MD-data'!BC59 -> 0.12090434 | BF9: ='MD-data'!BE32/'MD-data'!BE59 -> 1.1462557 | BG9: ='MD-data'!BG32/'MD-data'!BG59 -> 0.10498977 | BH9: ='MD-data'!BI32/'MD-data'!BI59 -> 0.065680862 | BI9: ='MD-data'!BL32/'MD-data'!BL59 -> 1.611882 | BJ9: ='MD-data'!BM32/'MD-data'!BM59 -> 3.238322 | BK9: ='MD-data'!BO32/'MD-data'!BO59 -> 0.013272942 | BL9: ='MD-data'!BQ32/'MD-data'!BQ59 -> 21.822868 | BM9: ='MD-data'!BS32/'MD-data'!BS59 -> 2.1108597 | BN9: ='MD-data'!BU32/'MD-data'!BU59 -> 0.031280305 | BO9: ='MD-data'!BW32/'MD-data'!BW59 -> 2.2785292 | BP9: ='MD-data'!BY32/'MD-data'!BY59 -> 1.1248921 | BQ9: ='MD-data'!CA32/'MD-data'!CA59 -> 6.7640154 | BR9: ='MD-data'!CC32/'MD-data'!CC59 -> 0.020539546 | BS9: ='MD-data'!CE32/'MD-data'!CE59 -> 3.5585965 | BT9: ='MD-data'!CG32/'MD-data'!CG59 -> 20.550231 | BU9: ='MD-data'!CI32/'MD-data'!CI59 -> 0.011799972 | BV9: ='MD-data'!CK32/'MD-data'!CK59 -> 0.10181734 | BW9: ='MD-data'!CM32/'MD-data'!CM59 -> 0.25299275 | BX9: ='MD-data'!CO32/'MD-data'!CO59 -> 0.15252099 | BY9: ='MD-data'!CQ32/'MD-data'!CQ59 -> 0.018094507 | BZ9: ='MD-data'!CS32/'MD-data'!CS59 -> 0.0094470733 | CA9: ='MD-data'!CU32/'MD-data'!CU59 -> 0.70044211 | CB9: ='MD-data'!CW32/'MD-data'!CW59 -> 0.004264113 | CC9: ='MD-data'!CY32/'MD-data'!CY59 -> 0.25834262 | CF9: =SMALL($AF9:$CC9,CF$1) -> 0.00016129197 | CG9: =SMALL($AF9:$CC9,CG$1) -> 0.004264113 | CH9: =SMALL($AF9:$CC9,CH$1) -> 0.0061261649 | CI9: =SMALL($AF9:$CC9,CI$1) -> 0.0094470733 | CJ9: =SMALL($AF9:$CC9,CJ$1) -> 0.011291166 | CK9: =SMALL($AF9:$CC9,CK$1) -> 0.011799972 | CL9: =SMALL($AF9:$CC9,CL$1) -> 0.013272942 | CM9: =SMALL($AF9:$CC9,CM$1) -> 0.01384214 | ... EC9: =SMALL($AF9:$CC9,EC$1) -> 21.822868 | EF9: =IFERROR(CG9/CF9,"") -> 26.437231 | EG9: =IFERROR(CH9/CG9,"") -> 1.4366798 | EH9: =IFERROR(CI9/CH9,"") -> 1.542086 | EI9: =IFERROR(CJ9/CI9,"") -> 1.1952026 | EJ9: =IFERROR(CK9/CJ9,"") -> 1.0450623 | EK9: =IFERROR(CL9/CK9,"") -> 1.1248283 | EL9: =IFERROR(CM9/CL9,"") -> 1.0428841 | EM9: =IFERROR(CN9/CM9,"") -> 1.3072044 | ... GB9: =IFERROR(EC9/EB9,"") -> 1.0619281
C10: Liquidity total
A11: 0.3 | B11: Profitability | C11: 0.1 | D11: ROA - Return on Assets | E11: Net Profit ÷ Total Assets | G11: + | H11: two-tailed | L11: =QUARTILE($AF11:$CC11,L$2) -> -0.35183241 | M11: =QUARTILE($AF11:$CC11,M$2) -> -0.0018842126 | N11: =QUARTILE($AF11:$CC11,N$2) -> 0.010130535 | O11: =QUARTILE($AF11:$CC11,O$2) -> 0.033428511 | P11: =QUARTILE($AF11:$CC11,P$2) -> 0.19180529 | R11: =(T11-S11)^2 -> 1.58829e-09 | S11: =(U11-1)/LN(U11) -> 7.7581095 | T11: {=((AVERAGE(IF(ABS(AF11:CC11)<AC11,ABS(AF11:CC11)))-MIN(IF(ABS(AF11:CC11)<AC11,ABS(AF11:CC11))))/(MAX(IF(ABS(AF11:CC11)<AC11,ABS(AF11:CC11)))-MIN(IF(ABS(AF11:CC11)<AC11,ABS(AF11:CC11)))))^(-3/2)} -> 7.7581493 | U11: 26.393084 | V11: =AVERAGE(AF11:CC11) -> 0.0028910685 | Y11: =AA11-$X$1*$W$1*(O11-M11) -> -0.10593817 | Z11: =AA11-$W$1*(O11-M11) -> -0.052969085 | AA11: 0 | AB11: =AA11+$W$1*(O11-M11) -> 0.052969085 | AC11: =AA11+$X$1*$W$1*(O11-M11) -> 0.10593817 | AF11: ='MD-data'!E91/'MD-data'!E36 -> 0.039771321 | AG11: ='MD-data'!G91/'MD-data'!G36 -> 0.0050545594 | AH11: ='MD-data'!I91/'MD-data'!I36 -> -0.071780847 | AI11: ='MD-data'!K91/'MD-data'!K36 -> 0.0014064624 | AJ11: ='MD-data'!M91/'MD-data'!M36 -> 0.10804596 | AK11: ='MD-data'!O91/'MD-data'!O36 -> -0.22678001 | AL11: ='MD-data'!Q91/'MD-data'!Q36 -> 0.0045479779 | AM11: ='MD-data'!S91/'MD-data'!S36 -> 0.023644507 | AN11: ='MD-data'!U91/'MD-data'!U36 -> 0.013257768 | AO11: ='MD-data'!W91/'MD-data'!W36 -> -0.038034458 | AP11: ='MD-data'!Y91/'MD-data'!Y36 -> 0.00024233013 | AQ11: ='MD-data'!AA91/'MD-data'!AA36 -> 0.027557532 | AR11: ='MD-data'!AC91/'MD-data'!AC36 -> 0.12147137 | AS11: ='MD-data'!AE91/'MD-data'!AE36 -> -0.3342658 | AT11: ='MD-data'!AG91/'MD-data'!AG36 -> 0.036011776 | AU11: ='MD-data'!AI91/'MD-data'!AI36 -> -0.02296305 | AV11: ='MD-data'!AK91/'MD-data'!AK36 -> 0.029631931 | AW11: ='MD-data'!AM91/'MD-data'!AM36 -> 0.023128096 | AX11: ='MD-data'!AO91/'MD-data'!AO36 -> 0.00076192134 | AY11: ='MD-data'!AQ91/'MD-data'!AQ36 -> 0.0022898541 | AZ11: ='MD-data'!AS91/'MD-data'!AS36 -> 0.0011977735 | BA11: ='MD-data'!AU91/'MD-data'!AU36 -> 0.19180529 | BB11: ='MD-data'!AW91/'MD-data'!AW36 -> -0.0075588327 | BC11: ='MD-data'!AY91/'MD-data'!AY36 -> 0.012449642 | BD11: ='MD-data'!BA91/'MD-data'!BA36 -> -0.26316271 | BE11: ='MD-data'!BC91/'MD-data'!BC36 -> 0.0053229924 | BF11: ='MD-data'!BE91/'MD-data'!BE36 -> 0.11867564 | BG11: ='MD-data'!BG91/'MD-data'!BG36 -> -0.020930358 | BH11: ='MD-data'!BI91/'MD-data'!BI36 -> 0.034694038 | BI11: ='MD-data'!BL91/'MD-data'!BL36 -> 0.0092756693 | BJ11: ='MD-data'!BM91/'MD-data'!BM36 -> 0.17463494 | BK11: ='MD-data'!BO91/'MD-data'!BO36 -> 0.001121019 | BL11: ='MD-data'!BQ91/'MD-data'!BQ36 -> 0.019179272 | BM11: ='MD-data'!BS91/'MD-data'!BS36 -> 0.068130451 | BN11: ='MD-data'!BU91/'MD-data'!BU36 -> 0.035352204 | BO11: ='MD-data'!BW91/'MD-data'!BW36 -> 0.018077767 | BP11: ='MD-data'!BY91/'MD-data'!BY36 -> 0.16374353 | BQ11: ='MD-data'!CA91/'MD-data'!CA36 -> -0.0034540246 | BR11: ='MD-data'!CC91/'MD-data'!CC36 -> 0.044430658 | BS11: ='MD-data'!CE91/'MD-data'!CE36 -> -0.0045976709 | BT11: ='MD-data'!CG91/'MD-data'!CG36 -> 0.10816894 | BU11: ='MD-data'!CI91/'MD-data'!CI36 -> 0.015172645 | BV11: ='MD-data'!CK91/'MD-data'!CK36 -> 0.0109854 | BW11: ='MD-data'!CM91/'MD-data'!CM36 -> 0.0028762639 | BX11: ='MD-data'!CO91/'MD-data'!CO36 -> -0.35183241 | BY11: ='MD-data'!CQ91/'MD-data'!CQ36 -> -0.0025930602 | BZ11: ='MD-data'!CS91/'MD-data'!CS36 -> 0.01318798 | CA11: ='MD-data'!CU91/'MD-data'!CU36 -> 0.026327941 | CB11: ='MD-data'!CW91/'MD-data'!CW36 -> -0.021749819 | CC11: ='MD-data'!CY91/'MD-data'!CY36 -> 0.0026230636 | CF11: {=SMALL(ABS($AF11:$CC11),CF$1)} -> 0.00024233013 | CG11: {=SMALL(ABS($AF11:$CC11),CG$1)} -> 0.00076192134 | CH11: {=SMALL(ABS($AF11:$CC11),CH$1)} -> 0.001121019 | CI11: {=SMALL(ABS($AF11:$CC11),CI$1)} -> 0.0011977735 | CJ11: {=SMALL(ABS($AF11:$CC11),CJ$1)} -> 0.0014064624 | CK11: {=SMALL(ABS($AF11:$CC11),CK$1)} -> 0.0022898541 | CL11: {=SMALL(ABS($AF11:$CC11),CL$1)} -> 0.0025930602 | CM11: {=SMALL(ABS($AF11:$CC11),CM$1)} -> 0.0026230636 | ... EC11: {=SMALL(ABS($AF11:$CC11),EC$1)} -> 0.35183241 | EF11: =IFERROR(CG11/CF11,"") -> 3.1441461 | EG11: =IFERROR(CH11/CG11,"") -> 1.4713054 | EH11: =IFERROR(CI11/CH11,"") -> 1.0684685 | EI11: =IFERROR(CJ11/CI11,"") -> 1.1742307 | EJ11: =IFERROR(CK11/CJ11,"") -> 1.6280948 | EK11: =IFERROR(CL11/CK11,"") -> 1.1324128 | EL11: =IFERROR(CM11/CL11,"") -> 1.0115707 | EM11: =IFERROR(CN11/CM11,"") -> 1.0965284 | ... GB11: =IFERROR(EC11/EB11,"") -> 1.0525528
C12: 0.1 | D12: ROE - Return on Equity | E12: Net Profit ÷ Equity | G12: + | H12: two-tailed | L12: =QUARTILE($AF12:$CC12,L$2) -> -0.53068838 | M12: =QUARTILE($AF12:$CC12,M$2) -> 0.00047277214 | N12: =QUARTILE($AF12:$CC12,N$2) -> 0.023967872 | O12: =QUARTILE($AF12:$CC12,O$2) -> 0.096058425 | P12: =QUARTILE($AF12:$CC12,P$2) -> 0.91635314 | R12: =(T12-S12)^2 -> 2.9193154e-09 | S12: =(U12-1)/LN(U12) -> 8.9131964 | T12: {=((AVERAGE(IF(ABS(AF12:CC12)<AC12,ABS(AF12:CC12)))-MIN(IF(ABS(AF12:CC12)<AC12,ABS(AF12:CC12))))/(MAX(IF(ABS(AF12:CC12)<AC12,ABS(AF12:CC12)))-MIN(IF(ABS(AF12:CC12)<AC12,ABS(AF12:CC12)))))^(-3/2)} -> 8.9131424 | U12: 31.848481 | V12: =AVERAGE(AF12:CC12) -> 0.0353754 | Y12: =AA12-$X$1*$W$1*(O12-M12) -> -0.28675696 | Z12: =AA12-$W$1*(O12-M12) -> -0.14337848 | AA12: 0 | AB12: =AA12+$W$1*(O12-M12) -> 0.14337848 | AC12: =AA12+$X$1*$W$1*(O12-M12) -> 0.28675696 | AF12: ='MD-data'!E91/'MD-data'!E73 -> 0.041531323 | AG12: ='MD-data'!G91/'MD-data'!G73 -> 0.0087254607 | AH12: ='MD-data'!I91/'MD-data'!I73 -> -0.19996723 | AI12: ='MD-data'!K91/'MD-data'!K73 -> 0.0015611616 | AJ12: ='MD-data'!M91/'MD-data'!M73 -> 0.12293298 | AK12: ='MD-data'!O91/'MD-data'!O73 -> -0.28089332 | AL12: ='MD-data'!Q91/'MD-data'!Q73 -> 0.029434327 | AM12: ='MD-data'!S91/'MD-data'!S73 -> 0.024014369 | AN12: ='MD-data'!U91/'MD-data'!U73 -> 0.013486223 | AO12: ='MD-data'!W91/'MD-data'!W73 -> -0.050437488 | AP12: ='MD-data'!Y91/'MD-data'!Y73 -> 0.00036022986 | AQ12: ='MD-data'!AA91/'MD-data'!AA73 -> 0.036052326 | AR12: ='MD-data'!AC91/'MD-data'!AC73 -> 0.13340306 | AS12: ='MD-data'!AE91/'MD-data'!AE73 -> -0.44255161 | AT12: ='MD-data'!AG91/'MD-data'!AG73 -> 0.12376723 | AU12: ='MD-data'!AI91/'MD-data'!AI73 -> -0.025550292 | AV12: ='MD-data'!AK91/'MD-data'!AK73 -> 0.036364065 | AW12: ='MD-data'!AM91/'MD-data'!AM73 -> 0.18684289 | AX12: ='MD-data'!AO91/'MD-data'!AO73 -> 0.00081039896 | AY12: ='MD-data'!AQ91/'MD-data'!AQ73 -> 0.003063824 | AZ12: ='MD-data'!AS91/'MD-data'!AS73 -> 0.0013537988 | BA12: ='MD-data'!AU91/'MD-data'!AU73 -> 0.19381288 | BB12: ='MD-data'!AW91/'MD-data'!AW73 -> -0.012866644 | BC12: ='MD-data'!AY91/'MD-data'!AY73 -> 0.068730345 | BD12: ='MD-data'!BA91/'MD-data'!BA73 -> 0.91635314 | BE12: ='MD-data'!BC91/'MD-data'!BC73 -> 0.14163346 | BF12: ='MD-data'!BE91/'MD-data'!BE73 -> 0.15011126 | BG12: ='MD-data'!BG91/'MD-data'!BG73 -> -0.023373851 | BH12: ='MD-data'!BI91/'MD-data'!BI73 -> 0.043246756 | BI12: ='MD-data'!BL91/'MD-data'!BL73 -> 0.010867108 | BJ12: ='MD-data'!BM91/'MD-data'!BM73 -> 0.19392344 | BK12: ='MD-data'!BO91/'MD-data'!BO73 -> 0.0035809613 | BL12: ='MD-data'!BQ91/'MD-data'!BQ73 -> 0.15112763 | BM12: ='MD-data'!BS91/'MD-data'!BS73 -> 0.09740644 | BN12: ='MD-data'!BU91/'MD-data'!BU73 -> 0.092014379 | BO12: ='MD-data'!BW91/'MD-data'!BW73 -> 0.019049439 | BP12: ='MD-data'!BY91/'MD-data'!BY73 -> 0.17045993 | BQ12: ='MD-data'!CA91/'MD-data'!CA73 -> -0.0034614626 | BR12: ='MD-data'!CC91/'MD-data'!CC73 -> 0.051100216 | BS12: ='MD-data'!CE91/'MD-data'!CE73 -> -0.0048227783 | BT12: ='MD-data'!CG91/'MD-data'!CG73 -> 0.11049556 | BU12: ='MD-data'!CI91/'MD-data'!CI73 -> 0.023921374 | BV12: ='MD-data'!CK91/'MD-data'!CK73 -> 0.037293735 | BW12: ='MD-data'!CM91/'MD-data'!CM73 -> 0.0034120874 | BX12: ='MD-data'!CO91/'MD-data'!CO73 -> -0.53068838 | BY12: ='MD-data'!CQ91/'MD-data'!CQ73 -> -0.0050860207 | BZ12: ='MD-data'!CS91/'MD-data'!CS73 -> 0.071292876 | CA12: ='MD-data'!CU91/'MD-data'!CU73 -> 0.054433637 | CB12: ='MD-data'!CW91/'MD-data'!CW73 -> -0.022728293 | CC12: ='MD-data'!CY91/'MD-data'!CY73 -> 0.0032270557 | CF12: {=SMALL(ABS($AF12:$CC12),CF$1)} -> 0.00036022986 | CG12: {=SMALL(ABS($AF12:$CC12),CG$1)} -> 0.00081039896 | CH12: {=SMALL(ABS($AF12:$CC12),CH$1)} -> 0.0013537988 | CI12: {=SMALL(ABS($AF12:$CC12),CI$1)} -> 0.0015611616 | CJ12: {=SMALL(ABS($AF12:$CC12),CJ$1)} -> 0.003063824 | CK12: {=SMALL(ABS($AF12:$CC12),CK$1)} -> 0.0032270557 | CL12: {=SMALL(ABS($AF12:$CC12),CL$1)} -> 0.0034120874 | CM12: {=SMALL(ABS($AF12:$CC12),CM$1)} -> 0.0034614626 | ... EC12: {=SMALL(ABS($AF12:$CC12),EC$1)} -> 0.91635314 | EF12: =IFERROR(CG12/CF12,"") -> 2.2496718 | EG12: =IFERROR(CH12/CG12,"") -> 1.6705337 | EH12: =IFERROR(CI12/CH12,"") -> 1.1531711 | EI12: =IFERROR(CJ12/CI12,"") -> 1.9625284 | EJ12: =IFERROR(CK12/CJ12,"") -> 1.0532771 | EK12: =IFERROR(CL12/CK12,"") -> 1.0573376 | EL12: =IFERROR(CM12/CL12,"") -> 1.0144707 | EM12: =IFERROR(CN12/CM12,"") -> 1.0345226 | ... GB12: =IFERROR(EC12/EB12,"") -> 1.7267254
C13: 0.1 | D13: ROS – Return on Sales | E13: Net Profit ÷ Sales | G13: + | H13: two-tailed | L13: =QUARTILE($AF13:$CC13,L$2) -> -1.2712868 | M13: =QUARTILE($AF13:$CC13,M$2) -> -0.00238069 | N13: =QUARTILE($AF13:$CC13,N$2) -> 0.010810084 | O13: =QUARTILE($AF13:$CC13,O$2) -> 0.046191513 | P13: =QUARTILE($AF13:$CC13,P$2) -> 0.41936694 | R13: =(T13-S13)^2 -> 8.7570388e-10 | S13: =(U13-1)/LN(U13) -> 5.7169768 | T13: {=((AVERAGE(IF(ABS(AF13:CC13)<AC13,ABS(AF13:CC13)))-MIN(IF(ABS(AF13:CC13)<AC13,ABS(AF13:CC13))))/(MAX(IF(ABS(AF13:CC13)<AC13,ABS(AF13:CC13)))-MIN(IF(ABS(AF13:CC13)<AC13,ABS(AF13:CC13)))))^(-3/2)} -> 5.7170063 | U13: 17.296151 | V13: =AVERAGE(AF13:CC13) -> -0.038380663 | Y13: =AA13-$X$1*$W$1*(O13-M13) -> -0.14571661 | Z13: =AA13-$W$1*(O13-M13) -> -0.072858305 | AA13: 0 | AB13: =AA13+$W$1*(O13-M13) -> 0.072858305 | AC13: =AA13+$X$1*$W$1*(O13-M13) -> 0.14571661 | AF13: =('MD-data'!E91/('MD-data'!E78+'MD-data'!E81)) -> 0.10712758 | AG13: =('MD-data'!G91/('MD-data'!G78+'MD-data'!G81)) -> 0.0032678101 | AH13: =('MD-data'!I91/('MD-data'!I78+'MD-data'!I81)) -> -0.15306347 | AI13: =('MD-data'!K91/('MD-data'!K78+'MD-data'!K81)) -> 0.0068554973 | AJ13: =('MD-data'!M91/('MD-data'!M78+'MD-data'!M81)) -> 0.30438838 | AK13: =('MD-data'!O91/('MD-data'!O78+'MD-data'!O81)) -> -0.51694165 | AL13: =('MD-data'!Q91/('MD-data'!Q78+'MD-data'!Q81)) -> 0.033167235 | AM13: =('MD-data'!S91/('MD-data'!S78+'MD-data'!S81)) -> 0.057128946 | AN13: =('MD-data'!U91/('MD-data'!U78+'MD-data'!U81)) -> 0.027124943 | AO13: =('MD-data'!W91/('MD-data'!W78+'MD-data'!W81)) -> -0.095474415 | AP13: =('MD-data'!Y91/('MD-data'!Y78+'MD-data'!Y81)) -> 0.046287866 | AQ13: =('MD-data'!AA91/('MD-data'!AA78+'MD-data'!AA81)) -> 0.055267298 | AR13: =('MD-data'!AC91/('MD-data'!AC78+'MD-data'!AC81)) -> 0.18538323 | AS13: =('MD-data'!AE91/('MD-data'!AE78+'MD-data'!AE81)) -> -1.2712868 | AT13: =('MD-data'!AG91/('MD-data'!AG78+'MD-data'!AG81)) -> 0.0099902439 | AU13: =('MD-data'!AI91/('MD-data'!AI78+'MD-data'!AI81)) -> -0.037863945 | AV13: =('MD-data'!AK91/('MD-data'!AK78+'MD-data'!AK81)) -> 0.018705185 | AW13: =('MD-data'!AM91/('MD-data'!AM78+'MD-data'!AM81)) -> 0.017403813 | AX13: =('MD-data'!AO91/('MD-data'!AO78+'MD-data'!AO81)) -> 0.0013225064 | AY13: =('MD-data'!AQ91/('MD-data'!AQ78+'MD-data'!AQ81)) -> 0.00144461 | AZ13: =('MD-data'!AS91/('MD-data'!AS78+'MD-data'!AS81)) -> 0.00095291018 | BA13: =('MD-data'!AU91/('MD-data'!AU78+'MD-data'!AU81)) -> 0.045902454 | BB13: =('MD-data'!AW91/('MD-data'!AW78+'MD-data'!AW81)) -> -0.0075557182 | BC13: =('MD-data'!AY91/('MD-data'!AY78+'MD-data'!AY81)) -> 0.011629924 | BD13: =('MD-data'!BA91/('MD-data'!BA78+'MD-data'!BA81)) -> -0.60054642 | BE13: =('MD-data'!BC91/('MD-data'!BC78+'MD-data'!BC81)) -> 0.00056981918 | BF13: =('MD-data'!BE91/('MD-data'!BE78+'MD-data'!BE81)) -> 0.08717418 | BG13: =('MD-data'!BG91/('MD-data'!BG78+'MD-data'!BG81)) -> -0.073295567 | BH13: =('MD-data'!BI91/('MD-data'!BI78+'MD-data'!BI81)) -> 0.079436465 | BI13: =('MD-data'!BL91/('MD-data'!BL78+'MD-data'!BL81)) -> 0.0090503137 | BJ13: =('MD-data'!BM91/('MD-data'!BM78+'MD-data'!BM81)) -> 0.092373888 | BK13: =('MD-data'!BO91/('MD-data'!BO78+'MD-data'!BO81)) -> 0.00055578196 | BL13: =('MD-data'!BQ91/('MD-data'!BQ78+'MD-data'!BQ81)) -> 0.11691746 | BM13: =('MD-data'!BS91/('MD-data'!BS78+'MD-data'!BS81)) -> 0.025146833 | BN13: =('MD-data'!BU91/('MD-data'!BU78+'MD-data'!BU81)) -> 0.035240078 | BO13: =('MD-data'!BW91/('MD-data'!BW78+'MD-data'!BW81)) -> 0.02162538 | BP13: =('MD-data'!BY91/('MD-data'!BY78+'MD-data'!BY81)) -> 0.41936694 | BQ13: =('MD-data'!CA91/('MD-data'!CA78+'MD-data'!CA81)) -> -0.07393691 | BR13: =('MD-data'!CC91/('MD-data'!CC78+'MD-data'!CC81)) -> 0.11862346 | BS13: =('MD-data'!CE91/('MD-data'!CE78+'MD-data'!CE81)) -> -0.039924148 | BT13: =('MD-data'!CG91/('MD-data'!CG78+'MD-data'!CG81)) -> 0.12300113 | BU13: =('MD-data'!CI91/('MD-data'!CI78+'MD-data'!CI81)) -> 0.022009061 | BV13: =('MD-data'!CK91/('MD-data'!CK78+'MD-data'!CK81)) -> 0.0066528219 | BW13: =('MD-data'!CM91/('MD-data'!CM78+'MD-data'!CM81)) -> 0.0024911396 | BX13: =('MD-data'!CO91/('MD-data'!CO78+'MD-data'!CO81)) -> -0.68714051 | BY13: =('MD-data'!CQ91/('MD-data'!CQ78+'MD-data'!CQ81)) -> -0.003359514 | BZ13: =('MD-data'!CS91/('MD-data'!CS78+'MD-data'!CS81)) -> 0.037945295 | CA13: =('MD-data'!CU91/('MD-data'!CU78+'MD-data'!CU81)) -> 0.037033271 | CB13: =('MD-data'!CW91/('MD-data'!CW78+'MD-data'!CW81)) -> -0.52933075 | CC13: =('MD-data'!CY91/('MD-data'!CY78+'MD-data'!CY81)) -> 0.0021228784 | CF13: {=SMALL(ABS($AF13:$CC13),CF$1)} -> 0.00055578196 | CG13: {=SMALL(ABS($AF13:$CC13),CG$1)} -> 0.00056981918 | CH13: {=SMALL(ABS($AF13:$CC13),CH$1)} -> 0.00095291018 | CI13: {=SMALL(ABS($AF13:$CC13),CI$1)} -> 0.0013225064 | CJ13: {=SMALL(ABS($AF13:$CC13),CJ$1)} -> 0.00144461 | CK13: {=SMALL(ABS($AF13:$CC13),CK$1)} -> 0.0021228784 | CL13: {=SMALL(ABS($AF13:$CC13),CL$1)} -> 0.0024911396 | CM13: {=SMALL(ABS($AF13:$CC13),CM$1)} -> 0.0032678101 | ... EC13: {=SMALL(ABS($AF13:$CC13),EC$1)} -> 1.2712868 | EF13: =IFERROR(CG13/CF13,"") -> 1.0252567 | EG13: =IFERROR(CH13/CG13,"") -> 1.6723028 | EH13: =IFERROR(CI13/CH13,"") -> 1.3878605 | EI13: =IFERROR(CJ13/CI13,"") -> 1.0923274 | EJ13: =IFERROR(CK13/CJ13,"") -> 1.4695167 | EK13: =IFERROR(CL13/CK13,"") -> 1.1734726 | EL13: =IFERROR(CM13/CL13,"") -> 1.3117732 | EM13: =IFERROR(CN13/CM13,"") -> 1.0280628 | ... GB13: =IFERROR(EC13/EB13,"") -> 1.8501118
C14: Profitability total
A15: 0.25 | B15: Leverage | C15: 0.15 | D15: Total Debt to Total Assets | E15: Total Debt ÷ Total Assets | G15: - | H15: one-tailed | L15: =QUARTILE($AF15:$CC15,L$2) -> 0 | M15: =QUARTILE($AF15:$CC15,M$2) -> 0.0039689448 | N15: =QUARTILE($AF15:$CC15,N$2) -> 0.022741136 | O15: =QUARTILE($AF15:$CC15,O$2) -> 0.10636255 | P15: =QUARTILE($AF15:$CC15,P$2) -> 0.87166393 | R15: =(T15-S15)^2 -> 2.3014552e-10 | S15: =(U15-1)/LN(U15) -> 11.964305 | T15: {=((AVERAGE(IF((AF15:CC15>=0)*(AF15:CC15<Y15),AF15:CC15))-MIN(IF((AF15:CC15>=0)*(AF15:CC15<Y15),AF15:CC15)))/(MAX(IF((AF15:CC15>=0)*(AF15:CC15<Y15),AF15:CC15))-MIN(IF((AF15:CC15>=0)*(AF15:CC15<Y15),AF15:CC15))))^(-3/2)} -> 11.964321 | U15: 47.086287 | V15: =AVERAGE(AF15:CC15) -> 0.10342352 | Y15: {=Z15*(AVERAGE(IF($EF15:$GB15<=QUARTILE($EF15:$GB15,3)+X$1*(QUARTILE($EF15:$GB15,3)-QUARTILE($EF15:$GB15,1)),$EF15:$GB15,"")))^(COUNT($AF15:$CC15)/4)} -> 0.42915244 | Z15: {=AA15*AVERAGE(IF($EF15:$GB15<=QUARTILE($EF15:$GB15,3),$EF15:$GB15,""))^(COUNT($AF15:$CC15)/4)} -> 0.072526757 | AA15: =N15 -> 0.022741136 | AB15: {=AA15/AVERAGE(IF($EF15:$GB15<=QUARTILE($EF15:$GB15,3),$EF15:$GB15,""))^(COUNT($AF15:$CC15)/4)} -> 0.0071305998 | AC15: 0 | AF15: =('MD-data'!E38+'MD-data'!E39+'MD-data'!E40+'MD-data'!E41+'MD-data'!E42+'MD-data'!E45+'MD-data'!E46+'MD-data'!E47+'MD-data'!E58)/'MD-data'!E36 -> 0.0043045455 | AG15: =('MD-data'!G38+'MD-data'!G39+'MD-data'!G40+'MD-data'!G41+'MD-data'!G42+'MD-data'!G45+'MD-data'!G46+'MD-data'!G47+'MD-data'!G58)/'MD-data'!G36 -> 0.28250313 | AH15: =('MD-data'!I38+'MD-data'!I39+'MD-data'!I40+'MD-data'!I41+'MD-data'!I42+'MD-data'!I45+'MD-data'!I46+'MD-data'!I47+'MD-data'!I58)/'MD-data'!I36 -> 0.3703473 | AI15: =('MD-data'!K38+'MD-data'!K39+'MD-data'!K40+'MD-data'!K41+'MD-data'!K42+'MD-data'!K45+'MD-data'!K46+'MD-data'!K47+'MD-data'!K58)/'MD-data'!K36 -> 0.068021807 | AJ15: =('MD-data'!M38+'MD-data'!M39+'MD-data'!M40+'MD-data'!M41+'MD-data'!M42+'MD-data'!M45+'MD-data'!M46+'MD-data'!M47+'MD-data'!M58)/'MD-data'!M36 -> 0.12109869 | AK15: =('MD-data'!O38+'MD-data'!O39+'MD-data'!O40+'MD-data'!O41+'MD-data'!O42+'MD-data'!O45+'MD-data'!O46+'MD-data'!O47+'MD-data'!O58)/'MD-data'!O36 -> 0.042140907 | AL15: =('MD-data'!Q38+'MD-data'!Q39+'MD-data'!Q40+'MD-data'!Q41+'MD-data'!Q42+'MD-data'!Q45+'MD-data'!Q46+'MD-data'!Q47+'MD-data'!Q58)/'MD-data'!Q36 -> 0.83373462 | AM15: =('MD-data'!S38+'MD-data'!S39+'MD-data'!S40+'MD-data'!S41+'MD-data'!S42+'MD-data'!S45+'MD-data'!S46+'MD-data'!S47+'MD-data'!S58)/'MD-data'!S36 -> 0.0044245954 | AN15: =('MD-data'!U38+'MD-data'!U39+'MD-data'!U40+'MD-data'!U41+'MD-data'!U42+'MD-data'!U45+'MD-data'!U46+'MD-data'!U47+'MD-data'!U58)/'MD-data'!U36 -> 0.0065304732 | AO15: =('MD-data'!W38+'MD-data'!W39+'MD-data'!W40+'MD-data'!W41+'MD-data'!W42+'MD-data'!W45+'MD-data'!W46+'MD-data'!W47+'MD-data'!W58)/'MD-data'!W36 -> 0.095482638 | AP15: =('MD-data'!Y38+'MD-data'!Y39+'MD-data'!Y40+'MD-data'!Y41+'MD-data'!Y42+'MD-data'!Y45+'MD-data'!Y46+'MD-data'!Y47+'MD-data'!Y58)/'MD-data'!Y36 -> 0.2889317 | AQ15: =('MD-data'!AA38+'MD-data'!AA39+'MD-data'!AA40+'MD-data'!AA41+'MD-data'!AA42+'MD-data'!AA45+'MD-data'!AA46+'MD-data'!AA47+'MD-data'!AA58)/'MD-data'!AA36 -> 0.0982848 | AR15: =('MD-data'!AC38+'MD-data'!AC39+'MD-data'!AC40+'MD-data'!AC41+'MD-data'!AC42+'MD-data'!AC45+'MD-data'!AC46+'MD-data'!AC47+'MD-data'!AC58)/'MD-data'!AC36 -> 0.0039021616 | AS15: =('MD-data'!AE38+'MD-data'!AE39+'MD-data'!AE40+'MD-data'!AE41+'MD-data'!AE42+'MD-data'!AE45+'MD-data'!AE46+'MD-data'!AE47+'MD-data'!AE58)/'MD-data'!AE36 -> 0.20404393 | AT15: =('MD-data'!AG38+'MD-data'!AG39+'MD-data'!AG40+'MD-data'!AG41+'MD-data'!AG42+'MD-data'!AG45+'MD-data'!AG46+'MD-data'!AG47+'MD-data'!AG58)/'MD-data'!AG36 -> 0.0032944518 | AU15: =('MD-data'!AI38+'MD-data'!AI39+'MD-data'!AI40+'MD-data'!AI41+'MD-data'!AI42+'MD-data'!AI45+'MD-data'!AI46+'MD-data'!AI47+'MD-data'!AI58)/'MD-data'!AI36 -> 0.0027928957 | AV15: =('MD-data'!AK38+'MD-data'!AK39+'MD-data'!AK40+'MD-data'!AK41+'MD-data'!AK42+'MD-data'!AK45+'MD-data'!AK46+'MD-data'!AK47+'MD-data'!AK58)/'MD-data'!AK36 -> 0.011240015 | AW15: =('MD-data'!AM38+'MD-data'!AM39+'MD-data'!AM40+'MD-data'!AM41+'MD-data'!AM42+'MD-data'!AM45+'MD-data'!AM46+'MD-data'!AM47+'MD-data'!AM58)/'MD-data'!AM36 -> 0.012164521 | AX15: =('MD-data'!AO38+'MD-data'!AO39+'MD-data'!AO40+'MD-data'!AO41+'MD-data'!AO42+'MD-data'!AO45+'MD-data'!AO46+'MD-data'!AO47+'MD-data'!AO58)/'MD-data'!AO36 -> 0.0088410565 | AY15: =('MD-data'!AQ38+'MD-data'!AQ39+'MD-data'!AQ40+'MD-data'!AQ41+'MD-data'!AQ42+'MD-data'!AQ45+'MD-data'!AQ46+'MD-data'!AQ47+'MD-data'!AQ58)/'MD-data'!AQ36 -> 0.006763488 | AZ15: =('MD-data'!AS38+'MD-data'!AS39+'MD-data'!AS40+'MD-data'!AS41+'MD-data'!AS42+'MD-data'!AS45+'MD-data'!AS46+'MD-data'!AS47+'MD-data'!AS58)/'MD-data'!AS36 -> 0.0037322602 | BA15: =('MD-data'!AU38+'MD-data'!AU39+'MD-data'!AU40+'MD-data'!AU41+'MD-data'!AU42+'MD-data'!AU45+'MD-data'!AU46+'MD-data'!AU47+'MD-data'!AU58)/'MD-data'!AU36 -> 0.0024718874 | BB15: =('MD-data'!AW38+'MD-data'!AW39+'MD-data'!AW40+'MD-data'!AW41+'MD-data'!AW42+'MD-data'!AW45+'MD-data'!AW46+'MD-data'!AW47+'MD-data'!AW58)/'MD-data'!AW36 -> 0.059847031 | BC15: =('MD-data'!AY38+'MD-data'!AY39+'MD-data'!AY40+'MD-data'!AY41+'MD-data'!AY42+'MD-data'!AY45+'MD-data'!AY46+'MD-data'!AY47+'MD-data'!AY58)/'MD-data'!AY36 -> 0.048665615 | BD15: =('MD-data'!BA38+'MD-data'!BA39+'MD-data'!BA40+'MD-data'!BA41+'MD-data'!BA42+'MD-data'!BA45+'MD-data'!BA46+'MD-data'!BA47+'MD-data'!BA58)/'MD-data'!BA36 -> 0.27261539 | BE15: =('MD-data'!BC38+'MD-data'!BC39+'MD-data'!BC40+'MD-data'!BC41+'MD-data'!BC42+'MD-data'!BC45+'MD-data'!BC46+'MD-data'!BC47+'MD-data'!BC58)/'MD-data'!BC36 -> 3.2590545e-05 | BF15: =('MD-data'!BE38+'MD-data'!BE39+'MD-data'!BE40+'MD-data'!BE41+'MD-data'!BE42+'MD-data'!BE45+'MD-data'!BE46+'MD-data'!BE47+'MD-data'!BE58)/'MD-data'!BE36 -> 0.12971337 | BG15: =('MD-data'!BG38+'MD-data'!BG39+'MD-data'!BG40+'MD-data'!BG41+'MD-data'!BG42+'MD-data'!BG45+'MD-data'!BG46+'MD-data'!BG47+'MD-data'!BG58)/'MD-data'!BG36 -> 0.0041692944 | BH15: =('MD-data'!BI38+'MD-data'!BI39+'MD-data'!BI40+'MD-data'!BI41+'MD-data'!BI42+'MD-data'!BI45+'MD-data'!BI46+'MD-data'!BI47+'MD-data'!BI58)/'MD-data'!BI36 -> 0.17159989 | BI15: =('MD-data'!BL38+'MD-data'!BL39+'MD-data'!BL40+'MD-data'!BL41+'MD-data'!BL42+'MD-data'!BL45+'MD-data'!BL46+'MD-data'!BL47+'MD-data'!BL58)/'MD-data'!BL36 -> 0.020688169 | BJ15: =('MD-data'!BM38+'MD-data'!BM39+'MD-data'!BM40+'MD-data'!BM41+'MD-data'!BM42+'MD-data'!BM45+'MD-data'!BM46+'MD-data'!BM47+'MD-data'!BM58)/'MD-data'!BM36 -> 0.0043067307 | BK15: =('MD-data'!BO38+'MD-data'!BO39+'MD-data'!BO40+'MD-data'!BO41+'MD-data'!BO42+'MD-data'!BO45+'MD-data'!BO46+'MD-data'!BO47+'MD-data'!BO58)/'MD-data'!BO36 -> 0.34734056 | BL15: =('MD-data'!BQ38+'MD-data'!BQ39+'MD-data'!BQ40+'MD-data'!BQ41+'MD-data'!BQ42+'MD-data'!BQ45+'MD-data'!BQ46+'MD-data'!BQ47+'MD-data'!BQ58)/'MD-data'!BQ36 -> 0.87166393 | BM15: =('MD-data'!BS38+'MD-data'!BS39+'MD-data'!BS40+'MD-data'!BS41+'MD-data'!BS42+'MD-data'!BS45+'MD-data'!BS46+'MD-data'!BS47+'MD-data'!BS58)/'MD-data'!BS36 -> 4.5687257e-05 | BN15: =('MD-data'!BU38+'MD-data'!BU39+'MD-data'!BU40+'MD-data'!BU41+'MD-data'!BU42+'MD-data'!BU45+'MD-data'!BU46+'MD-data'!BU47+'MD-data'!BU58)/'MD-data'!BU36 -> 0.068979284 | BO15: =('MD-data'!BW38+'MD-data'!BW39+'MD-data'!BW40+'MD-data'!BW41+'MD-data'!BW42+'MD-data'!BW45+'MD-data'!BW46+'MD-data'!BW47+'MD-data'!BW58)/'MD-data'!BW36 -> 0.00045626172 | BP15: =('MD-data'!BY38+'MD-data'!BY39+'MD-data'!BY40+'MD-data'!BY41+'MD-data'!BY42+'MD-data'!BY45+'MD-data'!BY46+'MD-data'!BY47+'MD-data'!BY58)/'MD-data'!BY36 -> 7.7337719e-05 | BQ15: =('MD-data'!CA38+'MD-data'!CA39+'MD-data'!CA40+'MD-data'!CA41+'MD-data'!CA42+'MD-data'!CA45+'MD-data'!CA46+'MD-data'!CA47+'MD-data'!CA58)/'MD-data'!CA36 -> 5.6992073e-05 | BR15: =('MD-data'!CC38+'MD-data'!CC39+'MD-data'!CC40+'MD-data'!CC41+'MD-data'!CC42+'MD-data'!CC45+'MD-data'!CC46+'MD-data'!CC47+'MD-data'!CC58)/'MD-data'!CC36 -> 0.0002132599 | BS15: =('MD-data'!CE38+'MD-data'!CE39+'MD-data'!CE40+'MD-data'!CE41+'MD-data'!CE42+'MD-data'!CE45+'MD-data'!CE46+'MD-data'!CE47+'MD-data'!CE58)/'MD-data'!CE36 -> 0.024794103 | BT15: =('MD-data'!CG38+'MD-data'!CG39+'MD-data'!CG40+'MD-data'!CG41+'MD-data'!CG42+'MD-data'!CG45+'MD-data'!CG46+'MD-data'!CG47+'MD-data'!CG58)/'MD-data'!CG36 -> 0 | BU15: =('MD-data'!CI38+'MD-data'!CI39+'MD-data'!CI40+'MD-data'!CI41+'MD-data'!CI42+'MD-data'!CI45+'MD-data'!CI46+'MD-data'!CI47+'MD-data'!CI58)/'MD-data'!CI36 -> 0.10905513 | BV15: =('MD-data'!CK38+'MD-data'!CK39+'MD-data'!CK40+'MD-data'!CK41+'MD-data'!CK42+'MD-data'!CK45+'MD-data'!CK46+'MD-data'!CK47+'MD-data'!CK58)/'MD-data'!CK36 -> 0.0099536223 | BW15: =('MD-data'!CM38+'MD-data'!CM39+'MD-data'!CM40+'MD-data'!CM41+'MD-data'!CM42+'MD-data'!CM45+'MD-data'!CM46+'MD-data'!CM47+'MD-data'!CM58)/'MD-data'!CM36 -> 0.030156629 | BX15: =('MD-data'!CO38+'MD-data'!CO39+'MD-data'!CO40+'MD-data'!CO41+'MD-data'!CO42+'MD-data'!CO45+'MD-data'!CO46+'MD-data'!CO47+'MD-data'!CO58)/'MD-data'!CO36 -> 0.025672277 | BY15: =('MD-data'!CQ38+'MD-data'!CQ39+'MD-data'!CQ40+'MD-data'!CQ41+'MD-data'!CQ42+'MD-data'!CQ45+'MD-data'!CQ46+'MD-data'!CQ47+'MD-data'!CQ58)/'MD-data'!CQ36 -> 0.031845508 | BZ15: =('MD-data'!CS38+'MD-data'!CS39+'MD-data'!CS40+'MD-data'!CS41+'MD-data'!CS42+'MD-data'!CS45+'MD-data'!CS46+'MD-data'!CS47+'MD-data'!CS58)/'MD-data'!CS36 -> 0.073800805 | CA15: =('MD-data'!CU38+'MD-data'!CU39+'MD-data'!CU40+'MD-data'!CU41+'MD-data'!CU42+'MD-data'!CU45+'MD-data'!CU46+'MD-data'!CU47+'MD-data'!CU58)/'MD-data'!CU36 -> 0.37770392 | CB15: =('MD-data'!CW38+'MD-data'!CW39+'MD-data'!CW40+'MD-data'!CW41+'MD-data'!CW42+'MD-data'!CW45+'MD-data'!CW46+'MD-data'!CW47+'MD-data'!CW58)/'MD-data'!CW36 -> 0.0099577106 | CC15: =('MD-data'!CY38+'MD-data'!CY39+'MD-data'!CY40+'MD-data'!CY41+'MD-data'!CY42+'MD-data'!CY45+'MD-data'!CY46+'MD-data'!CY47+'MD-data'!CY58)/'MD-data'!CY36 -> 0.0027132448 | CF15: =SMALL($AF15:$CC15,CF$1) -> 0 | CG15: =SMALL($AF15:$CC15,CG$1) -> 3.2590545e-05 | CH15: =SMALL($AF15:$CC15,CH$1) -> 4.5687257e-05 | CI15: =SMALL($AF15:$CC15,CI$1) -> 5.6992073e-05 | CJ15: =SMALL($AF15:$CC15,CJ$1) -> 7.7337719e-05 | CK15: =SMALL($AF15:$CC15,CK$1) -> 0.0002132599 | CL15: =SMALL($AF15:$CC15,CL$1) -> 0.00045626172 | CM15: =SMALL($AF15:$CC15,CM$1) -> 0.0024718874 | ... EC15: =SMALL($AF15:$CC15,EC$1) -> 0.87166393 | EF15: =IFERROR(CG15/CF15,"") | EG15: =IFERROR(CH15/CG15,"") -> 1.4018562 | EH15: =IFERROR(CI15/CH15,"") -> 1.2474391 | EI15: =IFERROR(CJ15/CI15,"") -> 1.3569908 | EJ15: =IFERROR(CK15/CJ15,"") -> 2.7575147 | EK15: =IFERROR(CL15/CK15,"") -> 2.1394633 | EL15: =IFERROR(CM15/CL15,"") -> 5.4176961 | EM15: =IFERROR(CN15/CM15,"") -> 1.097641 | ... GB15: =IFERROR(EC15/EB15,"") -> 1.0454933
C16: 0.1 | D16: Debt-to-EBITDA Ratio | E16: Total Debt / Earnings Before Interest Taxes Depreciation & Amortization | G16: -, 1/2 points if negative | H16: one-tailed | L16: =QUARTILE($AF16:$CC16,L$2) -> -12.281053 | M16: =QUARTILE($AF16:$CC16,M$2) -> -0.012374917 | N16: =QUARTILE($AF16:$CC16,N$2) -> 0.12616622 | O16: =QUARTILE($AF16:$CC16,O$2) -> 2.9716502 | P16: =QUARTILE($AF16:$CC16,P$2) -> 857.22161 | R16: =(T16-S16)^2 -> 4.0739009e-09 | S16: =(U16-1)/LN(U16) -> 55.108994 | T16: {=((AVERAGE(IF((AF16:CC16>=0)*(AF16:CC16<Y16),AF16:CC16))-MIN(IF((AF16:CC16>=0)*(AF16:CC16<Y16),AF16:CC16)))/(MAX(IF((AF16:CC16>=0)*(AF16:CC16<Y16),AF16:CC16))-MIN(IF((AF16:CC16>=0)*(AF16:CC16<Y16),AF16:CC16))))^(-3/2)} -> 55.109058 | U16: 318.65409 | V16: =AVERAGE(AF16:CC16) -> 23.928298 | Y16: {=Z16*(AVERAGE(IF($EF16:$GB16<=QUARTILE($EF16:$GB16,3)+X$1*(QUARTILE($EF16:$GB16,3)-QUARTILE($EF16:$GB16,1)),$EF16:$GB16,"")))^(COUNT($AF16:$CC16)/4)} -> 210.60484 | Z16: {=AA16*AVERAGE(IF($EF16:$GB16<=QUARTILE($EF16:$GB16,3),$EF16:$GB16,""))^(COUNTIFS($AF16:$CC16,">=0")/4)} -> 5.3219685 | AA16: {=QUARTILE(IF($AF16:$CC16>=0,$AF16:$CC16,""),2)} -> 0.88983849 | AB16: {=AA16/AVERAGE(IF($EF16:$GB16<=QUARTILE($EF16:$GB16,3),$EF16:$GB16,""))^(COUNTIFS($AF16:$CC16,">=0")/4)} -> 0.14878189 | AC16: 0 | AF16: =('MD-data'!E38+'MD-data'!E39+'MD-data'!E40+'MD-data'!E41+'MD-data'!E42+'MD-data'!E45+'MD-data'!E46+'MD-data'!E47+'MD-data'!E58+'MD-data'!E55)/('MD-data'!E85+'MD-data'!E88) -> 0.1098913 | AG16: =('MD-data'!G38+'MD-data'!G39+'MD-data'!G40+'MD-data'!G41+'MD-data'!G42+'MD-data'!G45+'MD-data'!G46+'MD-data'!G47+'MD-data'!G58+'MD-data'!G55)/('MD-data'!G85+'MD-data'!G88) -> 27.894211 | AH16: =('MD-data'!I38+'MD-data'!I39+'MD-data'!I40+'MD-data'!I41+'MD-data'!I42+'MD-data'!I45+'MD-data'!I46+'MD-data'!I47+'MD-data'!I58+'MD-data'!I55)/('MD-data'!I85+'MD-data'!I88) -> -5.1594167 | AI16: =('MD-data'!K38+'MD-data'!K39+'MD-data'!K40+'MD-data'!K41+'MD-data'!K42+'MD-data'!K45+'MD-data'!K46+'MD-data'!K47+'MD-data'!K58+'MD-data'!K55)/('MD-data'!K85+'MD-data'!K88) -> 15.749747 | AJ16: 0 | AK16: =('MD-data'!O38+'MD-data'!O39+'MD-data'!O40+'MD-data'!O41+'MD-data'!O42+'MD-data'!O45+'MD-data'!O46+'MD-data'!O47+'MD-data'!O58+'MD-data'!O55)/('MD-data'!O85+'MD-data'!O88) -> -0.18582285 | AL16: =('MD-data'!Q38+'MD-data'!Q39+'MD-data'!Q40+'MD-data'!Q41+'MD-data'!Q42+'MD-data'!Q45+'MD-data'!Q46+'MD-data'!Q47+'MD-data'!Q58+'MD-data'!Q55)/('MD-data'!Q85+'MD-data'!Q88) -> 150.13008 | AM16: =('MD-data'!S38+'MD-data'!S39+'MD-data'!S40+'MD-data'!S41+'MD-data'!S42+'MD-data'!S45+'MD-data'!S46+'MD-data'!S47+'MD-data'!S58+'MD-data'!S55)/('MD-data'!S85+'MD-data'!S88) -> 0.14244114 | AN16: =('MD-data'!U38+'MD-data'!U39+'MD-data'!U40+'MD-data'!U41+'MD-data'!U42+'MD-data'!U45+'MD-data'!U46+'MD-data'!U47+'MD-data'!U58+'MD-data'!U55)/('MD-data'!U85+'MD-data'!U88) -> 0.44352395 | AO16: =('MD-data'!W38+'MD-data'!W39+'MD-data'!W40+'MD-data'!W41+'MD-data'!W42+'MD-data'!W45+'MD-data'!W46+'MD-data'!W47+'MD-data'!W58+'MD-data'!W55)/('MD-data'!W85+'MD-data'!W88) -> -2.5104246 | AP16: =('MD-data'!Y38+'MD-data'!Y39+'MD-data'!Y40+'MD-data'!Y41+'MD-data'!Y42+'MD-data'!Y45+'MD-data'!Y46+'MD-data'!Y47+'MD-data'!Y58+'MD-data'!Y55)/('MD-data'!Y85+'MD-data'!Y88) -> 857.22161 | AQ16: =('MD-data'!AA38+'MD-data'!AA39+'MD-data'!AA40+'MD-data'!AA41+'MD-data'!AA42+'MD-data'!AA45+'MD-data'!AA46+'MD-data'!AA47+'MD-data'!AA58+'MD-data'!AA55)/('MD-data'!AA85+'MD-data'!AA88) -> 2.6596096 | AR16: =('MD-data'!AC38+'MD-data'!AC39+'MD-data'!AC40+'MD-data'!AC41+'MD-data'!AC42+'MD-data'!AC45+'MD-data'!AC46+'MD-data'!AC47+'MD-data'!AC58+'MD-data'!AC55)/('MD-data'!AC85+'MD-data'!AC88) -> 0.026757847 | AS16: =('MD-data'!AE38+'MD-data'!AE39+'MD-data'!AE40+'MD-data'!AE41+'MD-data'!AE42+'MD-data'!AE45+'MD-data'!AE46+'MD-data'!AE47+'MD-data'!AE58+'MD-data'!AE55)/('MD-data'!AE85+'MD-data'!AE88) -> -0.84616851 | AT16: =('MD-data'!AG38+'MD-data'!AG39+'MD-data'!AG40+'MD-data'!AG41+'MD-data'!AG42+'MD-data'!AG45+'MD-data'!AG46+'MD-data'!AG47+'MD-data'!AG58+'MD-data'!AG55)/('MD-data'!AG85+'MD-data'!AG88) -> 0.023838893 | AU16: =('MD-data'!AI38+'MD-data'!AI39+'MD-data'!AI40+'MD-data'!AI41+'MD-data'!AI42+'MD-data'!AI45+'MD-data'!AI46+'MD-data'!AI47+'MD-data'!AI58+'MD-data'!AI55)/('MD-data'!AI85+'MD-data'!AI88) -> -0.18658975 | AV16: =('MD-data'!AK38+'MD-data'!AK39+'MD-data'!AK40+'MD-data'!AK41+'MD-data'!AK42+'MD-data'!AK45+'MD-data'!AK46+'MD-data'!AK47+'MD-data'!AK58+'MD-data'!AK55)/('MD-data'!AK85+'MD-data'!AK88) -> 0.28188792 | AW16: =('MD-data'!AM38+'MD-data'!AM39+'MD-data'!AM40+'MD-data'!AM41+'MD-data'!AM42+'MD-data'!AM45+'MD-data'!AM46+'MD-data'!AM47+'MD-data'!AM58+'MD-data'!AM55)/('MD-data'!AM85+'MD-data'!AM88) -> 0.4267655 | AX16: =('MD-data'!AO38+'MD-data'!AO39+'MD-data'!AO40+'MD-data'!AO41+'MD-data'!AO42+'MD-data'!AO45+'MD-data'!AO46+'MD-data'!AO47+'MD-data'!AO58+'MD-data'!AO55)/('MD-data'!AO85+'MD-data'!AO88) -> 11.603634 | AY16: =('MD-data'!AQ38+'MD-data'!AQ39+'MD-data'!AQ40+'MD-data'!AQ41+'MD-data'!AQ42+'MD-data'!AQ45+'MD-data'!AQ46+'MD-data'!AQ47+'MD-data'!AQ58+'MD-data'!AQ55)/('MD-data'!AQ85+'MD-data'!AQ88) -> 0.28825694 | AZ16: =('MD-data'!AS38+'MD-data'!AS39+'MD-data'!AS40+'MD-data'!AS41+'MD-data'!AS42+'MD-data'!AS45+'MD-data'!AS46+'MD-data'!AS47+'MD-data'!AS58+'MD-data'!AS55)/('MD-data'!AS85+'MD-data'!AS88) -> 2.138981 | BA16: =('MD-data'!AU38+'MD-data'!AU39+'MD-data'!AU40+'MD-data'!AU41+'MD-data'!AU42+'MD-data'!AU45+'MD-data'!AU46+'MD-data'!AU47+'MD-data'!AU58+'MD-data'!AU55)/('MD-data'!AU85+'MD-data'!AU88) -> 0.028245769 | BB16: =('MD-data'!AW38+'MD-data'!AW39+'MD-data'!AW40+'MD-data'!AW41+'MD-data'!AW42+'MD-data'!AW45+'MD-data'!AW46+'MD-data'!AW47+'MD-data'!AW58+'MD-data'!AW55)/('MD-data'!AW85+'MD-data'!AW88) -> -5.6734294 | BC16: =('MD-data'!AY38+'MD-data'!AY39+'MD-data'!AY40+'MD-data'!AY41+'MD-data'!AY42+'MD-data'!AY45+'MD-data'!AY46+'MD-data'!AY47+'MD-data'!AY58+'MD-data'!AY55)/('MD-data'!AY85+'MD-data'!AY88) -> 3.0756637 | BD16: =('MD-data'!BA38+'MD-data'!BA39+'MD-data'!BA40+'MD-data'!BA41+'MD-data'!BA42+'MD-data'!BA45+'MD-data'!BA46+'MD-data'!BA47+'MD-data'!BA58+'MD-data'!BA55)/('MD-data'!BA85+'MD-data'!BA88) -> -1.0359195 | BE16: =('MD-data'!BC38+'MD-data'!BC39+'MD-data'!BC40+'MD-data'!BC41+'MD-data'!BC42+'MD-data'!BC45+'MD-data'!BC46+'MD-data'!BC47+'MD-data'!BC58+'MD-data'!BC55)/('MD-data'!BC85+'MD-data'!BC88) -> 0.0052819171 | BF16: =('MD-data'!BE38+'MD-data'!BE39+'MD-data'!BE40+'MD-data'!BE41+'MD-data'!BE42+'MD-data'!BE45+'MD-data'!BE46+'MD-data'!BE47+'MD-data'!BE58+'MD-data'!BE55)/('MD-data'!BE85+'MD-data'!BE88) -> 0.88983849 | BG16: =('MD-data'!BG38+'MD-data'!BG39+'MD-data'!BG40+'MD-data'!BG41+'MD-data'!BG42+'MD-data'!BG45+'MD-data'!BG46+'MD-data'!BG47+'MD-data'!BG58+'MD-data'!BG55)/('MD-data'!BG85+'MD-data'!BG88) -> -0.19919842 | BH16: =('MD-data'!BI38+'MD-data'!BI39+'MD-data'!BI40+'MD-data'!BI41+'MD-data'!BI42+'MD-data'!BI45+'MD-data'!BI46+'MD-data'!BI47+'MD-data'!BI58+'MD-data'!BI55)/('MD-data'!BI85+'MD-data'!BI88) -> 4.3123174 | BI16: =('MD-data'!BL38+'MD-data'!BL39+'MD-data'!BL40+'MD-data'!BL41+'MD-data'!BL42+'MD-data'!BL45+'MD-data'!BL46+'MD-data'!BL47+'MD-data'!BL58+'MD-data'!BL55)/('MD-data'!BL85+'MD-data'!BL88) -> 1.2083144 | BJ16: =('MD-data'!BM38+'MD-data'!BM39+'MD-data'!BM40+'MD-data'!BM41+'MD-data'!BM42+'MD-data'!BM45+'MD-data'!BM46+'MD-data'!BM47+'MD-data'!BM58+'MD-data'!BM55)/('MD-data'!BM85+'MD-data'!BM88) -> 0.02147181 | BK16: =('MD-data'!BO38+'MD-data'!BO39+'MD-data'!BO40+'MD-data'!BO41+'MD-data'!BO42+'MD-data'!BO45+'MD-data'!BO46+'MD-data'!BO47+'MD-data'!BO58+'MD-data'!BO55)/('MD-data'!BO85+'MD-data'!BO88) -> 77.945688 | BL16: =('MD-data'!BQ38+'MD-data'!BQ39+'MD-data'!BQ40+'MD-data'!BQ41+'MD-data'!BQ42+'MD-data'!BQ45+'MD-data'!BQ46+'MD-data'!BQ47+'MD-data'!BQ58+'MD-data'!BQ55)/('MD-data'!BQ85+'MD-data'!BQ88) -> 37.171579 | BM16: =('MD-data'!BS38+'MD-data'!BS39+'MD-data'!BS40+'MD-data'!BS41+'MD-data'!BS42+'MD-data'!BS45+'MD-data'!BS46+'MD-data'!BS47+'MD-data'!BS58+'MD-data'!BS55)/('MD-data'!BS85+'MD-data'!BS88) -> 0.00045919883 | BN16: =('MD-data'!BU38+'MD-data'!BU39+'MD-data'!BU40+'MD-data'!BU41+'MD-data'!BU42+'MD-data'!BU45+'MD-data'!BU46+'MD-data'!BU47+'MD-data'!BU58+'MD-data'!BU55)/('MD-data'!BU85+'MD-data'!BU88) -> 1.8937719 | BO16: =('MD-data'!BW38+'MD-data'!BW39+'MD-data'!BW40+'MD-data'!BW41+'MD-data'!BW42+'MD-data'!BW45+'MD-data'!BW46+'MD-data'!BW47+'MD-data'!BW58+'MD-data'!BW55)/('MD-data'!BW85+'MD-data'!BW88) -> 0.018974563 | BP16: =('MD-data'!BY38+'MD-data'!BY39+'MD-data'!BY40+'MD-data'!BY41+'MD-data'!BY42+'MD-data'!BY45+'MD-data'!BY46+'MD-data'!BY47+'MD-data'!BY58+'MD-data'!BY55)/('MD-data'!BY85+'MD-data'!BY88) -> 0.00041399163 | BQ16: =('MD-data'!CA38+'MD-data'!CA39+'MD-data'!CA40+'MD-data'!CA41+'MD-data'!CA42+'MD-data'!CA45+'MD-data'!CA46+'MD-data'!CA47+'MD-data'!CA58+'MD-data'!CA55)/('MD-data'!CA85+'MD-data'!CA88) -> -0.01649989 | BR16: =('MD-data'!CC38+'MD-data'!CC39+'MD-data'!CC40+'MD-data'!CC41+'MD-data'!CC42+'MD-data'!CC45+'MD-data'!CC46+'MD-data'!CC47+'MD-data'!CC58+'MD-data'!CC55)/('MD-data'!CC85+'MD-data'!CC88) -> 0.003892193 | BS16: =('MD-data'!CE38+'MD-data'!CE39+'MD-data'!CE40+'MD-data'!CE41+'MD-data'!CE42+'MD-data'!CE45+'MD-data'!CE46+'MD-data'!CE47+'MD-data'!CE58+'MD-data'!CE55)/('MD-data'!CE85+'MD-data'!CE88) -> -5.3927529 | BT16: =('MD-data'!CG38+'MD-data'!CG39+'MD-data'!CG40+'MD-data'!CG41+'MD-data'!CG42+'MD-data'!CG45+'MD-data'!CG46+'MD-data'!CG47+'MD-data'!CG58+'MD-data'!CG55)/('MD-data'!CG85+'MD-data'!CG88) -> 0 | BU16: =('MD-data'!CI38+'MD-data'!CI39+'MD-data'!CI40+'MD-data'!CI41+'MD-data'!CI42+'MD-data'!CI45+'MD-data'!CI46+'MD-data'!CI47+'MD-data'!CI58+'MD-data'!CI55)/('MD-data'!CI85+'MD-data'!CI88) -> 4.8593066 | BV16: =('MD-data'!CK38+'MD-data'!CK39+'MD-data'!CK40+'MD-data'!CK41+'MD-data'!CK42+'MD-data'!CK45+'MD-data'!CK46+'MD-data'!CK47+'MD-data'!CK58+'MD-data'!CK55)/('MD-data'!CK85+'MD-data'!CK88) -> 0.77339621 | BW16: =('MD-data'!CM38+'MD-data'!CM39+'MD-data'!CM40+'MD-data'!CM41+'MD-data'!CM42+'MD-data'!CM45+'MD-data'!CM46+'MD-data'!CM47+'MD-data'!CM58+'MD-data'!CM55)/('MD-data'!CM85+'MD-data'!CM88) -> 10.484653 | BX16: =('MD-data'!CO38+'MD-data'!CO39+'MD-data'!CO40+'MD-data'!CO41+'MD-data'!CO42+'MD-data'!CO45+'MD-data'!CO46+'MD-data'!CO47+'MD-data'!CO58+'MD-data'!CO55)/('MD-data'!CO85+'MD-data'!CO88) -> -0.072967345 | BY16: =('MD-data'!CQ38+'MD-data'!CQ39+'MD-data'!CQ40+'MD-data'!CQ41+'MD-data'!CQ42+'MD-data'!CQ45+'MD-data'!CQ46+'MD-data'!CQ47+'MD-data'!CQ58+'MD-data'!CQ55)/('MD-data'!CQ85+'MD-data'!CQ88) -> -12.281053 | BZ16: =('MD-data'!CS38+'MD-data'!CS39+'MD-data'!CS40+'MD-data'!CS41+'MD-data'!CS42+'MD-data'!CS45+'MD-data'!CS46+'MD-data'!CS47+'MD-data'!CS58+'MD-data'!CS55)/('MD-data'!CS85+'MD-data'!CS88) -> 3.2179403 | CA16: =('MD-data'!CU38+'MD-data'!CU39+'MD-data'!CU40+'MD-data'!CU41+'MD-data'!CU42+'MD-data'!CU45+'MD-data'!CU46+'MD-data'!CU47+'MD-data'!CU58+'MD-data'!CU55)/('MD-data'!CU85+'MD-data'!CU88) -> 14.346125 | CB16: =('MD-data'!CW38+'MD-data'!CW39+'MD-data'!CW40+'MD-data'!CW41+'MD-data'!CW42+'MD-data'!CW45+'MD-data'!CW46+'MD-data'!CW47+'MD-data'!CW58+'MD-data'!CW55)/('MD-data'!CW85+'MD-data'!CW88) -> -0.45782959 | CC16: =('MD-data'!CY38+'MD-data'!CY39+'MD-data'!CY40+'MD-data'!CY41+'MD-data'!CY42+'MD-data'!CY45+'MD-data'!CY46+'MD-data'!CY47+'MD-data'!CY58+'MD-data'!CY55)/('MD-data'!CY85+'MD-data'!CY88) -> 1.0344284 | CF16: {=IFERROR(SMALL(IF($AF16:$CC16>=0,$AF16:$CC16,""),CF$1),"")} -> 0 | CG16: {=IFERROR(SMALL(IF($AF16:$CC16>=0,$AF16:$CC16,""),CG$1),"")} -> 0 | CH16: {=IFERROR(SMALL(IF($AF16:$CC16>=0,$AF16:$CC16,""),CH$1),"")} -> 0.00041399163 | CI16: {=IFERROR(SMALL(IF($AF16:$CC16>=0,$AF16:$CC16,""),CI$1),"")} -> 0.00045919883 | CJ16: {=IFERROR(SMALL(IF($AF16:$CC16>=0,$AF16:$CC16,""),CJ$1),"")} -> 0.003892193 | CK16: {=IFERROR(SMALL(IF($AF16:$CC16>=0,$AF16:$CC16,""),CK$1),"")} -> 0.0052819171 | CL16: {=IFERROR(SMALL(IF($AF16:$CC16>=0,$AF16:$CC16,""),CL$1),"")} -> 0.018974563 | CM16: {=IFERROR(SMALL(IF($AF16:$CC16>=0,$AF16:$CC16,""),CM$1),"")} -> 0.02147181 | ... EC16: {=IFERROR(SMALL(IF($AF16:$CC16>=0,$AF16:$CC16,""),EC$1),"")} | EF16: =IFERROR(CG16/CF16,"") | EG16: =IFERROR(CH16/CG16,"") | EH16: =IFERROR(CI16/CH16,"") -> 1.1091984 | EI16: =IFERROR(CJ16/CI16,"") -> 8.4760517 | EJ16: =IFERROR(CK16/CJ16,"") -> 1.3570542 | EK16: =IFERROR(CL16/CK16,"") -> 3.592363 | EL16: =IFERROR(CM16/CL16,"") -> 1.1316102 | EM16: =IFERROR(CN16/CM16,"") -> 1.1102414 | ... GB16: =IFERROR(EC16/EB16,"")
C17: Leverage total
A18: 0.15 | B18: Activity | C18: 0.1 | D18: Working capital turnover ratio | E18: Net Sales ÷ ((Beginning Working Capital + Ending Working Capital) / 2) Note: Working Capital = Current Assets Minus Current Liabilities) | G18: + of absolute vaule | H18: one-tailed | L18: =QUARTILE($AF18:$CC18,L$2) -> -27.222876 | M18: =QUARTILE($AF18:$CC18,M$2) -> -0.61032331 | N18: =QUARTILE($AF18:$CC18,N$2) -> 2.6942695 | O18: =QUARTILE($AF18:$CC18,O$2) -> 5.1888433 | P18: =QUARTILE($AF18:$CC18,P$2) -> 256.49638 | R18: =(T18-S18)^2 -> 6.1584076e-10 | S18: =(U18-1)/LN(U18) -> 9.1370539 | T18: {=((AVERAGE(IF((AF18:CC18>=0)*(AF18:CC18<AC18),AF18:CC18))-MIN(IF((AF18:CC18>=0)*(AF18:CC18<AC18),AF18:CC18)))/(MAX(IF((AF18:CC18>=0)*(AF18:CC18<AC18),AF18:CC18))-MIN(IF((AF18:CC18>=0)*(AF18:CC18<AC18),AF18:CC18))))^(-3/2)} -> 9.1370787 | U18: 32.927752 | V18: =AVERAGE(AF18:CC18) -> 7.1701726 | Y18: 0 | Z18: {=AA18/AVERAGE(IF($EF18:$GB18<=QUARTILE($EF18:$GB18,3),$EF18:$GB18,""))^(COUNTIFS($AF18:$CC18,">=0")/4)} -> 2.0610405 | AA18: {=QUARTILE(IF($AF18:$CC18>=0,$AF18:$CC18,""),2)} -> 3.9323918 | AB18: {=AA18*AVERAGE(IF($EF18:$GB18<=QUARTILE($EF18:$GB18,3),$EF18:$GB18,""))^(COUNTIFS($AF18:$CC18,">=0")/4)} -> 7.5028635 | AC18: {=AB18*(AVERAGE(IF($EF18:$GB18<=QUARTILE($EF18:$GB18,3)+X$1*(QUARTILE($EF18:$GB18,3)-QUARTILE($EF18:$GB18,1)),$EF18:$GB18,"")))^(COUNT($AF18:$CC18)/4)} -> 39.064232 | AF18: ='MD-data'!E78/('MD-data'!E35-'MD-data'!E59) -> 0.59881689 | AG18: ='MD-data'!G78/('MD-data'!G35-'MD-data'!G59) -> 14.573159 | AH18: ='MD-data'!I78/('MD-data'!I35-'MD-data'!I59) -> -19.463958 | AI18: ='MD-data'!K78/('MD-data'!K35-'MD-data'!K59) -> 3.6959561 | AJ18: ='MD-data'!M78/('MD-data'!M35-'MD-data'!M59) -> -3.4226931 | AK18: ='MD-data'!O78/('MD-data'!O35-'MD-data'!O59) -> 2.7269905 | AL18: ='MD-data'!Q78/('MD-data'!Q35-'MD-data'!Q59) -> 0.16402082 | AM18: ='MD-data'!S78/('MD-data'!S35-'MD-data'!S59) -> 0.91199525 | AN18: ='MD-data'!U78/('MD-data'!U35-'MD-data'!U59) -> 0.21122868 | AO18: ='MD-data'!W78/('MD-data'!W35-'MD-data'!W59) -> 18.124088 | AP18: ='MD-data'!Y78/('MD-data'!Y35-'MD-data'!Y59) -> -0.59876011 | AQ18: ='MD-data'!AA78/('MD-data'!AA35-'MD-data'!AA59) -> 1.9337333 | AR18: ='MD-data'!AC78/('MD-data'!AC35-'MD-data'!AC59) -> 2.6490356 | AS18: ='MD-data'!AE78/('MD-data'!AE35-'MD-data'!AE59) -> 8.5365611 | AT18: ='MD-data'!AG78/('MD-data'!AG35-'MD-data'!AG59) -> -19.109585 | AU18: ='MD-data'!AI78/('MD-data'!AI35-'MD-data'!AI59) -> 10.856222 | AV18: ='MD-data'!AK78/('MD-data'!AK35-'MD-data'!AK59) -> 3.4081554 | AW18: ='MD-data'!AM78/('MD-data'!AM35-'MD-data'!AM59) -> -2.1999243 | AX18: ='MD-data'!AO78/('MD-data'!AO35-'MD-data'!AO59) -> 4.4530034 | AY18: ='MD-data'!AQ78/('MD-data'!AQ35-'MD-data'!AQ59) -> 9.7640888 | AZ18: ='MD-data'!AS78/('MD-data'!AS35-'MD-data'!AS59) -> 7.5155722 | BA18: ='MD-data'!AU78/('MD-data'!AU35-'MD-data'!AU59) -> 4.7623856 | BB18: ='MD-data'!AW78/('MD-data'!AW35-'MD-data'!AW59) -> -5.3582571 | BC18: ='MD-data'!AY78/('MD-data'!AY35-'MD-data'!AY59) -> -27.222876 | BD18: ='MD-data'!BA78/('MD-data'!BA35-'MD-data'!BA59) -> -0.61417771 | BE18: ='MD-data'!BC78/('MD-data'!BC35-'MD-data'!BC59) -> 256.49638 | BF18: ='MD-data'!BE78/('MD-data'!BE35-'MD-data'!BE59) -> 5.3045507 | BG18: ='MD-data'!BG78/('MD-data'!BG35-'MD-data'!BG59) -> 25.00269 | BH18: ='MD-data'!BI78/('MD-data'!BI35-'MD-data'!BI59) -> -2.7487568 | BI18: ='MD-data'!BL78/('MD-data'!BL35-'MD-data'!BL59) -> 3.8085837 | BJ18: ='MD-data'!BM78/('MD-data'!BM35-'MD-data'!BM59) -> 4.1465613 | BK18: ='MD-data'!BO78/('MD-data'!BO35-'MD-data'!BO59) -> -9.6826285 | BL18: ='MD-data'!BQ78/('MD-data'!BQ35-'MD-data'!BQ59) -> 3.8145781 | BM18: ='MD-data'!BS78/('MD-data'!BS35-'MD-data'!BS59) -> 4.8417213 | BN18: ='MD-data'!BU78/('MD-data'!BU35-'MD-data'!BU59) -> -3.8102147 | BO18: ='MD-data'!BW78/('MD-data'!BW35-'MD-data'!BW59) -> 1.5422171 | BP18: ='MD-data'!BY78/('MD-data'!BY35-'MD-data'!BY59) -> 0.58482488 | BQ18: ='MD-data'!CA78/('MD-data'!CA35-'MD-data'!CA59) -> 2.7414588 | BR18: ='MD-data'!CC78/('MD-data'!CC35-'MD-data'!CC59) -> -5.5472556 | BS18: ='MD-data'!CE78/('MD-data'!CE35-'MD-data'!CE59) -> 0.14816152 | BT18: ='MD-data'!CG78/('MD-data'!CG35-'MD-data'!CG59) -> 1.4040387 | BU18: ='MD-data'!CI78/('MD-data'!CI35-'MD-data'!CI59) -> 2.6615484 | BV18: ='MD-data'!CK78/('MD-data'!CK35-'MD-data'!CK59) -> 10.070629 | BW18: ='MD-data'!CM78/('MD-data'!CM35-'MD-data'!CM59) -> 3.1592205 | BX18: ='MD-data'!CO78/('MD-data'!CO35-'MD-data'!CO59) -> 17.807682 | BY18: ='MD-data'!CQ78/('MD-data'!CQ35-'MD-data'!CQ59) -> 4.0502055 | BZ18: ='MD-data'!CS78/('MD-data'!CS35-'MD-data'!CS59) -> -1.1989447 | CA18: ='MD-data'!CU78/('MD-data'!CU35-'MD-data'!CU59) -> 12.754855 | CB18: ='MD-data'!CW78/('MD-data'!CW35-'MD-data'!CW59) -> -1.233063 | CC18: ='MD-data'!CY78/('MD-data'!CY35-'MD-data'!CY59) -> 5.4948068 | CF18: {=IFERROR(SMALL(IF($AF18:$CC18>=0,$AF18:$CC18,""),CF$1),"")} -> 0.14816152 | CG18: {=IFERROR(SMALL(IF($AF18:$CC18>=0,$AF18:$CC18,""),CG$1),"")} -> 0.16402082 | CH18: {=IFERROR(SMALL(IF($AF18:$CC18>=0,$AF18:$CC18,""),CH$1),"")} -> 0.21122868 | CI18: {=IFERROR(SMALL(IF($AF18:$CC18>=0,$AF18:$CC18,""),CI$1),"")} -> 0.58482488 | CJ18: {=IFERROR(SMALL(IF($AF18:$CC18>=0,$AF18:$CC18,""),CJ$1),"")} -> 0.59881689 | CK18: {=IFERROR(SMALL(IF($AF18:$CC18>=0,$AF18:$CC18,""),CK$1),"")} -> 0.91199525 | CL18: {=IFERROR(SMALL(IF($AF18:$CC18>=0,$AF18:$CC18,""),CL$1),"")} -> 1.4040387 | CM18: {=IFERROR(SMALL(IF($AF18:$CC18>=0,$AF18:$CC18,""),CM$1),"")} -> 1.5422171 | ... EC18: {=IFERROR(SMALL(IF($AF18:$CC18>=0,$AF18:$CC18,""),EC$1),"")} | EF18: =IFERROR(CG18/CF18,"") -> 1.1070406 | EG18: =IFERROR(CH18/CG18,"") -> 1.2878163 | EH18: =IFERROR(CI18/CH18,"") -> 2.7686812 | EI18: =IFERROR(CJ18/CI18,"") -> 1.0239251 | EJ18: =IFERROR(CK18/CJ18,"") -> 1.5229952 | EK18: =IFERROR(CL18/CK18,"") -> 1.5395241 | EL18: =IFERROR(CM18/CL18,"") -> 1.098415 | EM18: =IFERROR(CN18/CM18,"") -> 1.2538658 | ... GB18: =IFERROR(EC18/EB18,"")
C19: 0.05 | D19: Accounts receivable turnover ratio | E19: Net Sales ÷ ((Beginning Accounts Receivable + Ending Accounts Receivable) / 2) | G19: + | H19: one-tailed | L19: =QUARTILE($AF19:$CC19,L$2) -> 0 | M19: =QUARTILE($AF19:$CC19,M$2) -> 3.8415102 | N19: =QUARTILE($AF19:$CC19,N$2) -> 11.160496 | O19: =QUARTILE($AF19:$CC19,O$2) -> 31.248027 | P19: =QUARTILE($AF19:$CC19,P$2) -> 10085.173 | R19: =(T19-S19)^2 -> 1.8088955e-09 | S19: =(U19-1)/LN(U19) -> 13.051973 | T19: {=((AVERAGE(IF(AF19:CC19<AC19,AF19:CC19))-MIN(IF(AF19:CC19<AC19,AF19:CC19)))/(MAX(IF(AF19:CC19<AC19,AF19:CC19))-MIN(IF(AF19:CC19<AC19,AF19:CC19))))^(-3/2)} -> 13.052015 | U19: 52.761201 | V19: =AVERAGE(AF19:CC19) -> 270.21674 | Y19: 0 | Z19: {=AA19/AVERAGE(IF($EF19:$GB19<=QUARTILE($EF19:$GB19,3),$EF19:$GB19,""))^(COUNT($AF19:$CC19)/4)} -> 4.2912925 | AA19: =N19 -> 11.160496 | AB19: {=AA19*AVERAGE(IF($EF19:$GB19<=QUARTILE($EF19:$GB19,3),$EF19:$GB19,""))^(COUNT($AF19:$CC19)/4)} -> 29.025445 | AC19: {=AB19*(AVERAGE(IF($EF19:$GB19<=QUARTILE($EF19:$GB19,3)+X$1*(QUARTILE($EF19:$GB19,3)-QUARTILE($EF19:$GB19,1)),$EF19:$GB19,"")))^(COUNT($AF19:$CC19)/4)} -> 124.24324 | AF19: ='MD-data'!E78/('MD-data'!E26+'MD-data'!E27) -> 2.778571 | AG19: ='MD-data'!G78/('MD-data'!G26+'MD-data'!G27) -> 46.977733 | AH19: ='MD-data'!I78/('MD-data'!I26+'MD-data'!I27) -> 2.3139049 | AI19: ='MD-data'!K78/('MD-data'!K26+'MD-data'!K27) -> 6.6589819 | AJ19: ='MD-data'!M78/('MD-data'!M26+'MD-data'!M27) -> 70.471558 | AK19: ='MD-data'!O78/('MD-data'!O26+'MD-data'!O27) -> 32.187052 | AL19: ='MD-data'!Q78/('MD-data'!Q26+'MD-data'!Q27) -> 11.065875 | AM19: ='MD-data'!S78/('MD-data'!S26+'MD-data'!S27) -> 10.67454 | AN19: ='MD-data'!U78/('MD-data'!U26+'MD-data'!U27) -> 97.641821 | AO19: ='MD-data'!W78/('MD-data'!W26+'MD-data'!W27) -> 27.205997 | AP19: ='MD-data'!Y78/('MD-data'!Y26+'MD-data'!Y27) -> 2.6726428 | AQ19: ='MD-data'!AA78/('MD-data'!AA26+'MD-data'!AA27) -> 1.1278107 | AR19: ='MD-data'!AC78/('MD-data'!AC26+'MD-data'!AC27) -> 16.526969 | AS19: ='MD-data'!AE78/('MD-data'!AE26+'MD-data'!AE27) -> 5.1261286 | AT19: ='MD-data'!AG78/('MD-data'!AG26+'MD-data'!AG27) -> 55.572695 | AU19: ='MD-data'!AI78/('MD-data'!AI26+'MD-data'!AI27) -> 9.6719876 | AV19: ='MD-data'!AK78/('MD-data'!AK26+'MD-data'!AK27) -> 6.5030749 | AW19: ='MD-data'!AM78/('MD-data'!AM26+'MD-data'!AM27) -> 93.486373 | AX19: ='MD-data'!AO78/('MD-data'!AO26+'MD-data'!AO27) -> 6.9290415 | AY19: ='MD-data'!AQ78/('MD-data'!AQ26+'MD-data'!AQ27) -> 10085.173 | AZ19: ='MD-data'!AS78/('MD-data'!AS26+'MD-data'!AS27) -> 11.689073 | BA19: ='MD-data'!AU78/('MD-data'!AU26+'MD-data'!AU27) -> 13.010066 | BB19: ='MD-data'!AW78/('MD-data'!AW26+'MD-data'!AW27) -> 11.62727 | BC19: ='MD-data'!AY78/('MD-data'!AY26+'MD-data'!AY27) -> 5.3166713 | BD19: ='MD-data'!BA78/('MD-data'!BA26+'MD-data'!BA27) -> 0.92462952 | BE19: ='MD-data'!BC78/('MD-data'!BC26+'MD-data'!BC27) -> 10.681298 | BF19: ='MD-data'!BE78/('MD-data'!BE26+'MD-data'!BE27) -> 1620.2425 | BG19: ='MD-data'!BG78/('MD-data'!BG26+'MD-data'!BG27) -> 5.6224776 | BH19: 0 | BI19: ='MD-data'!BL78/('MD-data'!BL26+'MD-data'!BL27) -> 116.29726 | BJ19: ='MD-data'!BM78/('MD-data'!BM26+'MD-data'!BM27) -> 819.40944 | BK19: ='MD-data'!BO78/('MD-data'!BO26+'MD-data'!BO27) -> 28.430953 | BL19: 0 | BM19: ='MD-data'!BS78/('MD-data'!BS26+'MD-data'!BS27) -> 73.35509 | BN19: ='MD-data'!BU78/('MD-data'!BU26+'MD-data'!BU27) -> 13.253665 | BO19: ='MD-data'!BW78/('MD-data'!BW26+'MD-data'!BW27) -> 4.8602018 | BP19: ='MD-data'!BY78/('MD-data'!BY26+'MD-data'!BY27) -> 24.467624 | BQ19: ='MD-data'!CA78/('MD-data'!CA26+'MD-data'!CA27) -> 23.632746 | BR19: 0 | BS19: ='MD-data'!CE78/('MD-data'!CE26+'MD-data'!CE27) -> 11.33841 | BT19: ='MD-data'!CG78/('MD-data'!CG26+'MD-data'!CG27) -> 33.095213 | BU19: ='MD-data'!CI78/('MD-data'!CI26+'MD-data'!CI27) -> 11.255117 | BV19: ='MD-data'!CK78/('MD-data'!CK26+'MD-data'!CK27) -> 3.5019463 | BW19: ='MD-data'!CM78/('MD-data'!CM26+'MD-data'!CM27) -> 25.573832 | BX19: ='MD-data'!CO78/('MD-data'!CO26+'MD-data'!CO27) -> 1.9478662 | BY19: ='MD-data'!CQ78/('MD-data'!CQ26+'MD-data'!CQ27) -> 0.78981314 | BZ19: 0 | CA19: ='MD-data'!CU78/('MD-data'!CU26+'MD-data'!CU27) -> 42.879663 | CB19: 0 | CC19: ='MD-data'!CY78/('MD-data'!CY26+'MD-data'!CY27) -> 6.8685454 | CF19: =SMALL($AF19:$CC19,CF$1) -> 0 | CG19: =SMALL($AF19:$CC19,CG$1) -> 0 | CH19: =SMALL($AF19:$CC19,CH$1) -> 0 | CI19: =SMALL($AF19:$CC19,CI$1) -> 0 | CJ19: =SMALL($AF19:$CC19,CJ$1) -> 0 | CK19: =SMALL($AF19:$CC19,CK$1) -> 0.78981314 | CL19: =SMALL($AF19:$CC19,CL$1) -> 0.92462952 | CM19: =SMALL($AF19:$CC19,CM$1) -> 1.1278107 | ... EC19: =SMALL($AF19:$CC19,EC$1) -> 10085.173 | EF19: =IFERROR(CG19/CF19,"") | EG19: =IFERROR(CH19/CG19,"") | EH19: =IFERROR(CI19/CH19,"") | EI19: =IFERROR(CJ19/CI19,"") | EJ19: =IFERROR(CK19/CJ19,"") | EK19: =IFERROR(CL19/CK19,"") -> 1.170694 | EL19: =IFERROR(CM19/CL19,"") -> 1.2197433 | EM19: =IFERROR(CN19/CM19,"") -> 1.7271216 | ... GB19: =IFERROR(EC19/EB19,"") -> 6.2244836
C20: Activity total
A21: 1 | B21: Total | R21: =SUM(R7:R19) -> 2.6270667e-08
A24: 0.3 | B24: Liquidity | C24: 0.1 | D24: Current Ratio | E24: Current Assets ÷ Current Liabilities | G24: + | H24: one-tailed | J24: 2016 | L24: =QUARTILE($AF24:$CC24,L$2) -> 0.074950708 | M24: =QUARTILE($AF24:$CC24,M$2) -> 0.99893846 | N24: =QUARTILE($AF24:$CC24,N$2) -> 1.9229714 | O24: =QUARTILE($AF24:$CC24,O$2) -> 8.0492891 | P24: =QUARTILE($AF24:$CC24,P$2) -> 242.5513 | R24: =(T24-S24)^2 -> 3.0824394e-08 | S24: =(U24-1)/LN(U24) -> 7.5492144 | T24: {=((AVERAGE(IF(AF24:CC24<AC24,AF24:CC24))-MIN(IF(AF24:CC24<AC24,AF24:CC24)))/(MAX(IF(AF24:CC24<AC24,AF24:CC24))-MIN(IF(AF24:CC24<AC24,AF24:CC24))))^(-3/2)} -> 7.54939 | U24: 25.428188 | V24: =AVERAGE(AF24:CC24) -> 11.025698 | Y24: 0 | Z24: {=AA24/AVERAGE(IF($EF24:$GB24<=QUARTILE($EF24:$GB24,3),$EF24:$GB24,""))^(COUNT($AF24:$CC24)/4)} -> 0.92385992 | AA24: =N24 -> 1.9229714 | AB24: {=AA24*AVERAGE(IF($EF24:$GB24<=QUARTILE($EF24:$GB24,3),$EF24:$GB24,""))^(COUNT($AF24:$CC24)/4)} -> 4.0025754 | AC24: {=AB24*(AVERAGE(IF($EF24:$GB24<=QUARTILE($EF24:$GB24,3)+X$1*(QUARTILE($EF24:$GB24,3)-QUARTILE($EF24:$GB24,1)),$EF24:$GB24,"")))^(COUNT($AF24:$CC24)/4)} -> 11.100562 | AF24: ='MD-data'!F35/'MD-data'!F59 -> 9.1884616 | AG24: ='MD-data'!H35/'MD-data'!H59 -> 1.4283117 | AH24: ='MD-data'!J35/'MD-data'!J59 -> 8.8105036 | AI24: ='MD-data'!L35/'MD-data'!L59 -> 3.8468746 | AJ24: ='MD-data'!N35/'MD-data'!N59 -> 0.074950708 | AK24: ='MD-data'!P35/'MD-data'!P59 -> 0.97661956 | AL24: ='MD-data'!R35/'MD-data'!R59 -> 35.780215 | AM24: ='MD-data'!T35/'MD-data'!T59 -> 30.559708 | AN24: ='MD-data'!V35/'MD-data'!V59 -> 23.419395 | AO24: ='MD-data'!X35/'MD-data'!X59 -> 0.85478289 | AP24: ='MD-data'!Z35/'MD-data'!Z59 -> 2.0787183 | AQ24: ='MD-data'!AB35/'MD-data'!AB59 -> 8.2119118 | AR24: ='MD-data'!AD35/'MD-data'!AD59 -> 3.8604625 | AS24: ='MD-data'!AF35/'MD-data'!AF59 -> 2.0198858 | AT24: ='MD-data'!AH35/'MD-data'!AH59 -> 0.84090861 | AU24: ='MD-data'!AJ35/'MD-data'!AJ59 -> 3.3452383 | AV24: ='MD-data'!AL35/'MD-data'!AL59 -> 3.4068058 | AW24: ='MD-data'!AN35/'MD-data'!AN59 -> 0.38162954 | AX24: ='MD-data'!AP35/'MD-data'!AP59 -> 3.914408 | AY24: ='MD-data'!AR35/'MD-data'!AR59 -> 1.5696426 | AZ24: ='MD-data'!AT35/'MD-data'!AT59 -> 1.4723201 | BA24: ='MD-data'!AV35/'MD-data'!AV59 -> 242.5513 | BB24: ='MD-data'!AX35/'MD-data'!AX59 -> 0.34378199 | BC24: ='MD-data'!AZ35/'MD-data'!AZ59 -> 0.9332062 | BD24: ='MD-data'!BB35/'MD-data'!BB59 -> 0.46207911 | BE24: ='MD-data'!BD35/'MD-data'!BD59 -> 1.0875487 | BF24: ='MD-data'!BF35/'MD-data'!BF59 -> 2.0042947 | BG24: ='MD-data'!BH35/'MD-data'!BH59 -> 1.0658951 | BH24: ='MD-data'!BJ35/'MD-data'!BJ59 -> 0.27246683 | BI24: ='MD-data'!BK35/'MD-data'!BK59 -> 2.4251503 | BJ24: ='MD-data'!BN35/'MD-data'!BN59 -> 10.277288 | BK24: ='MD-data'!BP35/'MD-data'!BP59 -> 0.42296137 | BL24: ='MD-data'!BR35/'MD-data'!BR59 -> 7.5614208 | BM24: ='MD-data'!BT35/'MD-data'!BT59 -> 5.8096359 | BN24: ='MD-data'!BV35/'MD-data'!BV59 -> 0.33844596 | BO24: ='MD-data'!BX35/'MD-data'!BX59 -> 8.4312988 | BP24: ='MD-data'!BZ35/'MD-data'!BZ59 -> 38.075621 | BQ24: ='MD-data'!CB35/'MD-data'!CB59 -> 14.930997 | BR24: ='MD-data'!CD35/'MD-data'!CD59 -> 0.26760024 | BS24: ='MD-data'!CF35/'MD-data'!CF59 -> 25.01514 | BT24: ='MD-data'!CH35/'MD-data'!CH59 -> 26.458668 | BU24: ='MD-data'!CJ35/'MD-data'!CJ59 -> 1.7077971 | BV24: ='MD-data'!CL35/'MD-data'!CL59 -> 1.3051979 | BW24: ='MD-data'!CN35/'MD-data'!CN59 -> 6.5177635 | BX24: ='MD-data'!CP35/'MD-data'!CP59 -> 1.3301498 | BY24: ='MD-data'!CR35/'MD-data'!CR59 -> 1.195877 | BZ24: ='MD-data'!CT35/'MD-data'!CT59 -> 1.196158 | CA24: ='MD-data'!CV35/'MD-data'!CV59 -> 1.3161729 | CB24: ='MD-data'!CX35/'MD-data'!CX59 -> 0.097602573 | CC24: ='MD-data'!CZ35/'MD-data'!CZ59 -> 1.8416481 | CF24: =SMALL($AF24:$CC24,CF$1) -> 0.074950708 | CG24: =SMALL($AF24:$CC24,CG$1) -> 0.097602573 | CH24: =SMALL($AF24:$CC24,CH$1) -> 0.26760024 | CI24: =SMALL($AF24:$CC24,CI$1) -> 0.27246683 | CJ24: =SMALL($AF24:$CC24,CJ$1) -> 0.33844596 | CK24: =SMALL($AF24:$CC24,CK$1) -> 0.34378199 | CL24: =SMALL($AF24:$CC24,CL$1) -> 0.38162954 | CM24: =SMALL($AF24:$CC24,CM$1) -> 0.42296137 | ... EC24: =SMALL($AF24:$CC24,EC$1) -> 242.5513 | EF24: =IFERROR(CG24/CF24,"") -> 1.3022235 | EG24: =IFERROR(CH24/CG24,"") -> 2.7417334 | EH24: =IFERROR(CI24/CH24,"") -> 1.018186 | EI24: =IFERROR(CJ24/CI24,"") -> 1.2421547 | EJ24: =IFERROR(CK24/CJ24,"") -> 1.0157663 | EK24: =IFERROR(CL24/CK24,"") -> 1.1100917 | EL24: =IFERROR(CM24/CL24,"") -> 1.1083035 | EM24: =IFERROR(CN24/CM24,"") -> 1.0924854 | ... GB24: =IFERROR(EC24/EB24,"") -> 6.3702521
C25: 0.1 | D25: Quick Asset Ratio | E25: Cash + Marketable Securities + Accounts Receivable) ÷ Current Liabilities | G25: + | H25: one-tailed | L25: =QUARTILE($AF25:$CC25,L$2) -> 5.6688241e-05 | M25: =QUARTILE($AF25:$CC25,M$2) -> 0.3283619 | N25: =QUARTILE($AF25:$CC25,N$2) -> 1.2132573 | O25: =QUARTILE($AF25:$CC25,O$2) -> 3.396857 | P25: =QUARTILE($AF25:$CC25,P$2) -> 83.383782 | R25: =(T25-S25)^2 -> 2.3318181e-09 | S25: =(U25-1)/LN(U25) -> 7.5187897 | T25: {=((AVERAGE(IF(AF25:CC25<AC25,AF25:CC25))-MIN(IF(AF25:CC25<AC25,AF25:CC25)))/(MAX(IF(AF25:CC25<AC25,AF25:CC25))-MIN(IF(AF25:CC25<AC25,AF25:CC25))))^(-3/2)} -> 7.518838 | U25: 25.288245 | V25: =AVERAGE(AF25:CC25) -> 4.2146182 | Y25: 0 | Z25: {=AA25/AVERAGE(IF($EF25:$GB25<=QUARTILE($EF25:$GB25,3),$EF25:$GB25,""))^(COUNT($AF25:$CC25)/4)} -> 0.51052772 | AA25: =N25 -> 1.2132573 | AB25: {=AA25*AVERAGE(IF($EF25:$GB25<=QUARTILE($EF25:$GB25,3),$EF25:$GB25,""))^(COUNT($AF25:$CC25)/4)} -> 2.8832778 | AC25: {=AB25*(AVERAGE(IF($EF25:$GB25<=QUARTILE($EF25:$GB25,3)+X$1*(QUARTILE($EF25:$GB25,3)-QUARTILE($EF25:$GB25,1)),$EF25:$GB25,"")))^(COUNT($AF25:$CC25)/4)} -> 10.352387 | AF25: =('MD-data'!F32+'MD-data'!F26+'MD-data'!F27)/'MD-data'!F59 -> 3.3062655 | AG25: =('MD-data'!H32+'MD-data'!H26+'MD-data'!H27)/'MD-data'!H59 -> 0.47289872 | AH25: =('MD-data'!J32+'MD-data'!J26+'MD-data'!J27)/'MD-data'!J59 -> 6.9930423 | AI25: =('MD-data'!L32+'MD-data'!L26+'MD-data'!L27)/'MD-data'!L59 -> 3.0128035 | AJ25: =('MD-data'!N32+'MD-data'!N26+'MD-data'!N27)/'MD-data'!N59 -> 0.019699307 | AK25: =('MD-data'!P32+'MD-data'!P26+'MD-data'!P27)/'MD-data'!P59 -> 0.055737667 | AL25: =('MD-data'!R32+'MD-data'!R26+'MD-data'!R27)/'MD-data'!R59 -> 2.245299 | AM25: =('MD-data'!T32+'MD-data'!T26+'MD-data'!T27)/'MD-data'!T59 -> 3.6056071 | AN25: =('MD-data'!V32+'MD-data'!V26+'MD-data'!V27)/'MD-data'!V59 -> 7.3281586 | AO25: =('MD-data'!X32+'MD-data'!X26+'MD-data'!X27)/'MD-data'!X59 -> 0.097792422 | AP25: =('MD-data'!Z32+'MD-data'!Z26+'MD-data'!Z27)/'MD-data'!Z59 -> 2.0503825 | AQ25: =('MD-data'!AB32+'MD-data'!AB26+'MD-data'!AB27)/'MD-data'!AB59 -> 6.6396107 | AR25: =('MD-data'!AD32+'MD-data'!AD26+'MD-data'!AD27)/'MD-data'!AD59 -> 2.7941805 | AS25: =('MD-data'!AF32+'MD-data'!AF26+'MD-data'!AF27)/'MD-data'!AF59 -> 1.546649 | AT25: =('MD-data'!AH32+'MD-data'!AH26+'MD-data'!AH27)/'MD-data'!AH59 -> 0.44348126 | AU25: =('MD-data'!AJ32+'MD-data'!AJ26+'MD-data'!AJ27)/'MD-data'!AJ59 -> 2.3718264 | AV25: =('MD-data'!AL32+'MD-data'!AL26+'MD-data'!AL27)/'MD-data'!AL59 -> 2.0957015 | AW25: =('MD-data'!AN32+'MD-data'!AN26+'MD-data'!AN27)/'MD-data'!AN59 -> 0.25279274 | AX25: =('MD-data'!AP32+'MD-data'!AP26+'MD-data'!AP27)/'MD-data'!AP59 -> 3.4270542 | AY25: =('MD-data'!AR32+'MD-data'!AR26+'MD-data'!AR27)/'MD-data'!AR59 -> 1.3492255 | AZ25: =('MD-data'!AT32+'MD-data'!AT26+'MD-data'!AT27)/'MD-data'!AT59 -> 0.94190615 | BA25: =('MD-data'!AV32+'MD-data'!AV26+'MD-data'!AV27)/'MD-data'!AV59 -> 83.383782 | BB25: =('MD-data'!AX32+'MD-data'!AX26+'MD-data'!AX27)/'MD-data'!AX59 -> 0.11505141 | BC25: =('MD-data'!AZ32+'MD-data'!AZ26+'MD-data'!AZ27)/'MD-data'!AZ59 -> 0.64278998 | BD25: =('MD-data'!BB32+'MD-data'!BB26+'MD-data'!BB27)/'MD-data'!BB59 -> 0.39286902 | BE25: =('MD-data'!BD32+'MD-data'!BD26+'MD-data'!BD27)/'MD-data'!BD59 -> 1.0772891 | BF25: =('MD-data'!BF32+'MD-data'!BF26+'MD-data'!BF27)/'MD-data'!BF59 -> 1.0243328 | BG25: =('MD-data'!BH32+'MD-data'!BH26+'MD-data'!BH27)/'MD-data'!BH59 -> 0.70990558 | BH25: =('MD-data'!BJ32+'MD-data'!BJ26+'MD-data'!BJ27)/'MD-data'!BJ59 -> 0.12446513 | BI25: =('MD-data'!BK32+'MD-data'!BK26+'MD-data'!BK27)/'MD-data'!BK59 -> 1.3663991 | BJ25: =('MD-data'!BN32+'MD-data'!BN26+'MD-data'!BN27)/'MD-data'!BN59 -> 5.7182932 | BK25: =('MD-data'!BP32+'MD-data'!BP26+'MD-data'!BP27)/'MD-data'!BP59 -> 0.11196592 | BL25: =('MD-data'!BR32+'MD-data'!BR26+'MD-data'!BR27)/'MD-data'!BR59 -> 6.5907104 | BM25: =('MD-data'!BT32+'MD-data'!BT26+'MD-data'!BT27)/'MD-data'!BT59 -> 5.6273018 | BN25: =('MD-data'!BV32+'MD-data'!BV26+'MD-data'!BV27)/'MD-data'!BV59 -> 0.11226567 | BO25: =('MD-data'!BX32+'MD-data'!BX26+'MD-data'!BX27)/'MD-data'!BX59 -> 5.1134068 | BP25: =('MD-data'!BZ32+'MD-data'!BZ26+'MD-data'!BZ27)/'MD-data'!BZ59 -> 15.010465 | BQ25: =('MD-data'!CB32+'MD-data'!CB26+'MD-data'!CB27)/'MD-data'!CB59 -> 13.167984 | BR25: =('MD-data'!CD32+'MD-data'!CD26+'MD-data'!CD27)/'MD-data'!CD59 -> 0.18046371 | BS25: =('MD-data'!CF32+'MD-data'!CF26+'MD-data'!CF27)/'MD-data'!CF59 -> 2.8792842 | BT25: =('MD-data'!CH32+'MD-data'!CH26+'MD-data'!CH27)/'MD-data'!CH59 -> 11.334864 | BU25: =('MD-data'!CJ32+'MD-data'!CJ26+'MD-data'!CJ27)/'MD-data'!CJ59 -> 0.12086948 | BV25: =('MD-data'!CL32+'MD-data'!CL26+'MD-data'!CL27)/'MD-data'!CL59 -> 0.83611446 | BW25: =('MD-data'!CN32+'MD-data'!CN26+'MD-data'!CN27)/'MD-data'!CN59 -> 1.4341358 | BX25: =('MD-data'!CP32+'MD-data'!CP26+'MD-data'!CP27)/'MD-data'!CP59 -> 1.0254867 | BY25: =('MD-data'!CR32+'MD-data'!CR26+'MD-data'!CR27)/'MD-data'!CR59 -> 0.32193174 | BZ25: =('MD-data'!CT32+'MD-data'!CT26+'MD-data'!CT27)/'MD-data'!CT59 -> 0.18754135 | CA25: =('MD-data'!CV32+'MD-data'!CV26+'MD-data'!CV27)/'MD-data'!CV59 -> 0.72311657 | CB25: =('MD-data'!CX32+'MD-data'!CX26+'MD-data'!CX27)/'MD-data'!CX59 -> 5.6688241e-05 | CC25: =('MD-data'!CZ32+'MD-data'!CZ26+'MD-data'!CZ27)/'MD-data'!CZ59 -> 0.34765236 | CF25: =SMALL($AF25:$CC25,CF$1) -> 5.6688241e-05 | CG25: =SMALL($AF25:$CC25,CG$1) -> 0.019699307 | CH25: =SMALL($AF25:$CC25,CH$1) -> 0.055737667 | CI25: =SMALL($AF25:$CC25,CI$1) -> 0.097792422 | CJ25: =SMALL($AF25:$CC25,CJ$1) -> 0.11196592 | CK25: =SMALL($AF25:$CC25,CK$1) -> 0.11226567 | CL25: =SMALL($AF25:$CC25,CL$1) -> 0.11505141 | CM25: =SMALL($AF25:$CC25,CM$1) -> 0.12086948 | ... EC25: =SMALL($AF25:$CC25,EC$1) -> 83.383782 | EF25: =IFERROR(CG25/CF25,"") -> 347.50253 | EG25: =IFERROR(CH25/CG25,"") -> 2.8294228 | EH25: =IFERROR(CI25/CH25,"") -> 1.7545123 | EI25: =IFERROR(CJ25/CI25,"") -> 1.1449345 | EJ25: =IFERROR(CK25/CJ25,"") -> 1.0026772 | EK25: =IFERROR(CL25/CK25,"") -> 1.0248139 | EL25: =IFERROR(CM25/CL25,"") -> 1.0505693 | EM25: =IFERROR(CN25/CM25,"") -> 1.0297483 | ... GB25: =IFERROR(EC25/EB25,"") -> 5.5550432
C26: 0.1 | D26: Cash Position Ratio | E26: Cash ÷ Current Liabilities | G26: + | H26: one-tailed | L26: =QUARTILE($AF26:$CC26,L$2) -> 5.4277054e-05 | M26: =QUARTILE($AF26:$CC26,M$2) -> 0.064310459 | N26: =QUARTILE($AF26:$CC26,N$2) -> 0.54509612 | O26: =QUARTILE($AF26:$CC26,O$2) -> 2.0489814 | P26: =QUARTILE($AF26:$CC26,P$2) -> 25.308944 | R26: =(T26-S26)^2 -> 1.9908118e-07 | S26: =(U26-1)/LN(U26) -> 14.640618 | T26: {=((AVERAGE(IF(AF26:CC26<AC26,AF26:CC26))-MIN(IF(AF26:CC26<AC26,AF26:CC26)))/(MAX(IF(AF26:CC26<AC26,AF26:CC26))-MIN(IF(AF26:CC26<AC26,AF26:CC26))))^(-3/2)} -> 14.640172 | U26: 61.244237 | V26: =AVERAGE(AF26:CC26) -> 2.3400849 | Y26: 0 | Z26: {=AA26/AVERAGE(IF($EF26:$GB26<=QUARTILE($EF26:$GB26,3),$EF26:$GB26,""))^(COUNT($AF26:$CC26)/4)} -> 0.15270897 | AA26: =N26 -> 0.54509612 | AB26: {=AA26*AVERAGE(IF($EF26:$GB26<=QUARTILE($EF26:$GB26,3),$EF26:$GB26,""))^(COUNT($AF26:$CC26)/4)} -> 1.9457258 | AC26: {=AB26*(AVERAGE(IF($EF26:$GB26<=QUARTILE($EF26:$GB26,3)+X$1*(QUARTILE($EF26:$GB26,3)-QUARTILE($EF26:$GB26,1)),$EF26:$GB26,"")))^(COUNT($AF26:$CC26)/4)} -> 9.0372451 | AF26: ='MD-data'!F32/'MD-data'!F59 -> 0.139482 | AG26: ='MD-data'!H32/'MD-data'!H59 -> 0.29384583 | AH26: ='MD-data'!J32/'MD-data'!J59 -> 0.28234704 | AI26: ='MD-data'!L32/'MD-data'!L59 -> 2.0588871 | AJ26: ='MD-data'!N32/'MD-data'!N59 -> 5.4277054e-05 | AK26: ='MD-data'!P32/'MD-data'!P59 -> 0.0040105832 | AL26: ='MD-data'!R32/'MD-data'!R59 -> 1.5687162 | AM26: ='MD-data'!T32/'MD-data'!T59 -> 2.0192646 | AN26: ='MD-data'!V32/'MD-data'!V59 -> 7.0650192 | AO26: ='MD-data'!X32/'MD-data'!X59 -> 0.028326483 | AP26: ='MD-data'!Z32/'MD-data'!Z59 -> 1.9709134 | AQ26: ='MD-data'!AB32/'MD-data'!AB59 -> 2.9432941 | AR26: ='MD-data'!AD32/'MD-data'!AD59 -> 2.2247564 | AS26: ='MD-data'!AF32/'MD-data'!AF59 -> 0.69350252 | AT26: ='MD-data'!AH32/'MD-data'!AH59 -> 0.29321199 | AU26: ='MD-data'!AJ32/'MD-data'!AJ59 -> 1.4902894 | AV26: ='MD-data'!AL32/'MD-data'!AL59 -> 0.87788648 | AW26: ='MD-data'!AN32/'MD-data'!AN59 -> 0.21334682 | AX26: ='MD-data'!AP32/'MD-data'!AP59 -> 0.81567488 | AY26: ='MD-data'!AR32/'MD-data'!AR59 -> 1.3419594 | AZ26: ='MD-data'!AT32/'MD-data'!AT59 -> 0.26511165 | BA26: ='MD-data'!AV32/'MD-data'!AV59 -> 25.308944 | BB26: ='MD-data'!AX32/'MD-data'!AX59 -> 0.0025123515 | BC26: ='MD-data'!AZ32/'MD-data'!AZ59 -> 0.53308728 | BD26: ='MD-data'!BB32/'MD-data'!BB59 -> 0.014470876 | BE26: ='MD-data'!BD32/'MD-data'!BD59 -> 0.55710496 | BF26: ='MD-data'!BF32/'MD-data'!BF59 -> 1.0230463 | BG26: ='MD-data'!BH32/'MD-data'!BH59 -> 0.13180031 | BH26: ='MD-data'!BJ32/'MD-data'!BJ59 -> 0.12446513 | BI26: ='MD-data'!BK32/'MD-data'!BK59 -> 1.3244748 | BJ26: ='MD-data'!BN32/'MD-data'!BN59 -> 5.6482816 | BK26: ='MD-data'!BP32/'MD-data'!BP59 -> 0.0036987605 | BL26: ='MD-data'!BR32/'MD-data'!BR59 -> 6.5907104 | BM26: ='MD-data'!BT32/'MD-data'!BT59 -> 5.211532 | BN26: ='MD-data'!BV32/'MD-data'!BV59 -> 0.044258901 | BO26: ='MD-data'!BX32/'MD-data'!BX59 -> 2.5202126 | BP26: ='MD-data'!BZ32/'MD-data'!BZ59 -> 14.315957 | BQ26: ='MD-data'!CB32/'MD-data'!CB59 -> 11.973088 | BR26: ='MD-data'!CD32/'MD-data'!CD59 -> 0.0079312326 | BS26: ='MD-data'!CF32/'MD-data'!CF59 -> 2.5176083 | BT26: ='MD-data'!CH32/'MD-data'!CH59 -> 11.099102 | BU26: ='MD-data'!CJ32/'MD-data'!CJ59 -> 0.00021839909 | BV26: ='MD-data'!CL32/'MD-data'!CL59 -> 0.0077688822 | BW26: ='MD-data'!CN32/'MD-data'!CN59 -> 0.52858996 | BX26: ='MD-data'!CP32/'MD-data'!CP59 -> 0.0032111854 | BY26: ='MD-data'!CR32/'MD-data'!CR59 -> 0.00045824297 | BZ26: ='MD-data'!CT32/'MD-data'!CT59 -> 0.16564078 | CA26: ='MD-data'!CV32/'MD-data'!CV59 -> 0.57930133 | CB26: ='MD-data'!CX32/'MD-data'!CX59 -> 5.6688241e-05 | CC26: ='MD-data'!CZ32/'MD-data'!CZ59 -> 0.17680987 | CF26: =SMALL($AF26:$CC26,CF$1) -> 5.4277054e-05 | CG26: =SMALL($AF26:$CC26,CG$1) -> 5.6688241e-05 | CH26: =SMALL($AF26:$CC26,CH$1) -> 0.00021839909 | CI26: =SMALL($AF26:$CC26,CI$1) -> 0.00045824297 | CJ26: =SMALL($AF26:$CC26,CJ$1) -> 0.0025123515 | CK26: =SMALL($AF26:$CC26,CK$1) -> 0.0032111854 | CL26: =SMALL($AF26:$CC26,CL$1) -> 0.0036987605 | CM26: =SMALL($AF26:$CC26,CM$1) -> 0.0040105832 | ... EC26: =SMALL($AF26:$CC26,EC$1) -> 25.308944 | EF26: =IFERROR(CG26/CF26,"") -> 1.0444237 | EG26: =IFERROR(CH26/CG26,"") -> 3.8526349 | EH26: =IFERROR(CI26/CH26,"") -> 2.0981908 | EI26: =IFERROR(CJ26/CI26,"") -> 5.4825751 | EJ26: =IFERROR(CK26/CJ26,"") -> 1.2781593 | EK26: =IFERROR(CL26/CK26,"") -> 1.1518365 | EL26: =IFERROR(CM26/CL26,"") -> 1.0843047 | EM26: =IFERROR(CN26/CM26,"") -> 1.9370954 | ... GB26: =IFERROR(EC26/EB26,"") -> 1.7678836
C27: Liquidity total
A28: 0.3 | B28: Profitability | C28: 0.1 | D28: ROA - Return on Assets | E28: Net Profit ÷ Total Assets | G28: + | H28: two-tailed | L28: =QUARTILE($AF28:$CC28,L$2) -> -0.26759065 | M28: =QUARTILE($AF28:$CC28,M$2) -> 0.00060320514 | N28: =QUARTILE($AF28:$CC28,N$2) -> 0.01819132 | O28: =QUARTILE($AF28:$CC28,O$2) -> 0.044940175 | P28: =QUARTILE($AF28:$CC28,P$2) -> 0.24868463 | R28: =(T28-S28)^2 -> 4.1501197e-06 | S28: =(U28-1)/LN(U28) -> 6.913858 | T28: {=((AVERAGE(IF(ABS(AF28:CC28)<AC28,ABS(AF28:CC28)))-MIN(IF(ABS(AF28:CC28)<AC28,ABS(AF28:CC28))))/(MAX(IF(ABS(AF28:CC28)<AC28,ABS(AF28:CC28)))-MIN(IF(ABS(AF28:CC28)<AC28,ABS(AF28:CC28)))))^(-3/2)} -> 6.9118209 | U28: 22.538101 | V28: =AVERAGE(AF28:CC28) -> 0.017721609 | Y28: =AA28-$X$1*$W$1*(O28-M28) -> -0.13301091 | Z28: =AA28-$W$1*(O28-M28) -> -0.066505455 | AA28: 0 | AB28: =AA28+$W$1*(O28-M28) -> 0.066505455 | AC28: =AA28+$X$1*$W$1*(O28-M28) -> 0.13301091 | AF28: ='MD-data'!F91/'MD-data'!F36 -> 0.036946601 | AG28: ='MD-data'!H91/'MD-data'!H36 -> 0.041869337 | AH28: ='MD-data'!J91/'MD-data'!J36 -> -0.013721237 | AI28: ='MD-data'!L91/'MD-data'!L36 -> -0.024901868 | AJ28: ='MD-data'!N91/'MD-data'!N36 -> 0.070139031 | AK28: ='MD-data'!P91/'MD-data'!P36 -> -0.26759065 | AL28: ='MD-data'!R91/'MD-data'!R36 -> 0.0086995496 | AM28: ='MD-data'!T91/'MD-data'!T36 -> 0.048663229 | AN28: ='MD-data'!V91/'MD-data'!V36 -> 0.017086597 | AO28: ='MD-data'!X91/'MD-data'!X36 -> -0.015283418 | AP28: ='MD-data'!Z91/'MD-data'!Z36 -> 0.00010310783 | AQ28: ='MD-data'!AB91/'MD-data'!AB36 -> 0.012415812 | AR28: ='MD-data'!AD91/'MD-data'!AD36 -> 0.097812121 | AS28: ='MD-data'!AF91/'MD-data'!AF36 -> 0.0038194786 | AT28: ='MD-data'!AH91/'MD-data'!AH36 -> 0.055515061 | AU28: ='MD-data'!AJ91/'MD-data'!AJ36 -> 0.040029461 | AV28: ='MD-data'!AL91/'MD-data'!AL36 -> 0.018061185 | AW28: ='MD-data'!AN91/'MD-data'!AN36 -> 0.01051617 | AX28: ='MD-data'!AP91/'MD-data'!AP36 -> 0.011740623 | AY28: ='MD-data'!AR91/'MD-data'!AR36 -> 0.088016574 | AZ28: ='MD-data'!AT91/'MD-data'!AT36 -> -0.016031996 | BA28: ='MD-data'!AV91/'MD-data'!AV36 -> 0.12452459 | BB28: ='MD-data'!AX91/'MD-data'!AX36 -> -0.12709929 | BC28: ='MD-data'!AZ91/'MD-data'!AZ36 -> 0.033359926 | BD28: ='MD-data'!BB91/'MD-data'!BB36 -> 0.021809194 | BE28: ='MD-data'!BD91/'MD-data'!BD36 -> 0.045310957 | BF28: ='MD-data'!BF91/'MD-data'!BF36 -> 0.13240588 | BG28: ='MD-data'!BH91/'MD-data'!BH36 -> 0.0021034971 | BH28: ='MD-data'!BJ91/'MD-data'!BJ36 -> 0.025947656 | BI28: ='MD-data'!BK91/'MD-data'!BK36 -> 0.0089373576 | BJ28: ='MD-data'!BN91/'MD-data'!BN36 -> 0.14280952 | BK28: ='MD-data'!BP91/'MD-data'!BP36 -> -0.20604409 | BL28: ='MD-data'!BR91/'MD-data'!BR36 -> 0.050908101 | BM28: ='MD-data'!BT91/'MD-data'!BT36 -> 0.13366108 | BN28: ='MD-data'!BV91/'MD-data'!BV36 -> 0.012990671 | BO28: ='MD-data'!BX91/'MD-data'!BX36 -> 0.018321454 | BP28: ='MD-data'!BZ91/'MD-data'!BZ36 -> 0.24868463 | BQ28: ='MD-data'!CB91/'MD-data'!CB36 -> -0.0049315221 | BR28: ='MD-data'!CD91/'MD-data'!CD36 -> 0.01884855 | BS28: ='MD-data'!CF91/'MD-data'!CF36 -> 0.0043868702 | BT28: ='MD-data'!CH91/'MD-data'!CH36 -> -0.052655758 | BU28: ='MD-data'!CJ91/'MD-data'!CJ36 -> 0.04382783 | BV28: ='MD-data'!CL91/'MD-data'!CL36 -> 0.021416477 | BW28: ='MD-data'!CN91/'MD-data'!CN36 -> -0.11948316 | BX28: ='MD-data'!CP91/'MD-data'!CP36 -> 0.053385614 | BY28: ='MD-data'!CR91/'MD-data'!CR36 -> -0.0042198231 | BZ28: ='MD-data'!CT91/'MD-data'!CT36 -> 0.029019374 | CA28: ='MD-data'!CV91/'MD-data'!CV36 -> 0.027177755 | CB28: ='MD-data'!CX91/'MD-data'!CX36 -> -0.027107167 | CC28: ='MD-data'!CZ91/'MD-data'!CZ36 -> 0.0038794905 | CF28: {=SMALL(ABS($AF28:$CC28),CF$1)} -> 0.00010310783 | CG28: {=SMALL(ABS($AF28:$CC28),CG$1)} -> 0.0021034971 | CH28: {=SMALL(ABS($AF28:$CC28),CH$1)} -> 0.0038194786 | CI28: {=SMALL(ABS($AF28:$CC28),CI$1)} -> 0.0038794905 | CJ28: {=SMALL(ABS($AF28:$CC28),CJ$1)} -> 0.0042198231 | CK28: {=SMALL(ABS($AF28:$CC28),CK$1)} -> 0.0043868702 | CL28: {=SMALL(ABS($AF28:$CC28),CL$1)} -> 0.0049315221 | CM28: {=SMALL(ABS($AF28:$CC28),CM$1)} -> 0.0086995496 | ... EC28: {=SMALL(ABS($AF28:$CC28),EC$1)} -> 0.26759065 | EF28: =IFERROR(CG28/CF28,"") -> 20.400945 | EG28: =IFERROR(CH28/CG28,"") -> 1.8157756 | EH28: =IFERROR(CI28/CH28,"") -> 1.0157121 | EI28: =IFERROR(CJ28/CI28,"") -> 1.0877261 | EJ28: =IFERROR(CK28/CJ28,"") -> 1.0395863 | EK28: =IFERROR(CL28/CK28,"") -> 1.124155 | EL28: =IFERROR(CM28/CL28,"") -> 1.7640699 | EM28: =IFERROR(CN28/CM28,"") -> 1.0273357 | ... GB28: =IFERROR(EC28/EB28,"") -> 1.0760241
C29: 0.1 | D29: ROE - Return on Equity | E29: Net Profit ÷ Equity | G29: + | H29: two-tailed | L29: =QUARTILE($AF29:$CC29,L$2) -> -2.114528 | M29: =QUARTILE($AF29:$CC29,M$2) -> -0.0036704162 | N29: =QUARTILE($AF29:$CC29,N$2) -> 0.023039544 | O29: =QUARTILE($AF29:$CC29,O$2) -> 0.093553616 | P29: =QUARTILE($AF29:$CC29,P$2) -> 0.55633547 | R29: =(T29-S29)^2 -> 4.6998799e-07 | S29: =(U29-1)/LN(U29) -> 7.3895606 | T29: {=((AVERAGE(IF(ABS(AF29:CC29)<AC29,ABS(AF29:CC29)))-MIN(IF(ABS(AF29:CC29)<AC29,ABS(AF29:CC29))))/(MAX(IF(ABS(AF29:CC29)<AC29,ABS(AF29:CC29)))-MIN(IF(ABS(AF29:CC29)<AC29,ABS(AF29:CC29)))))^(-3/2)} -> 7.3902461 | U29: 24.695529 | V29: =AVERAGE(AF29:CC29) -> 0.0023048181 | Y29: =AA29-$X$1*$W$1*(O29-M29) -> -0.2916721 | Z29: =AA29-$W$1*(O29-M29) -> -0.14583605 | AA29: 0 | AB29: =AA29+$W$1*(O29-M29) -> 0.14583605 | AC29: =AA29+$X$1*$W$1*(O29-M29) -> 0.2916721 | AF29: ='MD-data'!F91/'MD-data'!F73 -> 0.03991939 | AG29: ='MD-data'!H91/'MD-data'!H73 -> 0.060670218 | AH29: ='MD-data'!J91/'MD-data'!J73 -> -0.041483641 | AI29: ='MD-data'!L91/'MD-data'!L73 -> -0.025533436 | AJ29: ='MD-data'!N91/'MD-data'!N73 -> 0.094505153 | AK29: ='MD-data'!P91/'MD-data'!P73 -> -0.38936712 | AL29: ='MD-data'!R91/'MD-data'!R73 -> 0.060465793 | AM29: ='MD-data'!T91/'MD-data'!T73 -> 0.049286182 | AN29: ='MD-data'!V91/'MD-data'!V73 -> 0.017387216 | AO29: ='MD-data'!X91/'MD-data'!X73 -> -0.018855217 | AP29: ='MD-data'!Z91/'MD-data'!Z73 -> 0.0001326708 | AQ29: ='MD-data'!AB91/'MD-data'!AB73 -> 0.013143801 | AR29: ='MD-data'!AD91/'MD-data'!AD73 -> 0.10658503 | AS29: ='MD-data'!AF91/'MD-data'!AF73 -> 0.0049798593 | AT29: ='MD-data'!AH91/'MD-data'!AH73 -> 0.15645197 | AU29: ='MD-data'!AJ91/'MD-data'!AJ73 -> 0.043844318 | AV29: ='MD-data'!AL91/'MD-data'!AL73 -> 0.021878773 | AW29: ='MD-data'!AN91/'MD-data'!AN73 -> 0.090699006 | AX29: ='MD-data'!AP91/'MD-data'!AP73 -> 0.013205588 | AY29: ='MD-data'!AR91/'MD-data'!AR73 -> 0.12219616 | AZ29: ='MD-data'!AT91/'MD-data'!AT73 -> -0.020500432 | BA29: ='MD-data'!AV91/'MD-data'!AV73 -> 0.12495394 | BB29: ='MD-data'!AX91/'MD-data'!AX73 -> -0.24758477 | BC29: ='MD-data'!AZ91/'MD-data'!AZ73 -> 0.14036233 | BD29: ='MD-data'!BB91/'MD-data'!BB73 -> -0.083749901 | BE29: ='MD-data'!BD91/'MD-data'!BD73 -> 0.55633547 | BF29: ='MD-data'!BF91/'MD-data'!BF73 -> 0.16833225 | BG29: ='MD-data'!BH91/'MD-data'!BH73 -> 0.0032044866 | BH29: ='MD-data'!BJ91/'MD-data'!BJ73 -> 0.032278577 | BI29: ='MD-data'!BK91/'MD-data'!BK73 -> 0.010697421 | BJ29: ='MD-data'!BN91/'MD-data'!BN73 -> 0.15099666 | BK29: ='MD-data'!BP91/'MD-data'!BP73 -> -2.114528 | BL29: ='MD-data'!BR91/'MD-data'!BR73 -> 0.3162257 | BM29: ='MD-data'!BT91/'MD-data'!BT73 -> 0.15637716 | BN29: ='MD-data'!BV91/'MD-data'!BV73 -> 0.024200315 | BO29: ='MD-data'!BX91/'MD-data'!BX73 -> 0.019836219 | BP29: ='MD-data'!BZ91/'MD-data'!BZ73 -> 0.25347237 | BQ29: ='MD-data'!CB91/'MD-data'!CB73 -> -0.0049381119 | BR29: ='MD-data'!CD91/'MD-data'!CD73 -> 0.020586275 | BS29: ='MD-data'!CF91/'MD-data'!CF73 -> 0.0045969566 | BT29: ='MD-data'!CH91/'MD-data'!CH73 -> -0.054263753 | BU29: ='MD-data'!CJ91/'MD-data'!CJ73 -> 0.068852284 | BV29: ='MD-data'!CL91/'MD-data'!CL73 -> 0.060708331 | BW29: ='MD-data'!CN91/'MD-data'!CN73 -> -0.13148563 | BX29: ='MD-data'!CP91/'MD-data'!CP73 -> 0.081305874 | BY29: ='MD-data'!CR91/'MD-data'!CR73 -> -0.0080109925 | BZ29: ='MD-data'!CT91/'MD-data'!CT73 -> 0.13123951 | CA29: ='MD-data'!CV91/'MD-data'!CV73 -> 0.059415306 | CB29: ='MD-data'!CX91/'MD-data'!CX73 -> -0.029124475 | CC29: ='MD-data'!CZ91/'MD-data'!CZ73 -> 0.0053378353 | CF29: {=SMALL(ABS($AF29:$CC29),CF$1)} -> 0.0001326708 | CG29: {=SMALL(ABS($AF29:$CC29),CG$1)} -> 0.0032044866 | CH29: {=SMALL(ABS($AF29:$CC29),CH$1)} -> 0.0045969566 | CI29: {=SMALL(ABS($AF29:$CC29),CI$1)} -> 0.0049381119 | CJ29: {=SMALL(ABS($AF29:$CC29),CJ$1)} -> 0.0049798593 | CK29: {=SMALL(ABS($AF29:$CC29),CK$1)} -> 0.0053378353 | CL29: {=SMALL(ABS($AF29:$CC29),CL$1)} -> 0.0080109925 | CM29: {=SMALL(ABS($AF29:$CC29),CM$1)} -> 0.010697421 | ... EC29: {=SMALL(ABS($AF29:$CC29),EC$1)} -> 2.114528 | EF29: =IFERROR(CG29/CF29,"") -> 24.153669 | EG29: =IFERROR(CH29/CG29,"") -> 1.4345376 | EH29: =IFERROR(CI29/CH29,"") -> 1.0742133 | EI29: =IFERROR(CJ29/CI29,"") -> 1.0084541 | EJ29: =IFERROR(CK29/CJ29,"") -> 1.0718848 | EK29: =IFERROR(CL29/CK29,"") -> 1.5007942 | EL29: =IFERROR(CM29/CL29,"") -> 1.3353428 | EM29: =IFERROR(CN29/CM29,"") -> 1.2286888 | ... GB29: =IFERROR(EC29/EB29,"") -> 3.8008147
C30: 0.1 | D30: ROS – Return on Sales | E30: Net Profit ÷ Sales | G30: + | H30: two-tailed | L30: =QUARTILE($AF30:$CC30,L$2) -> -0.83606935 | M30: =QUARTILE($AF30:$CC30,M$2) -> 0.0037883769 | N30: =QUARTILE($AF30:$CC30,N$2) -> 0.019219755 | O30: =QUARTILE($AF30:$CC30,O$2) -> 0.058313122 | P30: =QUARTILE($AF30:$CC30,P$2) -> 0.53065868 | R30: =(T30-S30)^2 -> 2.2954625e-06 | S30: =(U30-1)/LN(U30) -> 6.5739229 | T30: {=((AVERAGE(IF(ABS(AF30:CC30)<AC30,ABS(AF30:CC30)))-MIN(IF(ABS(AF30:CC30)<AC30,ABS(AF30:CC30))))/(MAX(IF(ABS(AF30:CC30)<AC30,ABS(AF30:CC30)))-MIN(IF(ABS(AF30:CC30)<AC30,ABS(AF30:CC30)))))^(-3/2)} -> 6.5724078 | U30: 21.021038 | V30: =AVERAGE(AF30:CC30) -> 0.0049046056 | Y30: =AA30-$X$1*$W$1*(O30-M30) -> -0.16357424 | Z30: =AA30-$W$1*(O30-M30) -> -0.081787118 | AA30: 0 | AB30: =AA30+$W$1*(O30-M30) -> 0.081787118 | AC30: =AA30+$X$1*$W$1*(O30-M30) -> 0.16357424 | AF30: =('MD-data'!F91/('MD-data'!F78+'MD-data'!F81)) -> 0.1054925 | AG30: =('MD-data'!H91/('MD-data'!H78+'MD-data'!H81)) -> 0.023727467 | AH30: =('MD-data'!J91/('MD-data'!J78+'MD-data'!J81)) -> -0.029195778 | AI30: =('MD-data'!L91/('MD-data'!L78+'MD-data'!L81)) -> -0.12668491 | AJ30: =('MD-data'!N91/('MD-data'!N78+'MD-data'!N81)) -> 0.20620111 | AK30: =('MD-data'!P91/('MD-data'!P78+'MD-data'!P81)) -> -0.83606935 | AL30: =('MD-data'!R91/('MD-data'!R78+'MD-data'!R81)) -> 0.039043995 | AM30: =('MD-data'!T91/('MD-data'!T78+'MD-data'!T81)) -> 0.15402843 | AN30: =('MD-data'!V91/('MD-data'!V78+'MD-data'!V81)) -> 0.0034514233 | AO30: =('MD-data'!X91/('MD-data'!X78+'MD-data'!X81)) -> -0.056090993 | AP30: =('MD-data'!Z91/('MD-data'!Z78+'MD-data'!Z81)) -> 0.021291284 | AQ30: =('MD-data'!AB91/('MD-data'!AB78+'MD-data'!AB81)) -> 0.018324647 | AR30: =('MD-data'!AD91/('MD-data'!AD78+'MD-data'!AD81)) -> 0.16000919 | AS30: =('MD-data'!AF91/('MD-data'!AF78+'MD-data'!AF81)) -> 0.0095237373 | AT30: =('MD-data'!AH91/('MD-data'!AH78+'MD-data'!AH81)) -> 0.016897698 | AU30: =('MD-data'!AJ91/('MD-data'!AJ78+'MD-data'!AJ81)) -> 0.063672433 | AV30: =('MD-data'!AL91/('MD-data'!AL78+'MD-data'!AL81)) -> 0.011824893 | AW30: =('MD-data'!AN91/('MD-data'!AN78+'MD-data'!AN81)) -> 0.007053316 | AX30: =('MD-data'!AP91/('MD-data'!AP78+'MD-data'!AP81)) -> 0.018124339 | AY30: =('MD-data'!AR91/('MD-data'!AR78+'MD-data'!AR81)) -> 0.046495761 | AZ30: =('MD-data'!AT91/('MD-data'!AT78+'MD-data'!AT81)) -> -0.013894272 | BA30: =('MD-data'!AV91/('MD-data'!AV78+'MD-data'!AV81)) -> 0.038523396 | BB30: =('MD-data'!AX91/('MD-data'!AX78+'MD-data'!AX81)) -> -0.14800832 | BC30: =('MD-data'!AZ91/('MD-data'!AZ78+'MD-data'!AZ81)) -> 0.027018518 | BD30: =('MD-data'!BB91/('MD-data'!BB78+'MD-data'!BB81)) -> 0.045435044 | BE30: =('MD-data'!BD91/('MD-data'!BD78+'MD-data'!BD81)) -> 0.0057497382 | BF30: =('MD-data'!BF91/('MD-data'!BF78+'MD-data'!BF81)) -> 0.10659527 | BG30: =('MD-data'!BH91/('MD-data'!BH78+'MD-data'!BH81)) -> 0.0083190057 | BH30: =('MD-data'!BJ91/('MD-data'!BJ78+'MD-data'!BJ81)) -> 0.058190855 | BI30: =('MD-data'!BK91/('MD-data'!BK78+'MD-data'!BK81)) -> 0.00936723 | BJ30: =('MD-data'!BN91/('MD-data'!BN78+'MD-data'!BN81)) -> 0.062714292 | BK30: =('MD-data'!BP91/('MD-data'!BP78+'MD-data'!BP81)) -> -0.089928185 | BL30: =('MD-data'!BR91/('MD-data'!BR78+'MD-data'!BR81)) -> 0.31335038 | BM30: =('MD-data'!BT91/('MD-data'!BT78+'MD-data'!BT81)) -> 0.032340815 | BN30: =('MD-data'!BV91/('MD-data'!BV78+'MD-data'!BV81)) -> 0.013445913 | BO30: =('MD-data'!BX91/('MD-data'!BX78+'MD-data'!BX81)) -> 0.020114863 | BP30: =('MD-data'!BZ91/('MD-data'!BZ78+'MD-data'!BZ81)) -> 0.53065868 | BQ30: =('MD-data'!CB91/('MD-data'!CB78+'MD-data'!CB81)) -> -0.097956163 | BR30: =('MD-data'!CD91/('MD-data'!CD78+'MD-data'!CD81)) -> 0.058353878 | BS30: =('MD-data'!CF91/('MD-data'!CF78+'MD-data'!CF81)) -> 0.028087445 | BT30: =('MD-data'!CH91/('MD-data'!CH78+'MD-data'!CH81)) -> -0.050931533 | BU30: =('MD-data'!CJ91/('MD-data'!CJ78+'MD-data'!CJ81)) -> 0.061840587 | BV30: =('MD-data'!CL91/('MD-data'!CL78+'MD-data'!CL81)) -> 0.010300988 | BW30: =('MD-data'!CN91/('MD-data'!CN78+'MD-data'!CN81)) -> -0.079070388 | BX30: =('MD-data'!CP91/('MD-data'!CP78+'MD-data'!CP81)) -> 0.068016425 | BY30: =('MD-data'!CR91/('MD-data'!CR78+'MD-data'!CR81)) -> -0.0083739467 | BZ30: =('MD-data'!CT91/('MD-data'!CT78+'MD-data'!CT81)) -> 0.063924924 | CA30: =('MD-data'!CV91/('MD-data'!CV78+'MD-data'!CV81)) -> 0.040958724 | CB30: =('MD-data'!CX91/('MD-data'!CX78+'MD-data'!CX81)) -> -0.73183433 | CC30: =('MD-data'!CZ91/('MD-data'!CZ78+'MD-data'!CZ81)) -> 0.0047992377 | CF30: {=SMALL(ABS($AF30:$CC30),CF$1)} -> 0.0034514233 | CG30: {=SMALL(ABS($AF30:$CC30),CG$1)} -> 0.0047992377 | CH30: {=SMALL(ABS($AF30:$CC30),CH$1)} -> 0.0057497382 | CI30: {=SMALL(ABS($AF30:$CC30),CI$1)} -> 0.007053316 | CJ30: {=SMALL(ABS($AF30:$CC30),CJ$1)} -> 0.0083190057 | CK30: {=SMALL(ABS($AF30:$CC30),CK$1)} -> 0.0083739467 | CL30: {=SMALL(ABS($AF30:$CC30),CL$1)} -> 0.00936723 | CM30: {=SMALL(ABS($AF30:$CC30),CM$1)} -> 0.0095237373 | ... EC30: {=SMALL(ABS($AF30:$CC30),EC$1)} -> 0.83606935 | EF30: =IFERROR(CG30/CF30,"") -> 1.3905097 | EG30: =IFERROR(CH30/CG30,"") -> 1.1980524 | EH30: =IFERROR(CI30/CH30,"") -> 1.2267195 | EI30: =IFERROR(CJ30/CI30,"") -> 1.1794461 | EJ30: =IFERROR(CK30/CJ30,"") -> 1.0066043 | EK30: =IFERROR(CL30/CK30,"") -> 1.1186159 | EL30: =IFERROR(CM30/CL30,"") -> 1.016708 | EM30: =IFERROR(CN30/CM30,"") -> 1.081612 | ... GB30: =IFERROR(EC30/EB30,"") -> 1.1424298
C31: Profitability total
A32: 0.25 | B32: Leverage | C32: 0.15 | D32: Total Debt to Total Assets | E32: Total Debt ÷ Total Assets | G32: - | H32: one-tailed | L32: =QUARTILE($AF32:$CC32,L$2) -> 0 | M32: =QUARTILE($AF32:$CC32,M$2) -> 0.0026592771 | N32: =QUARTILE($AF32:$CC32,N$2) -> 0.0095004357 | O32: =QUARTILE($AF32:$CC32,O$2) -> 0.12494824 | P32: =QUARTILE($AF32:$CC32,P$2) -> 0.83858746 | R32: =(T32-S32)^2 -> 8.9375209e-08 | S32: =(U32-1)/LN(U32) -> 12.940896 | T32: {=((AVERAGE(IF((AF32:CC32>=0)*(AF32:CC32<Y32),AF32:CC32))-MIN(IF((AF32:CC32>=0)*(AF32:CC32<Y32),AF32:CC32)))/(MAX(IF((AF32:CC32>=0)*(AF32:CC32<Y32),AF32:CC32))-MIN(IF((AF32:CC32>=0)*(AF32:CC32<Y32),AF32:CC32))))^(-3/2)} -> 12.941195 | U32: 52.176476 | V32: =AVERAGE(AF32:CC32) -> 0.10780361 | Y32: {=Z32*(AVERAGE(IF($EF32:$GB32<=QUARTILE($EF32:$GB32,3)+X$1*(QUARTILE($EF32:$GB32,3)-QUARTILE($EF32:$GB32,1)),$EF32:$GB32,"")))^(COUNT($AF32:$CC32)/4)} -> 0.34811326 | Z32: {=AA32*AVERAGE(IF($EF32:$GB32<=QUARTILE($EF32:$GB32,3),$EF32:$GB32,""))^(COUNT($AF32:$CC32)/4)} -> 0.038084858 | AA32: =N32 -> 0.0095004357 | AB32: {=AA32/AVERAGE(IF($EF32:$GB32<=QUARTILE($EF32:$GB32,3),$EF32:$GB32,""))^(COUNT($AF32:$CC32)/4)} -> 0.0023699256 | AC32: 0 | AF32: =('MD-data'!F38+'MD-data'!F39+'MD-data'!F40+'MD-data'!F41+'MD-data'!F42+'MD-data'!F45+'MD-data'!F46+'MD-data'!F47+'MD-data'!F58)/'MD-data'!F36 -> 0.00020021656 | AG32: =('MD-data'!H38+'MD-data'!H39+'MD-data'!H40+'MD-data'!H41+'MD-data'!H42+'MD-data'!H45+'MD-data'!H46+'MD-data'!H47+'MD-data'!H58)/'MD-data'!H36 -> 0.23696901 | AH32: =('MD-data'!J38+'MD-data'!J39+'MD-data'!J40+'MD-data'!J41+'MD-data'!J42+'MD-data'!J45+'MD-data'!J46+'MD-data'!J47+'MD-data'!J58)/'MD-data'!J36 -> 0.64100069 | AI32: =('MD-data'!L38+'MD-data'!L39+'MD-data'!L40+'MD-data'!L41+'MD-data'!L42+'MD-data'!L45+'MD-data'!L46+'MD-data'!L47+'MD-data'!L58)/'MD-data'!L36 -> 0.002614952 | AJ32: =('MD-data'!N38+'MD-data'!N39+'MD-data'!N40+'MD-data'!N41+'MD-data'!N42+'MD-data'!N45+'MD-data'!N46+'MD-data'!N47+'MD-data'!N58)/'MD-data'!N36 -> 0.25782849 | AK32: =('MD-data'!P38+'MD-data'!P39+'MD-data'!P40+'MD-data'!P41+'MD-data'!P42+'MD-data'!P45+'MD-data'!P46+'MD-data'!P47+'MD-data'!P58)/'MD-data'!P36 -> 0.029165251 | AL32: =('MD-data'!R38+'MD-data'!R39+'MD-data'!R40+'MD-data'!R41+'MD-data'!R42+'MD-data'!R45+'MD-data'!R46+'MD-data'!R47+'MD-data'!R58)/'MD-data'!R36 -> 0.83263696 | AM32: =('MD-data'!T38+'MD-data'!T39+'MD-data'!T40+'MD-data'!T41+'MD-data'!T42+'MD-data'!T45+'MD-data'!T46+'MD-data'!T47+'MD-data'!T58)/'MD-data'!T36 -> 0 | AN32: =('MD-data'!V38+'MD-data'!V39+'MD-data'!V40+'MD-data'!V41+'MD-data'!V42+'MD-data'!V45+'MD-data'!V46+'MD-data'!V47+'MD-data'!V58)/'MD-data'!V36 -> 0.0034108382 | AO32: =('MD-data'!X38+'MD-data'!X39+'MD-data'!X40+'MD-data'!X41+'MD-data'!X42+'MD-data'!X45+'MD-data'!X46+'MD-data'!X47+'MD-data'!X58)/'MD-data'!X36 -> 0.062272508 | AP32: =('MD-data'!Z38+'MD-data'!Z39+'MD-data'!Z40+'MD-data'!Z41+'MD-data'!Z42+'MD-data'!Z45+'MD-data'!Z46+'MD-data'!Z47+'MD-data'!Z58)/'MD-data'!Z36 -> 0.20941248 | AQ32: =('MD-data'!AB38+'MD-data'!AB39+'MD-data'!AB40+'MD-data'!AB41+'MD-data'!AB42+'MD-data'!AB45+'MD-data'!AB46+'MD-data'!AB47+'MD-data'!AB58)/'MD-data'!AB36 -> 8.3338225e-08 | AR32: =('MD-data'!AD38+'MD-data'!AD39+'MD-data'!AD40+'MD-data'!AD41+'MD-data'!AD42+'MD-data'!AD45+'MD-data'!AD46+'MD-data'!AD47+'MD-data'!AD58)/'MD-data'!AD36 -> 0.0027922527 | AS32: =('MD-data'!AF38+'MD-data'!AF39+'MD-data'!AF40+'MD-data'!AF41+'MD-data'!AF42+'MD-data'!AF45+'MD-data'!AF46+'MD-data'!AF47+'MD-data'!AF58)/'MD-data'!AF36 -> 0.20036687 | AT32: =('MD-data'!AH38+'MD-data'!AH39+'MD-data'!AH40+'MD-data'!AH41+'MD-data'!AH42+'MD-data'!AH45+'MD-data'!AH46+'MD-data'!AH47+'MD-data'!AH58)/'MD-data'!AH36 -> 0.0032272272 | AU32: =('MD-data'!AJ38+'MD-data'!AJ39+'MD-data'!AJ40+'MD-data'!AJ41+'MD-data'!AJ42+'MD-data'!AJ45+'MD-data'!AJ46+'MD-data'!AJ47+'MD-data'!AJ58)/'MD-data'!AJ36 -> 0.0022885287 | AV32: =('MD-data'!AL38+'MD-data'!AL39+'MD-data'!AL40+'MD-data'!AL41+'MD-data'!AL42+'MD-data'!AL45+'MD-data'!AL46+'MD-data'!AL47+'MD-data'!AL58)/'MD-data'!AL36 -> 0.0095974567 | AW32: =('MD-data'!AN38+'MD-data'!AN39+'MD-data'!AN40+'MD-data'!AN41+'MD-data'!AN42+'MD-data'!AN45+'MD-data'!AN46+'MD-data'!AN47+'MD-data'!AN58)/'MD-data'!AN36 -> 0.0018168129 | AX32: =('MD-data'!AP38+'MD-data'!AP39+'MD-data'!AP40+'MD-data'!AP41+'MD-data'!AP42+'MD-data'!AP45+'MD-data'!AP46+'MD-data'!AP47+'MD-data'!AP58)/'MD-data'!AP36 -> 0.0094034148 | AY32: =('MD-data'!AR38+'MD-data'!AR39+'MD-data'!AR40+'MD-data'!AR41+'MD-data'!AR42+'MD-data'!AR45+'MD-data'!AR46+'MD-data'!AR47+'MD-data'!AR58)/'MD-data'!AR36 -> 0.001933234 | AZ32: =('MD-data'!AT38+'MD-data'!AT39+'MD-data'!AT40+'MD-data'!AT41+'MD-data'!AT42+'MD-data'!AT45+'MD-data'!AT46+'MD-data'!AT47+'MD-data'!AT58)/'MD-data'!AT36 -> 0.0029419397 | BA32: =('MD-data'!AV38+'MD-data'!AV39+'MD-data'!AV40+'MD-data'!AV41+'MD-data'!AV42+'MD-data'!AV45+'MD-data'!AV46+'MD-data'!AV47+'MD-data'!AV58)/'MD-data'!AV36 -> 0.0011278196 | BB32: =('MD-data'!AX38+'MD-data'!AX39+'MD-data'!AX40+'MD-data'!AX41+'MD-data'!AX42+'MD-data'!AX45+'MD-data'!AX46+'MD-data'!AX47+'MD-data'!AX58)/'MD-data'!AX36 -> 0.068205816 | BC32: =('MD-data'!AZ38+'MD-data'!AZ39+'MD-data'!AZ40+'MD-data'!AZ41+'MD-data'!AZ42+'MD-data'!AZ45+'MD-data'!AZ46+'MD-data'!AZ47+'MD-data'!AZ58)/'MD-data'!AZ36 -> 0.049656951 | BD32: =('MD-data'!BB38+'MD-data'!BB39+'MD-data'!BB40+'MD-data'!BB41+'MD-data'!BB42+'MD-data'!BB45+'MD-data'!BB46+'MD-data'!BB47+'MD-data'!BB58)/'MD-data'!BB36 -> 0.27203976 | BE32: =('MD-data'!BD38+'MD-data'!BD39+'MD-data'!BD40+'MD-data'!BD41+'MD-data'!BD42+'MD-data'!BD45+'MD-data'!BD46+'MD-data'!BD47+'MD-data'!BD58)/'MD-data'!BD36 -> 0 | BF32: =('MD-data'!BF38+'MD-data'!BF39+'MD-data'!BF40+'MD-data'!BF41+'MD-data'!BF42+'MD-data'!BF45+'MD-data'!BF46+'MD-data'!BF47+'MD-data'!BF58)/'MD-data'!BF36 -> 0.13786868 | BG32: =('MD-data'!BH38+'MD-data'!BH39+'MD-data'!BH40+'MD-data'!BH41+'MD-data'!BH42+'MD-data'!BH45+'MD-data'!BH46+'MD-data'!BH47+'MD-data'!BH58)/'MD-data'!BH36 -> 0.19912323 | BH32: =('MD-data'!BJ38+'MD-data'!BJ39+'MD-data'!BJ40+'MD-data'!BJ41+'MD-data'!BJ42+'MD-data'!BJ45+'MD-data'!BJ46+'MD-data'!BJ47+'MD-data'!BJ58)/'MD-data'!BJ36 -> 0.17151306 | BI32: =('MD-data'!BK38+'MD-data'!BK39+'MD-data'!BK40+'MD-data'!BK41+'MD-data'!BK42+'MD-data'!BK45+'MD-data'!BK46+'MD-data'!BK47+'MD-data'!BK58)/'MD-data'!BK36 -> 0.013886165 | BJ32: =('MD-data'!BN38+'MD-data'!BN39+'MD-data'!BN40+'MD-data'!BN41+'MD-data'!BN42+'MD-data'!BN45+'MD-data'!BN46+'MD-data'!BN47+'MD-data'!BN58)/'MD-data'!BN36 -> 0.0068773808 | BK32: =('MD-data'!BP38+'MD-data'!BP39+'MD-data'!BP40+'MD-data'!BP41+'MD-data'!BP42+'MD-data'!BP45+'MD-data'!BP46+'MD-data'!BP47+'MD-data'!BP58)/'MD-data'!BP36 -> 0.4510104 | BL32: =('MD-data'!BR38+'MD-data'!BR39+'MD-data'!BR40+'MD-data'!BR41+'MD-data'!BR42+'MD-data'!BR45+'MD-data'!BR46+'MD-data'!BR47+'MD-data'!BR58)/'MD-data'!BR36 -> 0.83858746 | BM32: =('MD-data'!BT38+'MD-data'!BT39+'MD-data'!BT40+'MD-data'!BT41+'MD-data'!BT42+'MD-data'!BT45+'MD-data'!BT46+'MD-data'!BT47+'MD-data'!BT58)/'MD-data'!BT36 -> 9.1607249e-06 | BN32: =('MD-data'!BV38+'MD-data'!BV39+'MD-data'!BV40+'MD-data'!BV41+'MD-data'!BV42+'MD-data'!BV45+'MD-data'!BV46+'MD-data'!BV47+'MD-data'!BV58)/'MD-data'!BV36 -> 0.0046847434 | BO32: =('MD-data'!BX38+'MD-data'!BX39+'MD-data'!BX40+'MD-data'!BX41+'MD-data'!BX42+'MD-data'!BX45+'MD-data'!BX46+'MD-data'!BX47+'MD-data'!BX58)/'MD-data'!BX36 -> 0.0027981121 | BP32: =('MD-data'!BZ38+'MD-data'!BZ39+'MD-data'!BZ40+'MD-data'!BZ41+'MD-data'!BZ42+'MD-data'!BZ45+'MD-data'!BZ46+'MD-data'!BZ47+'MD-data'!BZ58)/'MD-data'!BZ36 -> 1.3540354e-05 | BQ32: =('MD-data'!CB38+'MD-data'!CB39+'MD-data'!CB40+'MD-data'!CB41+'MD-data'!CB42+'MD-data'!CB45+'MD-data'!CB46+'MD-data'!CB47+'MD-data'!CB58)/'MD-data'!CB36 -> 4.0705682e-05 | BR32: =('MD-data'!CD38+'MD-data'!CD39+'MD-data'!CD40+'MD-data'!CD41+'MD-data'!CD42+'MD-data'!CD45+'MD-data'!CD46+'MD-data'!CD47+'MD-data'!CD58)/'MD-data'!CD36 -> 0.0087997447 | BS32: =('MD-data'!CF38+'MD-data'!CF39+'MD-data'!CF40+'MD-data'!CF41+'MD-data'!CF42+'MD-data'!CF45+'MD-data'!CF46+'MD-data'!CF47+'MD-data'!CF58)/'MD-data'!CF36 -> 0.021020309 | BT32: =('MD-data'!CH38+'MD-data'!CH39+'MD-data'!CH40+'MD-data'!CH41+'MD-data'!CH42+'MD-data'!CH45+'MD-data'!CH46+'MD-data'!CH47+'MD-data'!CH58)/'MD-data'!CH36 -> 0 | BU32: =('MD-data'!CJ38+'MD-data'!CJ39+'MD-data'!CJ40+'MD-data'!CJ41+'MD-data'!CJ42+'MD-data'!CJ45+'MD-data'!CJ46+'MD-data'!CJ47+'MD-data'!CJ58)/'MD-data'!CJ36 -> 0.086186927 | BV32: =('MD-data'!CL38+'MD-data'!CL39+'MD-data'!CL40+'MD-data'!CL41+'MD-data'!CL42+'MD-data'!CL45+'MD-data'!CL46+'MD-data'!CL47+'MD-data'!CL58)/'MD-data'!CL36 -> 0.01177526 | BW32: =('MD-data'!CN38+'MD-data'!CN39+'MD-data'!CN40+'MD-data'!CN41+'MD-data'!CN42+'MD-data'!CN45+'MD-data'!CN46+'MD-data'!CN47+'MD-data'!CN58)/'MD-data'!CN36 -> 0.0031306818 | BX32: =('MD-data'!CP38+'MD-data'!CP39+'MD-data'!CP40+'MD-data'!CP41+'MD-data'!CP42+'MD-data'!CP45+'MD-data'!CP46+'MD-data'!CP47+'MD-data'!CP58)/'MD-data'!CP36 -> 0.025093084 | BY32: =('MD-data'!CR38+'MD-data'!CR39+'MD-data'!CR40+'MD-data'!CR41+'MD-data'!CR42+'MD-data'!CR45+'MD-data'!CR46+'MD-data'!CR47+'MD-data'!CR58)/'MD-data'!CR36 -> 0.031940815 | BZ32: =('MD-data'!CT38+'MD-data'!CT39+'MD-data'!CT40+'MD-data'!CT41+'MD-data'!CT42+'MD-data'!CT45+'MD-data'!CT46+'MD-data'!CT47+'MD-data'!CT58)/'MD-data'!CT36 -> 0.058173446 | CA32: =('MD-data'!CV38+'MD-data'!CV39+'MD-data'!CV40+'MD-data'!CV41+'MD-data'!CV42+'MD-data'!CV45+'MD-data'!CV46+'MD-data'!CV47+'MD-data'!CV58)/'MD-data'!CV36 -> 0.40604672 | CB32: =('MD-data'!CX38+'MD-data'!CX39+'MD-data'!CX40+'MD-data'!CX41+'MD-data'!CX42+'MD-data'!CX45+'MD-data'!CX46+'MD-data'!CX47+'MD-data'!CX58)/'MD-data'!CX36 -> 0.0077995244 | CC32: =('MD-data'!CZ38+'MD-data'!CZ39+'MD-data'!CZ40+'MD-data'!CZ41+'MD-data'!CZ42+'MD-data'!CZ45+'MD-data'!CZ46+'MD-data'!CZ47+'MD-data'!CZ58)/'MD-data'!CZ36 -> 0.0028916915 | CF32: =SMALL($AF32:$CC32,CF$1) -> 0 | CG32: =SMALL($AF32:$CC32,CG$1) -> 0 | CH32: =SMALL($AF32:$CC32,CH$1) -> 0 | CI32: =SMALL($AF32:$CC32,CI$1) -> 8.3338225e-08 | CJ32: =SMALL($AF32:$CC32,CJ$1) -> 9.1607249e-06 | CK32: =SMALL($AF32:$CC32,CK$1) -> 1.3540354e-05 | CL32: =SMALL($AF32:$CC32,CL$1) -> 4.0705682e-05 | CM32: =SMALL($AF32:$CC32,CM$1) -> 0.00020021656 | ... EC32: =SMALL($AF32:$CC32,EC$1) -> 0.83858746 | EF32: =IFERROR(CG32/CF32,"") | EG32: =IFERROR(CH32/CG32,"") | EH32: =IFERROR(CI32/CH32,"") | EI32: =IFERROR(CJ32/CI32,"") -> 109.92225 | EJ32: =IFERROR(CK32/CJ32,"") -> 1.4780876 | EK32: =IFERROR(CL32/CK32,"") -> 3.0062495 | EL32: =IFERROR(CM32/CL32,"") -> 4.9186391 | EM32: =IFERROR(CN32/CM32,"") -> 5.6329985 | ... GB32: =IFERROR(EC32/EB32,"") -> 1.0071466
C33: 0.1 | D33: Debt-to-EBITDA Ratio | E33: Total Debt / Earnings Before Interest Taxes Depreciation & Amortization | G33: -, 1/2 points if negative | H33: one-tailed | L33: =QUARTILE($AF33:$CC33,L$2) -> -54.854617 | M33: =QUARTILE($AF33:$CC33,M$2) -> -0.0061906366 | N33: =QUARTILE($AF33:$CC33,N$2) -> 0.036137903 | O33: =QUARTILE($AF33:$CC33,O$2) -> 0.83945289 | P33: =QUARTILE($AF33:$CC33,P$2) -> 1304.1966 | R33: =(T33-S33)^2 -> 8.0408911e-09 | S33: =(U33-1)/LN(U33) -> 56.584671 | T33: {=((AVERAGE(IF((AF33:CC33>=0)*(AF33:CC33<Y33),AF33:CC33))-MIN(IF((AF33:CC33>=0)*(AF33:CC33<Y33),AF33:CC33)))/(MAX(IF((AF33:CC33>=0)*(AF33:CC33<Y33),AF33:CC33))-MIN(IF((AF33:CC33>=0)*(AF33:CC33<Y33),AF33:CC33))))^(-3/2)} -> 56.584761 | U33: 328.96138 | V33: =AVERAGE(AF33:CC33) -> 27.587554 | Y33: {=Z33*(AVERAGE(IF($EF33:$GB33<=QUARTILE($EF33:$GB33,3)+X$1*(QUARTILE($EF33:$GB33,3)-QUARTILE($EF33:$GB33,1)),$EF33:$GB33,"")))^(COUNT($AF33:$CC33)/4)} -> 97.081783 | Z33: {=AA33*AVERAGE(IF($EF33:$GB33<=QUARTILE($EF33:$GB33,3),$EF33:$GB33,""))^(COUNTIFS($AF33:$CC33,">=0")/4)} -> 2.3542398 | AA33: {=QUARTILE(IF($AF33:$CC33>=0,$AF33:$CC33,""),2)} -> 0.32187866 | AB33: {=AA33/AVERAGE(IF($EF33:$GB33<=QUARTILE($EF33:$GB33,3),$EF33:$GB33,""))^(COUNTIFS($AF33:$CC33,">=0")/4)} -> 0.044008207 | AC33: 0 | AF33: =('MD-data'!F38+'MD-data'!F39+'MD-data'!F40+'MD-data'!F41+'MD-data'!F42+'MD-data'!F45+'MD-data'!F46+'MD-data'!F47+'MD-data'!F58+'MD-data'!F55)/('MD-data'!F85+'MD-data'!F88) -> 0.015088771 | AG33: =('MD-data'!H38+'MD-data'!H39+'MD-data'!H40+'MD-data'!H41+'MD-data'!H42+'MD-data'!H45+'MD-data'!H46+'MD-data'!H47+'MD-data'!H58+'MD-data'!H55)/('MD-data'!H85+'MD-data'!H88) -> 4.6940698 | AH33: =('MD-data'!J38+'MD-data'!J39+'MD-data'!J40+'MD-data'!J41+'MD-data'!J42+'MD-data'!J45+'MD-data'!J46+'MD-data'!J47+'MD-data'!J58+'MD-data'!J55)/('MD-data'!J85+'MD-data'!J88) -> -46.715953 | AI33: =('MD-data'!L38+'MD-data'!L39+'MD-data'!L40+'MD-data'!L41+'MD-data'!L42+'MD-data'!L45+'MD-data'!L46+'MD-data'!L47+'MD-data'!L58+'MD-data'!L55)/('MD-data'!L85+'MD-data'!L88) -> -0.12868508 | AJ33: 0 | AK33: =('MD-data'!P38+'MD-data'!P39+'MD-data'!P40+'MD-data'!P41+'MD-data'!P42+'MD-data'!P45+'MD-data'!P46+'MD-data'!P47+'MD-data'!P58+'MD-data'!P55)/('MD-data'!P85+'MD-data'!P88) -> -0.10899207 | AL33: =('MD-data'!R38+'MD-data'!R39+'MD-data'!R40+'MD-data'!R41+'MD-data'!R42+'MD-data'!R45+'MD-data'!R46+'MD-data'!R47+'MD-data'!R58+'MD-data'!R55)/('MD-data'!R85+'MD-data'!R88) -> 80.381781 | AM33: =('MD-data'!T38+'MD-data'!T39+'MD-data'!T40+'MD-data'!T41+'MD-data'!T42+'MD-data'!T45+'MD-data'!T46+'MD-data'!T47+'MD-data'!T58+'MD-data'!T55)/('MD-data'!T85+'MD-data'!T88) -> 0 | AN33: =('MD-data'!V38+'MD-data'!V39+'MD-data'!V40+'MD-data'!V41+'MD-data'!V42+'MD-data'!V45+'MD-data'!V46+'MD-data'!V47+'MD-data'!V58+'MD-data'!V55)/('MD-data'!V85+'MD-data'!V88) -> 0.17351374 | AO33: =('MD-data'!X38+'MD-data'!X39+'MD-data'!X40+'MD-data'!X41+'MD-data'!X42+'MD-data'!X45+'MD-data'!X46+'MD-data'!X47+'MD-data'!X58+'MD-data'!X55)/('MD-data'!X85+'MD-data'!X88) -> -4.0745144 | AP33: =('MD-data'!Z38+'MD-data'!Z39+'MD-data'!Z40+'MD-data'!Z41+'MD-data'!Z42+'MD-data'!Z45+'MD-data'!Z46+'MD-data'!Z47+'MD-data'!Z58+'MD-data'!Z55)/('MD-data'!Z85+'MD-data'!Z88) -> 1304.1966 | AQ33: =('MD-data'!AB38+'MD-data'!AB39+'MD-data'!AB40+'MD-data'!AB41+'MD-data'!AB42+'MD-data'!AB45+'MD-data'!AB46+'MD-data'!AB47+'MD-data'!AB58+'MD-data'!AB55)/('MD-data'!AB85+'MD-data'!AB88) -> 5.9177864e-06 | AR33: =('MD-data'!AD38+'MD-data'!AD39+'MD-data'!AD40+'MD-data'!AD41+'MD-data'!AD42+'MD-data'!AD45+'MD-data'!AD46+'MD-data'!AD47+'MD-data'!AD58+'MD-data'!AD55)/('MD-data'!AD85+'MD-data'!AD88) -> 0.023368715 | AS33: =('MD-data'!AF38+'MD-data'!AF39+'MD-data'!AF40+'MD-data'!AF41+'MD-data'!AF42+'MD-data'!AF45+'MD-data'!AF46+'MD-data'!AF47+'MD-data'!AF58+'MD-data'!AF55)/('MD-data'!AF85+'MD-data'!AF88) -> -54.854617 | AT33: =('MD-data'!AH38+'MD-data'!AH39+'MD-data'!AH40+'MD-data'!AH41+'MD-data'!AH42+'MD-data'!AH45+'MD-data'!AH46+'MD-data'!AH47+'MD-data'!AH58+'MD-data'!AH55)/('MD-data'!AH85+'MD-data'!AH88) -> 0.030851017 | AU33: =('MD-data'!AJ38+'MD-data'!AJ39+'MD-data'!AJ40+'MD-data'!AJ41+'MD-data'!AJ42+'MD-data'!AJ45+'MD-data'!AJ46+'MD-data'!AJ47+'MD-data'!AJ58+'MD-data'!AJ55)/('MD-data'!AJ85+'MD-data'!AJ88) -> 0.041424789 | AV33: =('MD-data'!AL38+'MD-data'!AL39+'MD-data'!AL40+'MD-data'!AL41+'MD-data'!AL42+'MD-data'!AL45+'MD-data'!AL46+'MD-data'!AL47+'MD-data'!AL58+'MD-data'!AL55)/('MD-data'!AL85+'MD-data'!AL88) -> 0.37640257 | AW33: =('MD-data'!AN38+'MD-data'!AN39+'MD-data'!AN40+'MD-data'!AN41+'MD-data'!AN42+'MD-data'!AN45+'MD-data'!AN46+'MD-data'!AN47+'MD-data'!AN58+'MD-data'!AN55)/('MD-data'!AN85+'MD-data'!AN88) -> 0.079887564 | AX33: =('MD-data'!AP38+'MD-data'!AP39+'MD-data'!AP40+'MD-data'!AP41+'MD-data'!AP42+'MD-data'!AP45+'MD-data'!AP46+'MD-data'!AP47+'MD-data'!AP58+'MD-data'!AP55)/('MD-data'!AP85+'MD-data'!AP88) -> 0.56580012 | AY33: =('MD-data'!AR38+'MD-data'!AR39+'MD-data'!AR40+'MD-data'!AR41+'MD-data'!AR42+'MD-data'!AR45+'MD-data'!AR46+'MD-data'!AR47+'MD-data'!AR58+'MD-data'!AR55)/('MD-data'!AR85+'MD-data'!AR88) -> 0.017144247 | AZ33: =('MD-data'!AT38+'MD-data'!AT39+'MD-data'!AT40+'MD-data'!AT41+'MD-data'!AT42+'MD-data'!AT45+'MD-data'!AT46+'MD-data'!AT47+'MD-data'!AT58+'MD-data'!AT55)/('MD-data'!AT85+'MD-data'!AT88) -> -0.21943908 | BA33: =('MD-data'!AV38+'MD-data'!AV39+'MD-data'!AV40+'MD-data'!AV41+'MD-data'!AV42+'MD-data'!AV45+'MD-data'!AV46+'MD-data'!AV47+'MD-data'!AV58+'MD-data'!AV55)/('MD-data'!AV85+'MD-data'!AV88) -> 0.0043387559 | BB33: =('MD-data'!AX38+'MD-data'!AX39+'MD-data'!AX40+'MD-data'!AX41+'MD-data'!AX42+'MD-data'!AX45+'MD-data'!AX46+'MD-data'!AX47+'MD-data'!AX58+'MD-data'!AX55)/('MD-data'!AX85+'MD-data'!AX88) -> -0.5142498 | BC33: =('MD-data'!AZ38+'MD-data'!AZ39+'MD-data'!AZ40+'MD-data'!AZ41+'MD-data'!AZ42+'MD-data'!AZ45+'MD-data'!AZ46+'MD-data'!AZ47+'MD-data'!AZ58+'MD-data'!AZ55)/('MD-data'!AZ85+'MD-data'!AZ88) -> 1.2536667 | BD33: =('MD-data'!BB38+'MD-data'!BB39+'MD-data'!BB40+'MD-data'!BB41+'MD-data'!BB42+'MD-data'!BB45+'MD-data'!BB46+'MD-data'!BB47+'MD-data'!BB58+'MD-data'!BB55)/('MD-data'!BB85+'MD-data'!BB88) -> -4.6273088 | BE33: =('MD-data'!BD38+'MD-data'!BD39+'MD-data'!BD40+'MD-data'!BD41+'MD-data'!BD42+'MD-data'!BD45+'MD-data'!BD46+'MD-data'!BD47+'MD-data'!BD58+'MD-data'!BD55)/('MD-data'!BD85+'MD-data'!BD88) -> 0 | BF33: =('MD-data'!BF38+'MD-data'!BF39+'MD-data'!BF40+'MD-data'!BF41+'MD-data'!BF42+'MD-data'!BF45+'MD-data'!BF46+'MD-data'!BF47+'MD-data'!BF58+'MD-data'!BF55)/('MD-data'!BF85+'MD-data'!BF88) -> 0.87045988 | BG33: =('MD-data'!BH38+'MD-data'!BH39+'MD-data'!BH40+'MD-data'!BH41+'MD-data'!BH42+'MD-data'!BH45+'MD-data'!BH46+'MD-data'!BH47+'MD-data'!BH58+'MD-data'!BH55)/('MD-data'!BH85+'MD-data'!BH88) -> 60.463236 | BH33: =('MD-data'!BJ38+'MD-data'!BJ39+'MD-data'!BJ40+'MD-data'!BJ41+'MD-data'!BJ42+'MD-data'!BJ45+'MD-data'!BJ46+'MD-data'!BJ47+'MD-data'!BJ58+'MD-data'!BJ55)/('MD-data'!BJ85+'MD-data'!BJ88) -> 6.6099633 | BI33: =('MD-data'!BK38+'MD-data'!BK39+'MD-data'!BK40+'MD-data'!BK41+'MD-data'!BK42+'MD-data'!BK45+'MD-data'!BK46+'MD-data'!BK47+'MD-data'!BK58+'MD-data'!BK55)/('MD-data'!BK85+'MD-data'!BK88) -> 1.1506417 | BJ33: =('MD-data'!BN38+'MD-data'!BN39+'MD-data'!BN40+'MD-data'!BN41+'MD-data'!BN42+'MD-data'!BN45+'MD-data'!BN46+'MD-data'!BN47+'MD-data'!BN58+'MD-data'!BN55)/('MD-data'!BN85+'MD-data'!BN88) -> 0.041640071 | BK33: =('MD-data'!BP38+'MD-data'!BP39+'MD-data'!BP40+'MD-data'!BP41+'MD-data'!BP42+'MD-data'!BP45+'MD-data'!BP46+'MD-data'!BP47+'MD-data'!BP58+'MD-data'!BP55)/('MD-data'!BP85+'MD-data'!BP88) -> -2.1889023 | BL33: =('MD-data'!BR38+'MD-data'!BR39+'MD-data'!BR40+'MD-data'!BR41+'MD-data'!BR42+'MD-data'!BR45+'MD-data'!BR46+'MD-data'!BR47+'MD-data'!BR58+'MD-data'!BR55)/('MD-data'!BR85+'MD-data'!BR88) -> 14.232416 | BM33: =('MD-data'!BT38+'MD-data'!BT39+'MD-data'!BT40+'MD-data'!BT41+'MD-data'!BT42+'MD-data'!BT45+'MD-data'!BT46+'MD-data'!BT47+'MD-data'!BT58+'MD-data'!BT55)/('MD-data'!BT85+'MD-data'!BT88) -> 4.9672986e-05 | BN33: =('MD-data'!BV38+'MD-data'!BV39+'MD-data'!BV40+'MD-data'!BV41+'MD-data'!BV42+'MD-data'!BV45+'MD-data'!BV46+'MD-data'!BV47+'MD-data'!BV58+'MD-data'!BV55)/('MD-data'!BV85+'MD-data'!BV88) -> 0.32187866 | BO33: =('MD-data'!BX38+'MD-data'!BX39+'MD-data'!BX40+'MD-data'!BX41+'MD-data'!BX42+'MD-data'!BX45+'MD-data'!BX46+'MD-data'!BX47+'MD-data'!BX58+'MD-data'!BX55)/('MD-data'!BX85+'MD-data'!BX88) -> 0.1040392 | BP33: =('MD-data'!BZ38+'MD-data'!BZ39+'MD-data'!BZ40+'MD-data'!BZ41+'MD-data'!BZ42+'MD-data'!BZ45+'MD-data'!BZ46+'MD-data'!BZ47+'MD-data'!BZ58+'MD-data'!BZ55)/('MD-data'!BZ85+'MD-data'!BZ88) -> 4.7716103e-05 | BQ33: =('MD-data'!CB38+'MD-data'!CB39+'MD-data'!CB40+'MD-data'!CB41+'MD-data'!CB42+'MD-data'!CB45+'MD-data'!CB46+'MD-data'!CB47+'MD-data'!CB58+'MD-data'!CB55)/('MD-data'!CB85+'MD-data'!CB88) -> -0.0082541822 | BR33: =('MD-data'!CD38+'MD-data'!CD39+'MD-data'!CD40+'MD-data'!CD41+'MD-data'!CD42+'MD-data'!CD45+'MD-data'!CD46+'MD-data'!CD47+'MD-data'!CD58+'MD-data'!CD55)/('MD-data'!CD85+'MD-data'!CD88) -> 0.30626633 | BS33: =('MD-data'!CF38+'MD-data'!CF39+'MD-data'!CF40+'MD-data'!CF41+'MD-data'!CF42+'MD-data'!CF45+'MD-data'!CF46+'MD-data'!CF47+'MD-data'!CF58+'MD-data'!CF55)/('MD-data'!CF85+'MD-data'!CF88) -> 4.7916414 | BT33: =('MD-data'!CH38+'MD-data'!CH39+'MD-data'!CH40+'MD-data'!CH41+'MD-data'!CH42+'MD-data'!CH45+'MD-data'!CH46+'MD-data'!CH47+'MD-data'!CH58+'MD-data'!CH55)/('MD-data'!CH85+'MD-data'!CH88) -> 0 | BU33: =('MD-data'!CJ38+'MD-data'!CJ39+'MD-data'!CJ40+'MD-data'!CJ41+'MD-data'!CJ42+'MD-data'!CJ45+'MD-data'!CJ46+'MD-data'!CJ47+'MD-data'!CJ58+'MD-data'!CJ55)/('MD-data'!CJ85+'MD-data'!CJ88) -> 1.8589426 | BV33: =('MD-data'!CL38+'MD-data'!CL39+'MD-data'!CL40+'MD-data'!CL41+'MD-data'!CL42+'MD-data'!CL45+'MD-data'!CL46+'MD-data'!CL47+'MD-data'!CL58+'MD-data'!CL55)/('MD-data'!CL85+'MD-data'!CL88) -> 0.47242218 | BW33: =('MD-data'!CN38+'MD-data'!CN39+'MD-data'!CN40+'MD-data'!CN41+'MD-data'!CN42+'MD-data'!CN45+'MD-data'!CN46+'MD-data'!CN47+'MD-data'!CN58+'MD-data'!CN55)/('MD-data'!CN85+'MD-data'!CN88) -> -0.026201867 | BX33: =('MD-data'!CP38+'MD-data'!CP39+'MD-data'!CP40+'MD-data'!CP41+'MD-data'!CP42+'MD-data'!CP45+'MD-data'!CP46+'MD-data'!CP47+'MD-data'!CP58+'MD-data'!CP55)/('MD-data'!CP85+'MD-data'!CP88) -> 0.47003456 | BY33: =('MD-data'!CR38+'MD-data'!CR39+'MD-data'!CR40+'MD-data'!CR41+'MD-data'!CR42+'MD-data'!CR45+'MD-data'!CR46+'MD-data'!CR47+'MD-data'!CR58+'MD-data'!CR55)/('MD-data'!CR85+'MD-data'!CR88) -> -7.3973129 | BZ33: =('MD-data'!CT38+'MD-data'!CT39+'MD-data'!CT40+'MD-data'!CT41+'MD-data'!CT42+'MD-data'!CT45+'MD-data'!CT46+'MD-data'!CT47+'MD-data'!CT58+'MD-data'!CT55)/('MD-data'!CT85+'MD-data'!CT88) -> 1.295365 | CA33: =('MD-data'!CV38+'MD-data'!CV39+'MD-data'!CV40+'MD-data'!CV41+'MD-data'!CV42+'MD-data'!CV45+'MD-data'!CV46+'MD-data'!CV47+'MD-data'!CV58+'MD-data'!CV55)/('MD-data'!CV85+'MD-data'!CV88) -> 14.940407 | CB33: =('MD-data'!CX38+'MD-data'!CX39+'MD-data'!CX40+'MD-data'!CX41+'MD-data'!CX42+'MD-data'!CX45+'MD-data'!CX46+'MD-data'!CX47+'MD-data'!CX58+'MD-data'!CX55)/('MD-data'!CX85+'MD-data'!CX88) -> -0.28772923 | CC33: =('MD-data'!CZ38+'MD-data'!CZ39+'MD-data'!CZ40+'MD-data'!CZ41+'MD-data'!CZ42+'MD-data'!CZ45+'MD-data'!CZ46+'MD-data'!CZ47+'MD-data'!CZ58+'MD-data'!CZ55)/('MD-data'!CZ85+'MD-data'!CZ88) -> 0.74643193 | CF33: {=IFERROR(SMALL(IF($AF33:$CC33>=0,$AF33:$CC33,""),CF$1),"")} -> 0 | CG33: {=IFERROR(SMALL(IF($AF33:$CC33>=0,$AF33:$CC33,""),CG$1),"")} -> 0 | CH33: {=IFERROR(SMALL(IF($AF33:$CC33>=0,$AF33:$CC33,""),CH$1),"")} -> 0 | CI33: {=IFERROR(SMALL(IF($AF33:$CC33>=0,$AF33:$CC33,""),CI$1),"")} -> 0 | CJ33: {=IFERROR(SMALL(IF($AF33:$CC33>=0,$AF33:$CC33,""),CJ$1),"")} -> 5.9177864e-06 | CK33: {=IFERROR(SMALL(IF($AF33:$CC33>=0,$AF33:$CC33,""),CK$1),"")} -> 4.7716103e-05 | CL33: {=IFERROR(SMALL(IF($AF33:$CC33>=0,$AF33:$CC33,""),CL$1),"")} -> 4.9672986e-05 | CM33: {=IFERROR(SMALL(IF($AF33:$CC33>=0,$AF33:$CC33,""),CM$1),"")} -> 0.0043387559 | ... EC33: {=IFERROR(SMALL(IF($AF33:$CC33>=0,$AF33:$CC33,""),EC$1),"")} | EF33: =IFERROR(CG33/CF33,"") | EG33: =IFERROR(CH33/CG33,"") | EH33: =IFERROR(CI33/CH33,"") | EI33: =IFERROR(CJ33/CI33,"") | EJ33: =IFERROR(CK33/CJ33,"") -> 8.0631675 | EK33: =IFERROR(CL33/CK33,"") -> 1.041011 | EL33: =IFERROR(CM33/CL33,"") -> 87.346388 | EM33: =IFERROR(CN33/CM33,"") -> 3.4776723 | ... GB33: =IFERROR(EC33/EB33,"")
C34: Leverage total
